Workbook
Name AcctSoftware: schedule18!$Q$7:$Q$39
Name adultfed: data!$R$8:$R$14997
Name adultstate: data!$V$8:$V$14997
Name cbprojreimb: reports!$C$55
Name circuitbreaker: data!$X$8:$X$14997
Name citytwn: data!$I$8:$I$14997
Name code436: calcmisc!$A$38:$E$476
Name day: data!$C$8:$C$14947
Name daypct: calcmisc!$E$16
Name daypctbud: calcmisc!$F$16
Name doefed: data!$Q$8:$Q$14997
Name doestate: data!$U$8:$U$14997
Name ESSERG: data!$O$8:$O$14997
Name ESSERI: data!$L$8:$L$14997
Name ESSERII: data!$M$8:$M$14997
Name ESSERIII: data!$N$8:$N$14997
Name GEER: data!$P$8:$P$14997
Name IDEA: data!$K$8:$K$14997
Name lines: data!$B$8:$B$14998
Name occday: data!$E$8:$E$14987
Name other: data!$F$632:$F$14997
Name otherfed: data!$S$8:$S$14997
Name otherreceipts: data!$AA$8:$AA$14997
Name otherstate: data!$W$8:$W$14997
Name Print_sch3_school: schedule3!$C$5:$AD$170
Name Print_sch3_total: schedule3_total!$A$5:$AB$170
Name Print_Titles_Expall: 'eoy24'!$A$1234:$O$1239
Name Print_Titles_Sch1: 'eoy24'!$A$9:$J$13
Name Print_Titles_Sch18: schedule18!$B$2:$H$6
Name Print_Titles_Sch19: 'eoy24'!$A$1093:$J$1097
Name Print_Titles_Sch19reg: 'eoy24'!$A$1198:$L$1202
Name Print_Titles_Sch19rev: 'eoy24'!$A$1179:$J$1183
Name Print_Titles_Sch1grnts: 'eoy24'!$A$541:$Q$546
Name Print_Titles_Sch1mun: 'eoy24'!$A$476:$J$480
Name Print_Titles_Sch1sc: 'eoy24'!$A$55:$J$59
Name Print_Titles_Sch2: 'eoy24'!$A$635:$J$638
Name Print_Titles_Sch20: schedule20!$C$9:$S$15
Name Print_Titles_Sch3grnts: 'eoy24'!$A$834:$O$839
Name Print_Titles_Sch3scct: 'eoy24'!$A$670:$K$674
Name Print_Titles_Sch4: 'eoy24'!$A$999:$M$1004
Name Print_Titles_Sch7: 'eoy24'!$A$1026:$M$1034
Name printall: 'eoy24'!$A$1:$O$1294
Name private: data!$Y$8:$Y$14997
Name projfacaid: calcmisc!$E$35
Name scadmin: calcmisc!$E$29
Name schchoice: data!$Z$8:$Z$14997
Name schcomm: data!$H$8:$H$14997
Name schools: schools!$B$2:$F$226
Name special: data!$D$8:$D$14947
Name TitleI: data!$J$8:$J$14997
Name totalexp: data!$T$8:$T$14997
Name undist: data!$G$632:$G$14997

Sheet comments
A1: Please feel free to include comments concerning anything you'd like School Business Services or School Finance to know about.
A2: We're especially interested in anything related to your thoughts about this year's file format and any clarifications concerning the data
A3: that your district has submitted.
A4: Please indicate your name and if you are a new School Business Offical
A5: Name:
A6: New SBO: | D6: If comment is related to edits, provide the edit number(s) here
A7: Comment added by: | B7: Date | C7: Comments
M814: 17 | N814: 18
G1063: 4 | H1063: 5 | I1063: 6
G1106: 4 | H1106: 5 | I1106: 6
G1146: 4 | H1146: 5 | I1146: 6

Sheet eoy24
C1: Copyright 2024 by Massachusetts Department of Elementary and Secondary Education. Permission is hereby granted to Massachusetts public school officials to
C2: to reproduce this document as needed to complete the 2023-2024 End of Year Financial Report. All other rights reserved.
A4: Massachusetts Department of Elementary and Secondary Education
A5: FY24 END OF YEAR FINANCIAL REPORT
C7: 162 | D7: Lunenburg | G7: For all related information go to: | H7: http://www.doe.mass.edu/finance/accounting/eoy/?fy=2024
C9: SCHEDULE 1 | E9: 1 | F9: 2 | G9: 3 | H9: 4 | I9: 5 | J9: 6
C10: REVENUE AND EXPENDITURE SUMMARY | H10: ADULT ED.
G11: CH 74 VOC- | H11: AND
E12: REGULAR | F12: SPECIAL | G12: ATIONAL/ | H12: OTHER | I12: UNDISTRIB-
C13: I. REVENUES | E13: DAY | F13: EDUCATION | G13: TECHNICAL | H13: PROGRAMS | I13: UTED | J13: TOTAL
A14: Row | C14: Line | D14: A. REVENUE FROM LOCAL SOURCES
A15: 15 | C15: 10 | D15: Assessments Received by Regional Schools | J15: =ROUND(I15,0) -> 0
A16: 16 | C16: 20 | D16: E & D Fund Appropriations FY23: Revenues to Regional District | J16: =ROUND(I16,0) -> 0
A17: 17 | C17: 30 | D17: Tuition From Individuals | J17: =ROUND(SUM(E17:I17),0) -> 0
A18: 18 | C18: 40 | D18: Tuition From Other Districts in Comm. | I18: 54487 | J18: =ROUND(SUM(E18:I18),0) -> 54487
A19: 19 | C19: 50 | D19: Tuition From Districts in Other States | J19: =ROUND(SUM(E19:I19),0) -> 0
A20: 20 | C20: 60 | D20: Previous Yr Unexpended Encumbrances (Carry Forward) | I20: 31705 | J20: =ROUND(I20,0) -> 31705
A21: 21 | C21: 70 | D21: Transportation Fees | J21: =ROUND(SUM(E21:I21),0) -> 0
A22: 22 | C22: 80 | D22: Earnings on Investments | J22: =ROUND(I22,0) -> 0
A23: 23 | C23: 90 | D23: Rental of School Facilities | I23: 80426.16 | J23: =ROUND(I23,0) -> 80426
A24: 24 | C24: 100 | D24: Other Revenue | I24: 4422 | J24: =ROUND(SUM(E24:I24),0) -> 4422
A25: 25 | C25: 101 | D25: Medical Care and Assistance | J25: =ROUND(F25,0) -> 0
A26: 26 | C26: 105 | D26: Non Revenue Receipts | J26: =ROUND(I26,0) -> 0
A27: 27 | C27: 110 | D27: TOTAL REVENUE FROM LOCAL SOURCES | E27: =ROUND(SUM(E17:E19)+E21+E24,0) -> 0 | F27: =ROUND(SUM(F17:F19)+F21+F24+F25,0) -> 0 | G27: =ROUND(SUM(G17:G19)+G21+G24,0) -> 0 | H27: =ROUND(SUM(H17:H19)+H21+H24,0) -> 0 | I27: =ROUND(SUM(I15:I24)+I26,0) -> 171040 | J27: =ROUND(SUM(E27:I27),0) -> 171040
D28: B. REVENUE FROM STATE AID | E28: ------------------------State aid is not reported by program -----------------------
A29: 29 | C29: 125 | D29: School Aid (Chapter 70) | I29: 8819128 | J29: =ROUND(I29,0) -> 8819128
A30: 30 | C30: 130 | D30: Mass. School Building Authority Construction Aid | E30: Contract | H30: Other | J30: =ROUND(F30+I30,0) -> 0
A31: 31 | C31: 140 | D31: Pupil Transportation (Ch. 71,71A,71B,74) | I31: 24914.75 | J31: =ROUND(I31,0) -> 24915
A32: 32 | C32: 170 | D32: Charter Tuition Reimbursements and Facilities Aid | E32: Charter Reimb | F32: 40755 | H32: Facilities | I32: 32765 | J32: =ROUND(F32+I32,0) -> 73520
A33: 33 | C33: 180 | D33: Circuit Breaker | I33: 401966 | J33: =ROUND(I33,0) -> 401966
A34: 34 | C34: 190 | D34: Foundation Reserve, State Impact Aid, and Regional Bonus Aid | I34: 0 | J34: =ROUND(I34,0) -> 0
A35: 35 | C35: 200 | D35: TOTAL REVENUE FROM STATE AID | J35: =ROUND(SUM(J29:J34),0) -> 9319529
D37: C. REVENUE FROM FEDERAL GRANTS
A38: 38 | C38: 300 | D38: DESE Administered Grants | E38: 220011 | F38: 612390.58 | G38: 0 | I38: 783650 | J38: =ROUND(SUM(E38:I38),0) -> 1616052
A39: 39 | C39: 481 | D39: Other Federal Grants | I39: 1878905 | J39: =ROUND(SUM(E39:I39),0) -> 1878905
A40: 40 | C40: 490 | D40: TOTAL REVENUE FEDERAL GRANTS | E40: =ROUND(E38+E39,0) -> 220011 | F40: =ROUND(F38+F39,0) -> 612391 | G40: =ROUND(G38+G39,0) -> 0 | H40: =ROUND(H38+H39,0) -> 0 | I40: =ROUND(I38+I39,0) -> 2662555 | J40: =ROUND(SUM(E40:I40),0) -> 3494957
D41: D. REVENUE FROM STATE GRANTS
A42: 42 | C42: 510 | D42: DESE Administered Grants | E42: 5200 | F42: 0 | G42: 0 | I42: 25000 | J42: =ROUND(SUM(E42:I42),0) -> 30200
A43: 43 | C43: 590 | D43: Other State Grants | J43: =ROUND(SUM(E43:I43),0) -> 0
A44: 44 | C44: 600 | D44: TOTAL REVENUE STATE GRANTS | E44: =ROUND(E42+E43,0) -> 5200 | F44: =ROUND(F42+F43,0) -> 0 | G44: =ROUND(G42+G43,0) -> 0 | H44: =ROUND(H42+H43,0) -> 0 | I44: =ROUND(I42+I43,0) -> 25000 | J44: =ROUND(SUM(E44:I44),0) -> 30200
D45: E. REVENUE- REVOLVING & SPECIAL FUNDS
A46: 46 | C46: 610 | D46: School Lunch Receipts | J46: =ROUND(I46,0) -> 0
A47: 47 | C47: 620 | D47: Athletic Receipts | J47: =ROUND(I47,0) -> 0
A48: 48 | C48: 630 | D48: Tuition Receipts-School Choice | E48: 77700 | F48: 17211.479 | G48: 0 | J48: =ROUND(SUM(E48:G48),0) -> 94911
A49: 49 | C49: 640 | D49: Tuition Receipts-Other | J49: =ROUND(SUM(E49:I49),0) -> 0
A50: 50 | C50: 650 | D50: Other Local Receipts | J50: =ROUND(SUM(E50:I50),0) -> 0
A51: 51 | C51: 660 | D51: Private Grants | E51: 0 | F51: 0 | G51: 0 | I51: 136583 | J51: =ROUND(SUM(E51:I51),0) -> 136583
A52: 52 | C52: 670 | D52: TOTAL REVENUE REVOLVING & SPECIAL FUNDS | E52: =ROUND(SUM(E48:E51),0) -> 77700 | F52: =ROUND(SUM(F48:F51),0) -> 17211 | G52: =ROUND(SUM(G48:G51),0) -> 0 | H52: =ROUND(SUM(H49:H51),0) -> 0 | I52: =ROUND(I46+I47+SUM(I49:I51),0) -> 136583 | J52: =ROUND(SUM(E52:I52),0) -> 231494
C55: SCHEDULE 1 | E55: 1 | F55: 2 | G55: 3 | H55: 4 | I55: 5 | J55: 6
C56: REVENUE AND EXPENDITURE SUMMARY | H56: ADULT ED.
G57: CH 74 VOC- | H57: AND
C58: II. EXPENDITURES | E58: REGULAR | F58: SPECIAL | G58: ATIONAL/ | H58: OTHER | I58: UNDISTRIB-
C59: A. BY SCHOOL COMMITTEE | E59: DAY | F59: EDUCATION | G59: TECHNICAL | H59: PROGRAMS | I59: UTED | J59: TOTAL
D60: School Committee (1110)
A61: 61 | C61: 702 | D61: Clerical Salaries (02) | J61: =ROUND(I61,0) -> 0
A62: 62 | C62: 703 | D62: Other Salaries (03) | J62: =ROUND(I62,0) -> 0
A63: 63 | C63: 704 | D63: Contracted Services (04) | J63: =ROUND(I63,0) -> 0
A64: 64 | C64: 705 | D64: Supplies and Materials (05) | I64: 40 | J64: =ROUND(I64,0) -> 40
A65: 65 | C65: 706 | D65: Other Expenses (06) | I65: 2296.19 | J65: =ROUND(I65,0) -> 2296
A66: 66 | C66: 709 | D66: Sub-total | I66: =ROUND(SUM(I61:I65),0) -> 2336 | J66: =ROUND(I66,0) -> 2336
D67: Superintendent (1210)
A68: 68 | C68: 721 | D68: Professional Salaries (01) | I68: 177000 | J68: =ROUND(I68,0) -> 177000
A69: 69 | C69: 722 | D69: Clerical Salaries (02) | I69: =185201.14+764.94 -> 185966.08 | J69: =ROUND(I69,0) -> 185966
A70: 70 | C70: 723 | D70: Other Salaries (03) | J70: =ROUND(I70,0) -> 0
A71: 71 | C71: 724 | D71: Contracted Services (04) | J71: =ROUND(I71,0) -> 0
A72: 72 | C72: 725 | D72: Supplies and Materials (05) | I72: 463.6 | J72: =ROUND(I72,0) -> 464
A73: 73 | C73: 726 | D73: Other Expenses (06) | I73: =5622.32+11191 -> 16813.32 | J73: =ROUND(I73,0) -> 16813
A74: 74 | C74: 729 | D74: Sub-total | I74: =ROUND(SUM(I68:I73),0) -> 380243 | J74: =ROUND(I74,0) -> 380243
D75: Assistant Superintendents (1220)
A76: 76 | C76: 741 | D76: Professional Salaries (01) | J76: =ROUND(I76,0) -> 0
A77: 77 | C77: 742 | D77: Clerical Salaries (02) | J77: =ROUND(I77,0) -> 0
A78: 78 | C78: 743 | D78: Other Salaries (03) | J78: =ROUND(I78,0) -> 0
A79: 79 | C79: 744 | D79: Contracted Services (04) | J79: =ROUND(I79,0) -> 0
A80: 80 | C80: 745 | D80: Supplies and Materials (05) | J80: =ROUND(I80,0) -> 0
A81: 81 | C81: 746 | D81: Other Expenses (06) | J81: =ROUND(I81,0) -> 0
A82: 82 | C82: 749 | D82: Sub-total | I82: =ROUND(SUM(I76:I81),0) -> 0 | J82: =ROUND(I82,0) -> 0
D83: Other District-Wide Administration (1230)
A84: 84 | C84: 761 | D84: Professional Salaries (01) | J84: =ROUND(I84,0) -> 0
A85: 85 | C85: 762 | D85: Clerical Salaries (02) | J85: =ROUND(I85,0) -> 0
A86: 86 | C86: 763 | D86: Other Salaries (03) | I86: 46046 | J86: =ROUND(I86,0) -> 46046
A87: 87 | C87: 764 | D87: Contracted Services (04) | J87: =ROUND(I87,0) -> 0
A88: 88 | C88: 765 | D88: Supplies and Materials (05) | J88: =ROUND(I88,0) -> 0
A89: 89 | C89: 766 | D89: Other Expenses (06) | J89: =ROUND(I89,0) -> 0
A90: 90 | C90: 769 | D90: Sub-total | I90: =ROUND(SUM(I84:I89),0) -> 46046 | J90: =ROUND(I90,0) -> 46046
D91: Business and Finance (1410)
A92: 92 | C92: 781 | D92: Professional Salaries (01) | I92: =30976.82 -> 30976.82 | J92: =ROUND(I92,0) -> 30977
A93: 93 | C93: 782 | D93: Clerical Salaries (02) | I93: =1561+178990 -> 180551 | J93: =ROUND(I93,0) -> 180551
A94: 94 | C94: 783 | D94: Other Salaries (03) | I94: 1176.88 | J94: =ROUND(I94,0) -> 1177
A95: 95 | C95: 784 | D95: Contracted Services (04) | I95: 49375 | J95: =ROUND(I95,0) -> 49375
A96: 96 | C96: 785 | D96: Supplies and Materials (05) | I96: 1274 | J96: =ROUND(I96,0) -> 1274
A97: 97 | C97: 786 | D97: Other Expenses (06) | J97: =ROUND(I97,0) -> 0
A98: 98 | C98: 789 | D98: Sub-total | I98: =ROUND(SUM(I92:I97),0) -> 263354 | J98: =ROUND(I98,0) -> 263354
D99: Human Resources and Benefits (1420)
A100: 100 | C100: 801 | D100: Professional Salaries (01) | I100: 28976.83 | J100: =ROUND(I100,0) -> 28977
A101: 101 | C101: 802 | D101: Clerical Salaries (02) | J101: =ROUND(I101,0) -> 0
A102: 102 | C102: 803 | D102: Other Salaries (03) | J102: =ROUND(I102,0) -> 0
A103: 103 | C103: 804 | D103: Contracted Services (04) | J103: =ROUND(I103,0) -> 0
A104: 104 | C104: 805 | D104: Supplies and Materials (05) | J104: =ROUND(I104,0) -> 0
A105: 105 | C105: 806 | D105: Other Expenses (06) | J105: =ROUND(I105,0) -> 0
A106: 106 | C106: 809 | D106: Sub-total | I106: =ROUND(SUM(I100:I105),0) -> 28977 | J106: =ROUND(I106,0) -> 28977
...

Sheet reports
B8: FY24 Net School Spending | C8: School | D8: City or | I8: Was Retired Employee Health Insurance
B9: ='eoy24'!$C$7&" "&'eoy24'!$D$7 -> 162 Lunenburg | C9: Committee | D9: Town | F9: Total | I9: Included in Schedule 19
A10: 10 | B10: 1. Administration (1000) | C10: =ROUND(daypct*scadmin,0)+SUM('eoy24'!E119:'eoy24'!G119) -> 931865 | D10: 225987 | E10: <FY24 Budget | F10: =ROUND(C10+D10,0) -> 1157852 | I10: of the FY93 End-of-Year Report?
A11: 11 | B11: 2. Instruction (2000) | C11: =ROUND(SUM('eoy24'!E831:'eoy24'!G831)+'eoy24'!I831,0) -> 13665266 | D11: 0 | E11: <FY24 Budget | F11: =ROUND(C11+D11,0) -> 13665266
A12: 12 | B12: 3. Attendance-Health (3100, 3200) | C12: ='eoy24'!J288+'eoy24'!J296 -> 248493 | D12: 0 | E12: <FY24 Budget | F12: =ROUND(C12+D12,0) -> 248493 | I12: YES------------- | J12: X
A13: 13 | B13: 4. Food Services (3400) | C13: =ROUND('eoy24'!J306+'eoy24'!J307+'eoy24'!J308+'eoy24'!J309+'eoy24'!J311,0) -> 0 | F13: =ROUND(C13+D13,0) -> 0 | I13: NO --------------
A14: 14 | B14: 5. Athletics/Student Activities/ Security (3500,3600) | C14: =ROUND('eoy24'!J320+'eoy24'!J328+'eoy24'!J336,0) -> 311856 | D14: =ROUND('eoy24'!J491*daypct,0) -> 0 | F14: =ROUND(C14+D14,0) -> 311856
A15: 15 | B15: 6. Maintenance (4000) | C15: =ROUND(('eoy24'!J344+'eoy24'!J349+'eoy24'!J354+'eoy24'!J362+'eoy24'!J370+'eoy24'!J375+'eoy24'!J383+'eoy24'!J388+'eoy24'!J393+'eoy24'!J398)*daypct,0) -> 2171968 | D15: 300714 | E15: <FY24 Budget | F15: =ROUND(C15+D15,0) -> 2472682
A16: 16 | B16: 7. Employee Benefits (5100) | C16: =ROUND(('eoy24'!J400+'eoy24'!J406)*daypct,0) -> 0 | D16: =ROUND(('eoy24'!J502+'eoy24'!J508)*daypct,0) -> 359049 | F16: =ROUND(C16+D16,0) -> 359049 | I16: Carryforward | J16: ='eoy24'!J20 -> 31705
A17: 17 | B17: 8. Insurance (5200) | C17: =ROUND(('eoy24'!J408+'eoy24'!J410)*daypct,0) -> 242505 | D17: =ROUND(('eoy24'!J509+'eoy24'!J511)*daypct,0) -> 242505 | F17: =ROUND(C17+D17,0) -> 485010 | I17: Total Required NSS FY23 | J17: 20056630
A18: 18 | B18: 9. Retired Employee Insurance (5250) | C18: =IF($J$12="X",ROUND(daypct*'eoy24'!J409,0),ROUND(0.7*(daypct*'eoy24'!J409),0)) -> 1221146 | D18: =IF($J$12="X",ROUND(daypct*'eoy24'!J510,0),ROUND(0.7*(daypct*'eoy24'!J510),0)) -> 1221146 | F18: =ROUND(C18+D18,0) -> 2442292 | I18: Actual NSS FY23 | J18: 24273713
A19: 19 | B19: 10. Rentals (5300) | C19: =ROUND(('eoy24'!J413+'eoy24'!J414)*daypct,0) -> 0 | D19: 0 | E19: <FY24 Budget | F19: =ROUND(C19+D19,0) -> 0 | I19: Amt Over/Under | J19: =J18-J17 -> 4217082.8
A20: 20 | B20: 11. Short Term Interest RAN's (5400) | C20: =ROUND(('eoy24'!J415)*daypct,0) -> 0 | D20: =ROUND('eoy24'!J514*daypct,0) -> 0 | F20: =ROUND(C20+D20,0) -> 0 | I20: New Amount Over/Under | J20: =J19-J16 -> 4185377.8
A21: 21 | B21: 12. Tuition (9000) | C21: =ROUND(SUM('eoy24'!E472:'eoy24'!G472),0)-IF(VALUE('eoy24'!C7)>352,'eoy24'!I32,0) -> 588508 | D21: =ROUND(SUM('eoy24'!E537:'eoy24'!G537),0)-IF(VALUE('eoy24'!C7)<400,'eoy24'!I32,0) -> 805945 | F21: =ROUND(C21+D21,0) -> 1394453 | I21: Allowable Carryforward | J21: =IF(J20<0,MIN(ABS(J20),J16),0) -> 0
A22: 22 | B22: 13. Total School Spending (1 through 12) | C22: =SUM(C10:C21) -> 19381607 | D22: =SUM(D10:D21) -> 3155346 | F22: =ROUND(C22+D22,0) -> 22536953 | I22: SC Revenues Budgeted for FY24 | J22: 0
A23: 23 | B23: 14. School Revenues
A24: 24 | B24: 14a) FY24 School Revenues | C24: =J21+J22 -> 0 | E24: <FY24 Budget | F24: =C24+D24 -> 0
A25: 25 | B25: 14b) FY24 Charter Reimbursement | D25: 40755 | F25: =D25 -> 40755
A26: 26 | B26: 14c) Subtotal, School Revenues (14a+14b) | C26: =C24 -> 0 | D26: =D24+D25 -> 40755 | F26: =C26+D26 -> 40755
A27: 27
A28: 28 | B28: 15. Net School Spending (13 - 14c) | C28: =IF(C22-C26>0,C22-C26,0) -> 19381607 | D28: =IF(D22-D26>0,D22-D26,0) -> 3114591 | F28: =IF(F22-F26>0,F22-F26,0) -> 22496198
A29: 29 | B29: 16. FY24 Required Net School Spending | F29: 20730114
A30: 30 | B30: 17. FY23 Carry-Over Into FY24 | F30: 0
A31: 31 | B31: 18. Total FY24 Requirement (16 + 17) | F31: =F30+F29 -> 20730114
A32: 32 | B32: 19. Unexpended Net School Spending (18 - 15) | F32: =IF(F28<F31,F31-F28,0) -> 0
A33: 33 | B33: 20. Percent Unexpended (19 / 16) | F33: =IF(F29>0,ROUND(F32/F29,4),0) -> 0
A34: 34 | B34: 21. FY24 Carry-Over (19 or 5% of 16 if 20 > 5%) | F34: =IF(F33<=0.05,F32,ROUND(0.05*F29,0)) -> 0
A35: 35 | B35: 22. Penalty (19 - 21) | F35: =MAX(F32-F34,0) -> 0
B38: FY25 Budgeted Net School Spending | C38: School | D38: City or
B39: ='eoy24'!$C$7&" "&'eoy24'!$D$7 -> 162 Lunenburg | C39: Committee | D39: Town | E39: Total
A40: 40 | B40: 23. Administration (1000) | C40: =ROUND('eoy24'!J1099*daypctbud,0) -> 937441 | D40: =ROUND('eoy24'!J1144*daypctbud,0) -> 0 | E40: =ROUND(C40+D40,0) -> 937441
A41: 41 | B41: 24. Instruction (2000) | C41: =ROUND(SUM('eoy24'!E1100:'eoy24'!G1100)+'eoy24'!I1100,0) -> 15429212 | D41: ='eoy24'!J1145 -> 0 | E41: =ROUND(C41+D41,0) -> 15429212
A42: 42 | B42: 25. Attendance-Health (3100, 3200) | C42: ='eoy24'!J1101 -> 285010 | D42: ='eoy24'!J1146 -> 0 | E42: =ROUND(C42+D42,0) -> 285010
A43: 43 | B43: 26. Food Services (3400) | C43: ='eoy24'!J1103 -> 0 | E43: =ROUND(C43+D43,0) -> 0
A44: 44 | B44: 27. Athletics/Student Activities/ Security (3500,3600) | C44: ='eoy24'!J1104+'eoy24'!J1105 -> 260280 | D44: =ROUND('eoy24'!J1148,0) -> 0 | E44: =ROUND(C44+D44,0) -> 260280
A45: 45 | B45: 28. Maintenance (4000) | C45: =ROUND(('eoy24'!J1106+'eoy24'!J1107)*daypctbud,0) -> 1864536 | D45: =ROUND(('eoy24'!J1149+'eoy24'!J1150)*daypctbud,0) -> 0 | E45: =ROUND(C45+D45,0) -> 1864536
A46: 46 | B46: 29. Employee Benefits (5100) | C46: =ROUND(('eoy24'!J1108+'eoy24'!J1109)*daypctbud,0) -> 0 | D46: =ROUND(('eoy24'!J1151+'eoy24'!J1152)*daypctbud,0) -> 20000 | E46: =ROUND(C46+D46,0) -> 20000
A47: 47 | B47: 30. Insurance (5200) | C47: =ROUND(('eoy24'!J1110+'eoy24'!J1112)*daypctbud,0) -> 3110838 | D47: =ROUND(('eoy24'!J1153+'eoy24'!J1155)*daypctbud,0) -> 0 | E47: =ROUND(C47+D47,0) -> 3110838
A48: 48 | B48: 31. Retired Employee Insurance (5250) | C48: =IF($J$12="X",ROUND(daypctbud*'eoy24'!J1111,0),ROUND(0.8*(daypctbud*'eoy24'!J1111),0)) -> 0 | D48: =IF($J$12="X",ROUND(daypctbud*'eoy24'!J1154,0),ROUND(0.8*(daypctbud*'eoy24'!J1154),0)) -> 450000 | E48: =ROUND(C48+D48,0) -> 450000
A49: 49 | B49: 32. Rentals (5300) | C49: =ROUND('eoy24'!J1113*daypctbud,0) -> 0 | D49: =ROUND('eoy24'!J1156*daypctbud,0) -> 0 | E49: =ROUND(C49+D49,0) -> 0
A50: 50 | B50: 33. Short Term Interest RAN's (5400) | C50: =ROUND('eoy24'!J1114*daypctbud,0) -> 0 | D50: =ROUND('eoy24'!J1157*daypctbud,0) -> 0 | E50: =ROUND(C50+D50,0) -> 0
A51: 51 | B51: 34. Tuition (9000) | C51: =ROUND(SUM('eoy24'!E1124:'eoy24'!G1131),0)-IF(VALUE('eoy24'!C7)>352,projfacaid,0) -> 1164824 | D51: =ROUND(SUM('eoy24'!E1167:'eoy24'!G1174),0)-IF(VALUE('eoy24'!C7)<400,projfacaid,0) -> 932883 | E51: =ROUND(C51+D51,0) -> 2097707
A52: 52 | B52: 35. Total School Spending (23 through 34) | C52: =SUM(C40:C51) -> 23052141 | D52: =SUM(D40:D51) -> 1402883 | E52: =ROUND(C52+D52,0) -> 24455024
A53: 53 | B53: 36. Revenues
A54: 54 | B54: 36a) FY25 Budgeted School Revenues | C54: =ROUND(SUM('eoy24'!E1186:'eoy24'!G1188)+SUM('eoy24'!E1192:'eoy24'!G1192)+(('eoy24'!I1186+'eoy24'!I1187+'eoy24'!I1188+'eoy24'!I1190+'eoy24'!I1191+'eoy24'!I1192)*daypctbud),0) -> 21000 | E54: =ROUND(C54+D54,0) -> 21000
A55: 55 | B55: 36b) Projected FY25 Charter Reimbursement (Local Districts) | D55: 112787.61 | E55: =ROUND(D55,0) -> 112788
A56: 56 | B56: 36c) Subtotal, Net School Spending Revenues (36a+36b) | C56: =ROUND(C54, 0) -> 21000 | D56: =ROUND(SUM(D54:D55), 0) -> 112788 | E56: =ROUND(C56+D56,0) -> 133788
A57: 57
A58: 58 | B58: 37. Net School Spending (35 - 36) | C58: =IF(C52-C56>0,C52-C56,0) -> 23031141 | D58: =IF(D52-D56>0,D52-D56,0) -> 1290095 | E58: =IF(E52-E56>0,E52-E56,0) -> 24321236
A59: 59 | B59: 38. FY25 Required Net School Spending | E59: 21584939
A60: 60 | B60: 39. Carry-Over into FY25 (21) | E60: =F34 -> 0
A61: 61 | B61: 40. Total FY25 Requirement (38 + 39) | E61: =E60+E59 -> 21584939
A62: 62 | B62: 41. Deficiency (40 - 37) | E62: =IF(E58<E61,E61-E58,0) -> 0
B65: Comparison of Selected Data Items Reported in FY22 through FY24 | D65: ='eoy24'!$C$7&" "&'eoy24'!$D$7 -> 162 Lunenburg
L66: Please provide comments to clarify any year-over-year differences that are flagged for review but are OK
B67: Schedule 1 A - Revenues | D67: FY22 | E67: FY23 | F67: FY24 | G67: Change FY23-FY24 | I67: Please review and correct any reporting errors | J67: Select OK if the reported data is correct | L67: Comment for flagged item
A68: 68 | B68: Total Revenue From Local Sources (line 110, col 6) | D68: 212538 | E68: 474239 | F68: ='eoy24'!J27 -> 171040 | G68: =IF(E68>0,(F68-E68)/E68,IF(F68>0,1,0)) -> -0.63933797 | I68: =IF(J68="OK","", IF(AND(ABS(G68)>0.25,ABS(F68-E68)>100000),"Please Review","")) | J68: OK | K68: =IF(I68="Please Review", 1, 0) -> 0
B69: Schedule 1 - IIA School Committee Expenditures | D69: FY22 | E69: FY23 | F69: FY24 | G69: Change FY23-FY24
A70: 70 | B70: School Committee (1110) (line 709, col 6) | D70: 5773 | E70: 5027 | F70: ='eoy24'!J66 -> 2336 | G70: =IF(E70>0,(F70-E70)/E70,IF(F70>0,1,0)) -> -0.53530933 | I70: =IF(J70="OK","", IF(AND(ABS(G70)>0.25,ABS(F70-E70)>100000),"Please Review","")) | K70: =IF(I70="Please Review", 1, 0) -> 0
A71: 71 | B71: Superintendent (1210) (line 729, col 6) | D71: 304431 | E71: 319750 | F71: ='eoy24'!J74 -> 380243 | G71: =IF(E71>0,(F71-E71)/E71,IF(F71>0,1,0)) -> 0.18918843 | I71: =IF(J71="OK","", IF(AND(ABS(G71)>0.25,ABS(F71-E71)>100000),"Please Review","")) | K71: =IF(I71="Please Review", 1, 0) -> 0
A72: 72 | B72: Assistant Superintendents (1220) (line 749, col 6) | D72: 0 | E72: 0 | F72: ='eoy24'!J82 -> 0 | G72: =IF(E72>0,(F72-E72)/E72,IF(F72>0,1,0)) -> 0 | I72: =IF(J72="OK","", IF(AND(ABS(G72)>0.25,ABS(F72-E72)>100000),"Please Review","")) | K72: =IF(I72="Please Review", 1, 0) -> 0
A73: 73 | B73: Other District-Wide Administration (1230) (line 769, col 6) | D73: 85103 | E73: 44656 | F73: ='eoy24'!J90 -> 46046 | G73: =IF(E73>0,(F73-E73)/E73,IF(F73>0,1,0)) -> 0.031126836 | I73: =IF(J73="OK","", IF(AND(ABS(G73)>0.25,ABS(F73-E73)>100000),"Please Review","")) | K73: =IF(I73="Please Review", 1, 0) -> 0
A74: 74 | B74: Business and Finance (1410) (line 789, col 6) | D74: 141186 | E74: 91185 | F74: ='eoy24'!J98 -> 263354 | G74: =IF(E74>0,(F74-E74)/E74,IF(F74>0,1,0)) -> 1.8881285 | I74: =IF(J74="OK","", IF(AND(ABS(G74)>0.25,ABS(F74-E74)>100000),"Please Review","")) | J74: OK | K74: =IF(I74="Please Review", 1, 0) -> 0 | L74: Contracted SBM Mentoring Asst. Supt. Finance
A75: 75 | B75: Human Resources and Benefits (1420) (line 809, col 6) | D75: 62750 | E75: 64250 | F75: ='eoy24'!J106 -> 28977 | G75: =IF(E75>0,(F75-E75)/E75,IF(F75>0,1,0)) -> -0.54899611 | I75: =IF(J75="OK","", IF(AND(ABS(G75)>0.25,ABS(F75-E75)>100000),"Please Review","")) | K75: =IF(I75="Please Review", 1, 0) -> 0
A76: 76 | B76: Legal Service for School Committee (1430) (line 829, col 6) | D76: 64150 | E76: 36200 | F76: ='eoy24'!J114 -> 35992 | G76: =IF(E76>0,(F76-E76)/E76,IF(F76>0,1,0)) -> -0.0057458564 | I76: =IF(J76="OK","", IF(AND(ABS(G76)>0.25,ABS(F76-E76)>100000),"Please Review","")) | K76: =IF(I76="Please Review", 1, 0) -> 0
A77: 77 | B77: Legal Settlements (1435) (line 849, col 6) | D77: 0 | E77: 0 | F77: ='eoy24'!J119 -> 0 | G77: =IF(E77>0,(F77-E77)/E77,IF(F77>0,1,0)) -> 0 | I77: =IF(J77="OK","", IF(AND(ABS(G77)>0.25,ABS(F77-E77)>100000),"Please Review","")) | K77: =IF(I77="Please Review", 1, 0) -> 0
A78: 78 | B78: Administrative Technology-Districtwide (1450) (line 869, col 6) | D78: 343208 | E78: 408245 | F78: ='eoy24'!J124 -> 174917 | G78: =IF(E78>0,(F78-E78)/E78,IF(F78>0,1,0)) -> -0.57153915 | I78: =IF(J78="OK","", IF(AND(ABS(G78)>0.25,ABS(F78-E78)>100000),"Please Review","")) | J78: OK | K78: =IF(I78="Please Review", 1, 0) -> 0
A79: 79 | B79: Attendance and Parent Liaison Services (3100) (line 1429, col 6) | D79: 0 | E79: 0 | F79: ='eoy24'!J288 -> 0 | G79: =IF(E79>0,(F79-E79)/E79,IF(F79>0,1,0)) -> 0 | I79: =IF(J79="OK","", IF(AND(ABS(G79)>0.25,ABS(F79-E79)>100000),"Please Review","")) | K79: =IF(I79="Please Review", 1, 0) -> 0
A80: 80 | B80: Medical/Health Services (3200) (line 1449, col 6) | D80: 356066 | E80: 273666 | F80: ='eoy24'!J296 -> 248493 | G80: =IF(E80>0,(F80-E80)/E80,IF(F80>0,1,0)) -> -0.09198439 | I80: =IF(J80="OK","", IF(AND(ABS(G80)>0.25,ABS(F80-E80)>100000),"Please Review","")) | K80: =IF(I80="Please Review", 1, 0) -> 0
A81: 81 | B81: Transportation Services (3300) (line 1469, col 6) | D81: 968815 | E81: 1158144 | F81: ='eoy24'!J304 -> 1318927 | G81: =IF(E81>0,(F81-E81)/E81,IF(F81>0,1,0)) -> 0.13882816 | I81: =IF(J81="OK","", IF(AND(ABS(G81)>0.25,ABS(F81-E81)>100000),"Please Review","")) | K81: =IF(I81="Please Review", 1, 0) -> 0
A82: 82 | B82: Food Services (3400) (line 1489, col 6) | D82: 0 | E82: 0 | F82: ='eoy24'!J312 -> 0 | G82: =IF(E82>0,(F82-E82)/E82,IF(F82>0,1,0)) -> 0 | I82: =IF(J82="OK","", IF(AND(ABS(G82)>0.25,ABS(F82-E82)>100000),"Please Review","")) | K82: =IF(I82="Please Review", 1, 0) -> 0
A83: 83 | B83: Athletics (3510) (line 1509, col 6) | D83: 395939 | E83: 335766 | F83: ='eoy24'!J320 -> 296561 | G83: =IF(E83>0,(F83-E83)/E83,IF(F83>0,1,0)) -> -0.11676286 | I83: =IF(J83="OK","", IF(AND(ABS(G83)>0.25,ABS(F83-E83)>100000),"Please Review","")) | K83: =IF(I83="Please Review", 1, 0) -> 0
A84: 84 | B84: Other Student Activities (3520) (line 1529, col 6) | D84: 44202 | E84: 15001 | F84: ='eoy24'!J328 -> 15295 | G84: =IF(E84>0,(F84-E84)/E84,IF(F84>0,1,0)) -> 0.019598693 | I84: =IF(J84="OK","", IF(AND(ABS(G84)>0.25,ABS(F84-E84)>100000),"Please Review","")) | K84: =IF(I84="Please Review", 1, 0) -> 0
A85: 85 | B85: Extraordinary Maintenance (4300) (line 1639, col 6) | D85: 0 | E85: 0 | F85: ='eoy24'!J388 -> 0 | G85: =IF(E85>0,(F85-E85)/E85,IF(F85>0,1,0)) -> 0 | I85: =IF(J85="OK","", IF(AND(ABS(G85)>0.25,ABS(F85-E85)>100000),"Please Review","")) | K85: =IF(I85="Please Review", 1, 0) -> 0
A86: 86 | B86: Employer Retirement Contributions (5100) (line 1661, col 6) | D86: 0 | E86: 0 | F86: ='eoy24'!J400 -> 0 | G86: =IF(E86>0,(F86-E86)/E86,IF(F86>0,1,0)) -> 0 | I86: =IF(J86="OK","", IF(AND(ABS(G86)>0.25,ABS(F86-E86)>100000),"Please Review","")) | K86: =IF(I86="Please Review", 1, 0) -> 0
A87: 87 | B87: Employee Separation Costs (5150) (line 1669, col 6) | D87: 12147 | E87: 37611 | F87: ='eoy24'!J406 -> 0 | G87: =IF(E87>0,(F87-E87)/E87,IF(F87>0,1,0)) -> -1 | I87: =IF(J87="OK","", IF(AND(ABS(G87)>0.25,ABS(F87-E87)>100000),"Please Review","")) | K87: =IF(I87="Please Review", 1, 0) -> 0
A88: 88 | B88: Insurance for Active Employees (5200) (line 1672, col 6) | D88: 2593020 | E88: 3041337 | F88: ='eoy24'!J408 -> 242505 | G88: =IF(E88>0,(F88-E88)/E88,IF(F88>0,1,0)) -> -0.92026369 | I88: =IF(J88="OK","", IF(AND(ABS(G88)>0.25,ABS(F88-E88)>100000),"Please Review","")) | J88: OK | K88: =IF(I88="Please Review", 1, 0) -> 0
A89: 89 | B89: Insurance for Retired School Employees (5250) (line 1673, col 6) | D89: 0 | E89: 0 | F89: ='eoy24'!J409 -> 1221146 | G89: =IF(E89>0,(F89-E89)/E89,IF(F89>0,1,0)) -> 1 | I89: =IF(J89="OK","", IF(AND(ABS(G89)>0.25,ABS(F89-E89)>100000),"Please Review","")) | J89: OK | K89: =IF(I89="Please Review", 1, 0) -> 0
A90: 90 | B90: Other Non-Employee Insurance (5260) (line 1674, col 6) | D90: 0 | E90: 0 | F90: ='eoy24'!J410 -> 0 | G90: =IF(E90>0,(F90-E90)/E90,IF(F90>0,1,0)) -> 0 | I90: =IF(J90="OK","", IF(AND(ABS(G90)>0.25,ABS(F90-E90)>100000),"Please Review","")) | K90: =IF(I90="Please Review", 1, 0) -> 0
A91: 91 | B91: Rental/Lease Equipment (5300) (line 1681, col 6) | D91: 0 | E91: 0 | F91: ='eoy24'!J413 -> 0 | G91: =IF(E91>0,(F91-E91)/E91,IF(F91>0,1,0)) -> 0 | I91: =IF(J91="OK","", IF(AND(ABS(G91)>0.25,ABS(F91-E91)>100000),"Please Review","")) | K91: =IF(I91="Please Review", 1, 0) -> 0
A92: 92 | B92: Rental/Lease Buildings (5350) (line 1682, col 6) | D92: 0 | E92: 0 | F92: ='eoy24'!J414 -> 0 | G92: =IF(E92>0,(F92-E92)/E92,IF(F92>0,1,0)) -> 0 | I92: =IF(J92="OK","", IF(AND(ABS(G92)>0.25,ABS(F92-E92)>100000),"Please Review","")) | K92: =IF(I92="Please Review", 1, 0) -> 0
A93: 93 | B93: Short-Term Interest RAN's (5400) (line 1683, col 6) | D93: 0 | E93: 0 | F93: ='eoy24'!J415 -> 0 | G93: =IF(E93>0,(F93-E93)/E93,IF(F93>0,1,0)) -> 0 | I93: =IF(J93="OK","", IF(AND(ABS(G93)>0.25,ABS(F93-E93)>100000),"Please Review","")) | K93: =IF(I93="Please Review", 1, 0) -> 0
A94: 94 | B94: Short Term Interest-BAN's (5450) (line 1684, col 6) | D94: 0 | E94: 0 | F94: ='eoy24'!J416 -> 0 | G94: =IF(E94>0,(F94-E94)/E94,IF(F94>0,1,0)) -> 0 | I94: =IF(J94="OK","", IF(AND(ABS(G94)>0.25,ABS(F94-E94)>100000),"Please Review","")) | K94: =IF(I94="Please Review", 1, 0) -> 0
A95: 95 | B95: Other Fixed Charges (5500) (line 1685, col 6) | D95: 0 | E95: 0 | F95: ='eoy24'!J417 -> 0 | G95: =IF(E95>0,(F95-E95)/E95,IF(F95>0,1,0)) -> 0 | I95: =IF(J95="OK","", IF(AND(ABS(G95)>0.25,ABS(F95-E95)>100000),"Please Review","")) | K95: =IF(I95="Please Review", 1, 0) -> 0
A96: 96 | B96: Purchase of Land and Buildings (7100, 7200) (line 1741, col 6) | D96: 0 | E96: 0 | F96: ='eoy24'!J453 -> 0 | G96: =IF(E96>0,(F96-E96)/E96,IF(F96>0,1,0)) -> 0 | I96: =IF(J96="OK","", IF(AND(ABS(G96)>0.25,ABS(F96-E96)>100000),"Please Review","")) | K96: =IF(I96="Please Review", 1, 0) -> 0
A97: 97 | B97: Debt Retirement/Sch Construction (8100) (line 1751, col 6) | D97: 0 | E97: 0 | F97: ='eoy24'!J459 -> 0 | G97: =IF(E97>0,(F97-E97)/E97,IF(F97>0,1,0)) -> 0 | I97: =IF(J97="OK","", IF(AND(ABS(G97)>0.25,ABS(F97-E97)>100000),"Please Review","")) | K97: =IF(I97="Please Review", 1, 0) -> 0
A98: 98 | B98: Debt Service/Sch Construction (8200) (line 1752, col 6) | D98: 0 | E98: 0 | F98: ='eoy24'!J460 -> 0 | G98: =IF(E98>0,(F98-E98)/E98,IF(F98>0,1,0)) -> 0 | I98: =IF(J98="OK","", IF(AND(ABS(G98)>0.25,ABS(F98-E98)>100000),"Please Review","")) | K98: =IF(I98="Please Review", 1, 0) -> 0
A99: 99 | B99: Debt Service/Educ. & Other (8400, 8600) (line 1753, col 6) | D99: 0 | E99: 0 | F99: ='eoy24'!J461 -> 0 | G99: =IF(E99>0,(F99-E99)/E99,IF(F99>0,1,0)) -> 0 | I99: =IF(J99="OK","", IF(AND(ABS(G99)>0.25,ABS(F99-E99)>100000),"Please Review","")) | K99: =IF(I99="Please Review", 1, 0) -> 0
A100: 100 | B100: Tuition to Mass. Public Schools (9100) (line 1770, col 6) | D100: 0 | E100: 0 | F100: ='eoy24'!J464 -> 0 | G100: =IF(E100>0,(F100-E100)/E100,IF(F100>0,1,0)) -> 0 | I100: =IF(J100="OK","", IF(AND(ABS(G100)>0.25,ABS(F100-E100)>100000),"Please Review","")) | K100: =IF(I100="Please Review", 1, 0) -> 0
A101: 101 | B101: School Choice Tuition (9110) (line 1780, col 6) | D101: 0 | E101: 0 | F101: ='eoy24'!J465 -> 0 | G101: =IF(E101>0,(F101-E101)/E101,IF(F101>0,1,0)) -> 0 | I101: =IF(J101="OK","", IF(AND(ABS(G101)>0.25,ABS(F101-E101)>100000),"Please Review","")) | K101: =IF(I101="Please Review", 1, 0) -> 0
A102: 102 | B102: Tuition to Commonwealth Charter Schools (9120) (line 1790, col 6) | D102: 0 | E102: 0 | F102: ='eoy24'!J466 -> 0 | G102: =IF(E102>0,(F102-E102)/E102,IF(F102>0,1,0)) -> 0 | I102: =IF(J102="OK","", IF(AND(ABS(G102)>0.25,ABS(F102-E102)>100000),"Please Review","")) | K102: =IF(I102="Please Review", 1, 0) -> 0
A103: 103 | B103: Tuition to Horace Mann Charter Schools (9125) (line 1795, col 6) | D103: 0 | E103: 0 | F103: ='eoy24'!J467 -> 0 | G103: =IF(E103>0,(F103-E103)/E103,IF(F103>0,1,0)) -> 0 | I103: =IF(J103="OK","", IF(AND(ABS(G103)>0.25,ABS(F103-E103)>100000),"Please Review","")) | K103: =IF(I103="Please Review", 1, 0) -> 0
A104: 104 | B104: Charter Transportation Tuition (9130) (line 1796, col 6) | D104: 0 | E104: 0 | F104: ='eoy24'!J468 -> 0 | G104: =IF(E104>0,(F104-E104)/E104,IF(F104>0,1,0)) -> 0 | I104: =IF(J104="OK","", IF(AND(ABS(G104)>0.25,ABS(F104-E104)>100000),"Please Review",""))
A105: 105 | B105: Tuition to Out-of-State Schools (9200) (line 1800, col 6) | D105: 0 | E105: 0 | F105: ='eoy24'!J469 -> 0 | G105: =IF(E105>0,(F105-E105)/E105,IF(F105>0,1,0)) -> 0 | I105: =IF(J105="OK","", IF(AND(ABS(G105)>0.25,ABS(F105-E105)>100000),"Please Review","")) | K105: =IF(I105="Please Review", 1, 0) -> 0
A106: 106 | B106: Tuition to Non-Public Schools (9300) (line 1810, col 6) | D106: 249557 | E106: 118194 | F106: ='eoy24'!J470 -> 397529 | G106: =IF(E106>0,(F106-E106)/E106,IF(F106>0,1,0)) -> 2.3633602 | I106: =IF(J106="OK","", IF(AND(ABS(G106)>0.25,ABS(F106-E106)>100000),"Please Review","")) | J106: OK | K106: =IF(I106="Please Review", 1, 0) -> 0
A107: 107 | B107: Tuition to Collaboratives (9400) (line 1820, col 6) | D107: 147676 | E107: 186554 | F107: ='eoy24'!J471 -> 190979 | G107: =IF(E107>0,(F107-E107)/E107,IF(F107>0,1,0)) -> 0.023719674 | I107: =IF(J107="OK","", IF(AND(ABS(G107)>0.25,ABS(F107-E107)>100000),"Please Review","")) | K107: =IF(I107="Please Review", 1, 0) -> 0
A108: 108 | B108: Total School Committee Expenditures (line 1850, col 6) | D108: 21649288 | E108: 22320736 | F108: ='eoy24'!J473 -> 20700534 | G108: =IF(E108>0,(F108-E108)/E108,IF(F108>0,1,0)) -> -0.072587321 | I108: =IF(J108="OK","", IF(AND(ABS(G108)>0.25,ABS(F108-E108)>100000),"Please Review","")) | K108: =IF(I108="Please Review", 1, 0) -> 0
B110: Comparison of Selected Data Items Reported in FY22 through FY24 (continued)
B112: Schedule 1 - IIB City and Town Expenditures | D112: FY22 | E112: FY23 | F112: FY24 | G112: Change FY23-FY24 | I112: Please review and correct any reporting errors | J112: Select OK if the reported data is correct | L112: Comment for flagged item
A113: 113 | B113: Extraordinary Maintenance (4300) (line 1990, col 6) | D113: 84900 | E113: 70000 | F113: ='eoy24'!J499 -> 68800 | G113: =IF(E113>0,(F113-E113)/E113,IF(F113>0,1,0)) -> -0.017142857 | I113: =IF(J113="OK","", IF(AND(ABS(G113)>0.25,ABS(F113-E113)>100000),"Please Review","")) | K113: =IF(I113="Please Review", 1, 0) -> 0
...

Sheet edits
B4: This edit page consists of a review of the internal consistency of the information on your report.
B5: To run the edits, hit the "run edit program" button.
B6: Please review the areas checked and make corrections to the "eoy24" sheet where necessary.
B7: If you feel the data as reported are justified, but an edit continues to be displayed, please explain
B8: in the "comments" sheet. Thanks for your attention to these questions -- your efforts here
B9: make the editing process a lot simpler, and give you the chance to let DESE know about special
B10: situations that you think justify what would otherwise be deemed to be an error.
C12: LEA | D12: ='eoy24'!C7 -> 162
C13: District | D13: ='eoy24'!D7 -> Lunenburg | H13: =TODAY() -> 45820
A16: =IF(SUM(A$24:A$26)>0, 1,0) -> 0
A17: =IF(SUM(A$24:A$26)>0, 1,0) -> 0 | B17: Edit 1: Correspondence of General Fund Transportation Fees and Expenditures and Sch 7 Expenditures
A18: =IF(SUM(A$24:A$26)>0, 1,0) -> 0
A19: =IF(A$24>0, 1,0) -> 0 | C19: Non-reimburseable transportation expenditures reported on Sch 7 line 4000
A20: =IF(A$24>0, 1,0) -> 0 | C20: must equal or exceed general fund transportation fees on Sch 1 line 70
A21: =IF(SUM(A$24:A$26)>0, 1,0) -> 0
A22: =IF(SUM(A$24:A$26)>0, 1,0) -> 0 | C22: Sch 1 Transportation Fees and Expenditures | G22: Sch 7 Pupil Transportation
A23: =IF(SUM(A$24:A$26)>0, 1,0) -> 0 | C23: Line | D23: Column | E23: Entry | G23: Line | H23: Column | I23: Entry
A24: =IF((E24-I24)>100,1,0) -> 0 | C24: 70 | D24: 1 - Fees Regular Day | E24: ='eoy24'!E21 -> 0 | F24: > | G24: 4000 | H24: 3 - Reg Day<1.5 | I24: ='eoy24'!G1036 -> 150000
A25: =IF((E25-I25)>100,1,0) -> 0 | C25: see formula | D25: 1 - Expenditures Regular Day | E25: ='eoy24'!E304+'eoy24'!E490 -> 917525 | F25: <> | G25: see formula | H25: 5- Total | I25: =('eoy24'!I1039+'eoy24'!I1077+'eoy24'!I1078+'eoy24'!I1080+'eoy24'!I1081+'eoy24'!I1082+'eoy24'!I1083)-('eoy24'!H1039+'eoy24'!H1077+'eoy24'!H1078+'eoy24'!H1080+'eoy24'!H1081+'eoy24'!H1082+'eoy24'!H1083) -> 917525
A26: =IF((E26-I26)>100,1,0) -> 0 | C26: 2930 | D26: col 7-11 Payments from Revolving and Special Funds | E26: =SUM('eoy24'!L589:'eoy24'!P589) -> 0 | F26: <> | G26: 4320 | H26: 5- Payments from Revolving and Special Funds | I26: ='eoy24'!I1088 -> 0
A27: =IF(SUM(A$31:A$80)>0,1,0) -> 0
A28: =IF(SUM(A$31:A$80)>0,1,0) -> 0 | B28: Edit 2: Correspondence of Riders Transported and Transportation Expenditures
A29: =IF(SUM(A$31:A$80)>0,1,0) -> 0 | C29: Schedule 7 Expenditures | G29: Schedule 7 Riders
A30: =IF(SUM(A$31:A$80)>0,1,0) -> 0 | C30: Line | D30: Column | E30: Entry | G30: Line | H30: Column | I30: Entry
A31: =IF(OR(AND(E31>0,I31=0),AND(I31>0,E31=0)),1,0) -> 0 | C31: 4000 | D31: 1 - School Trans Vehicle | E31: ='eoy24'!E1036 -> 767525 | G31: 4000 | H31: 6 - School Trans Vehicle | I31: ='eoy24'!J1036 -> 950
A32: =IF(OR(AND(E32>0,I32=0),AND(I32>0,E32=0)),1,0) -> 0 | C32: 4000 | D32: 2 - Public Utilities | E32: ='eoy24'!F1036 -> 0 | G32: 4000 | H32: 7 - Public Utilities | I32: ='eoy24'!K1036 -> 0
A33: =IF(OR(AND(E33>0,I33=0),AND(I33>0,E33=0)),1,0) -> 0 | C33: 4000 | D33: 3 - Non-Reimburseable | E33: ='eoy24'!G1036 -> 150000 | G33: 4000 | H33: 8 - Non-Reimburseable | I33: ='eoy24'!L1036 -> 190
A34: =IF(OR(AND(E34>0,I34=0),AND(I34>0,E34=0)),1,0) -> 0 | C34: 4010 | D34: 1 - School Trans Vehicle | E34: ='eoy24'!E1037 -> 0 | G34: 4010 | H34: 6 - School Trans Vehicle | I34: ='eoy24'!J1037 -> 0
A35: =IF(OR(AND(E35>0,I35=0),AND(I35>0,E35=0)),1,0) -> 0 | C35: 4010 | D35: 2 - Public Utilities | E35: ='eoy24'!F1037 -> 0 | G35: 4010 | H35: 7 - Public Utilities | I35: ='eoy24'!K1037 -> 0
A36: =IF(OR(AND(E36>0,I36=0),AND(I36>0,E36=0)),1,0) -> 0 | C36: 4010 | D36: 3 - Non-Reimburseable | E36: ='eoy24'!G1037 -> 0 | G36: 4010 | H36: 8 - Non-Reimburseable | I36: ='eoy24'!L1037 -> 0
A37: =IF(OR(AND(E37>0,I37=0),AND(I37>0,E37=0)),1,0) -> 0 | C37: 4020 | D37: 1 - School Trans Vehicle | E37: ='eoy24'!E1038 -> 0 | G37: 4020 | H37: 6 - School Trans Vehicle | I37: ='eoy24'!J1038 -> 0
A38: =IF(OR(AND(E38>0,I38=0),AND(I38>0,E38=0)),1,0) -> 0 | C38: 4020 | D38: 2 - Public Utilities | E38: ='eoy24'!F1038 -> 0 | G38: 4020 | H38: 7 - Public Utilities | I38: ='eoy24'!K1038 -> 0
A39: =IF(OR(AND(E39>0,I39=0),AND(I39>0,E39=0)),1,0) -> 0 | C39: 4020 | D39: 3 - Non-Reimburseable | E39: ='eoy24'!G1038 -> 0 | G39: 4020 | H39: 8 - Non-Reimburseable | I39: ='eoy24'!L1038 -> 0
A40: =IF(OR(AND(E40>0,I40=0),AND(I40>0,E40=0)),1,0) -> 0 | C40: 4070 | D40: 1 - Special Ed Expenditures | E40: ='eoy24'!E1043 -> 0 | G40: 4070 | H40: 6 - Special Ed Riders | I40: ='eoy24'!J1043 -> 0
A41: =IF(OR(AND(E41>0,I41=0),AND(I41>0,E41=0)),1,0) -> 0 | C41: 4070 | D41: 2 - Special Ed Expenditures | E41: ='eoy24'!F1043 -> 15267 | G41: 4070 | H41: 7 - Special Ed Riders | I41: ='eoy24'!K1043 -> 4
A42: =IF(OR(AND(E42>0,I42=0),AND(I42>0,E42=0)),1,0) -> 0 | C42: 4080 | D42: 1 - Special Ed Expenditures | E42: ='eoy24'!E1044 -> 0 | G42: 4080 | H42: 6 - Special Ed Riders | I42: ='eoy24'!J1044 -> 0
A43: =IF(OR(AND(E43>0,I43=0),AND(I43>0,E43=0)),1,0) -> 0 | C43: 4080 | D43: 2 - Special Ed Expenditures | E43: ='eoy24'!F1044 -> 148593 | G43: 4080 | H43: 7 - Special Ed Riders | I43: ='eoy24'!K1044 -> 27
A44: =IF(OR(AND(E44>0,I44=0),AND(I44>0,E44=0)),1,0) -> 0 | C44: 4110 | D44: 1 - Special Ed Expenditures | E44: ='eoy24'!E1045 -> 0 | G44: 4110 | H44: 6 - Special Ed Riders | I44: ='eoy24'!J1045 -> 0
A45: =IF(OR(AND(E45>0,I45=0),AND(I45>0,E45=0)),1,0) -> 0 | C45: 4110 | D45: 2 - Special Ed Expenditures | E45: ='eoy24'!F1045 -> 92853 | G45: 4110 | H45: 7 - Special Ed Riders | I45: ='eoy24'!K1045 -> 7
A46: =IF(OR(AND(E46>0,I46=0),AND(I46>0,E46=0)),1,0) -> 0 | C46: 4120 | D46: 1 - Special Ed Expenditures | E46: ='eoy24'!E1046 -> 0 | G46: 4120 | H46: 6 - Special Ed Riders | I46: ='eoy24'!J1046 -> 0
A47: =IF(OR(AND(E47>0,I47=0),AND(I47>0,E47=0)),1,0) -> 0 | C47: 4120 | D47: 2 - Special Ed Expenditures | E47: ='eoy24'!F1046 -> 102181 | G47: 4120 | H47: 7 - Special Ed Riders | I47: ='eoy24'!K1046 -> 4
A48: =IF(OR(AND(E48>0,I48=0),AND(I48>0,E48=0)),1,0) -> 0 | C48: 4130 | D48: 1 - Special Ed Expenditures | E48: ='eoy24'!E1047 -> 0 | G48: 4130 | H48: 6 - Special Ed Riders | I48: ='eoy24'!J1047 -> 0
A49: =IF(OR(AND(E49>0,I49=0),AND(I49>0,E49=0)),1,0) -> 0 | C49: 4130 | D49: 2 - Special Ed Expenditures | E49: ='eoy24'!F1047 -> 8189 | G49: 4130 | H49: 7 - Special Ed Riders | I49: ='eoy24'!K1047 -> 1
A50: =IF(OR(AND(E50>0,I50=0),AND(I50>0,E50=0)),1,0) -> 0 | C50: 4140 | D50: 1 - Special Ed Expenditures | E50: ='eoy24'!E1048 -> 0 | G50: 4140 | H50: 6 - Special Ed Riders | I50: ='eoy24'!J1048 -> 0
A51: =IF(OR(AND(E51>0,I51=0),AND(I51>0,E51=0)),1,0) -> 0 | C51: 4140 | D51: 2 - Special Ed Expenditures | E51: ='eoy24'!F1048 -> 0 | G51: 4140 | H51: 7 - Special Ed Riders | I51: ='eoy24'!K1048 -> 0
A52: =IF(OR(AND(E52>0,I52=0),AND(I52>0,E52=0)),1,0) -> 0 | C52: 4150 | D52: 1 - Special Ed Expenditures | E52: ='eoy24'!E1049 -> 0 | G52: 4150 | H52: 6 - Special Ed Riders | I52: ='eoy24'!J1049 -> 0
A53: =IF(OR(AND(E53>0,I53=0),AND(I53>0,E53=0)),1,0) -> 0 | C53: 4150 | D53: 2 - Special Ed Expenditures | E53: ='eoy24'!F1049 -> 0 | G53: 4150 | H53: 7 - Special Ed Riders | I53: ='eoy24'!K1049 -> 0
A54: =IF(OR(AND(E54>0,I54=0),AND(I54>0,E54=0)),1,0) -> 0 | C54: 4190 | D54: 1 - School Trans Vehicle | E54: ='eoy24'!E1058 -> 0 | G54: 4190 | H54: 6 - School Trans Vehicle | I54: ='eoy24'!J1058 -> 0
A55: =IF(OR(AND(E55>0,I55=0),AND(I55>0,E55=0)),1,0) -> 0 | C55: 4190 | D55: 2 - Public Utilities | E55: ='eoy24'!F1058 -> 0 | G55: 4190 | H55: 7 - Public Utilities | I55: ='eoy24'!K1058 -> 0
A56: =IF(OR(AND(E56>0,I56=0),AND(I56>0,E56=0)),1,0) -> 0 | C56: 4190 | D56: 3 - Non-Reimburseable | E56: ='eoy24'!G1058 -> 0 | G56: 4190 | H56: 8 - Non-Reimburseable | I56: ='eoy24'!L1058 -> 0
A57: =IF(OR(AND(E57>0,I57=0),AND(I57>0,E57=0)),1,0) -> 0 | C57: 4200 | D57: 1 - School Trans Vehicle | E57: ='eoy24'!E1059 -> 0 | G57: 4200 | H57: 6 - School Trans Vehicle | I57: ='eoy24'!J1059 -> 0
A58: =IF(OR(AND(E58>0,I58=0),AND(I58>0,E58=0)),1,0) -> 0 | C58: 4200 | D58: 2 - Public Utilities | E58: ='eoy24'!F1059 -> 0 | G58: 4200 | H58: 7 - Public Utilities | I58: ='eoy24'!K1059 -> 0
A59: =IF(OR(AND(E59>0,I59=0),AND(I59>0,E59=0)),1,0) -> 0 | C59: 4200 | D59: 3 - Non-Reimburseable | E59: ='eoy24'!G1059 -> 0 | G59: 4200 | H59: 8 - Non-Reimburseable | I59: ='eoy24'!L1059 -> 0
A60: =IF(OR(AND(E60>0,I60=0),AND(I60>0,E60=0)),1,0) -> 0 | C60: 4220 | D60: 1 - School Trans Vehicle | E60: ='eoy24'!E1067 -> 0 | G60: 4220 | H60: 6 - School Trans Vehicle | I60: ='eoy24'!J1067 -> 0
A61: =IF(OR(AND(E61>0,I61=0),AND(I61>0,E61=0)),1,0) -> 0 | C61: 4220 | D61: 2 - Public Utilities | E61: ='eoy24'!F1067 -> 0 | G61: 4220 | H61: 7 - Public Utilities | I61: ='eoy24'!K1067 -> 0
A62: =IF(OR(AND(E62>0,I62=0),AND(I62>0,E62=0)),1,0) -> 0 | C62: 4220 | D62: 3 - Non-Reimburseable | E62: ='eoy24'!G1067 -> 0 | G62: 4220 | H62: 8 - Non-Reimburseable | I62: ='eoy24'!L1067 -> 0
A63: =IF(OR(AND(E63>0,I63=0),AND(I63>0,E63=0)),1,0) -> 0 | C63: 4230 | D63: 1 - School Trans Vehicle | E63: ='eoy24'!E1068 -> 0 | G63: 4230 | H63: 6 - School Trans Vehicle | I63: ='eoy24'!J1068 -> 0
A64: =IF(OR(AND(E64>0,I64=0),AND(I64>0,E64=0)),1,0) -> 0 | C64: 4230 | D64: 2 - Public Utilities | E64: ='eoy24'!F1068 -> 0 | G64: 4230 | H64: 7 - Public Utilities | I64: ='eoy24'!K1068 -> 0
A65: =IF(OR(AND(E65>0,I65=0),AND(I65>0,E65=0)),1,0) -> 0 | C65: 4230 | D65: 3 - Non-Reimburseable | E65: ='eoy24'!G1068 -> 0 | G65: 4230 | H65: 8 - Non-Reimburseable | I65: ='eoy24'!L1068 -> 0
A66: =IF(OR(AND(E66>0,I66=0),AND(I66>0,E66=0)),1,0) -> 0 | C66: 4250 | D66: 1 - School Trans Vehicle | E66: ='eoy24'!E1077 -> 0 | G66: 4250 | H66: 6 - School Trans Vehicle | I66: ='eoy24'!J1077 -> 0
A67: =IF(OR(AND(E67>0,I67=0),AND(I67>0,E67=0)),1,0) -> 0 | C67: 4250 | D67: 2 - Public Utilities | E67: ='eoy24'!F1077 -> 0 | G67: 4250 | H67: 7 - Public Utilities | I67: ='eoy24'!K1077 -> 0
A68: =IF(OR(AND(E68>0,I68=0),AND(I68>0,E68=0)),1,0) -> 0 | C68: 4260 | D68: 1 - School Trans Vehicle | E68: ='eoy24'!E1078 -> 0 | G68: 4260 | H68: 6 - School Trans Vehicle | I68: ='eoy24'!J1078 -> 0
A69: =IF(OR(AND(E69>0,I69=0),AND(I69>0,E69=0)),1,0) -> 0 | C69: 4260 | D69: 2 - Public Utilities | E69: ='eoy24'!F1078 -> 0 | G69: 4260 | H69: 7 - Public Utilities | I69: ='eoy24'!K1078 -> 0
A70: =IF(OR(AND(E70>0,I70=0),AND(I70>0,E70=0)),1,0) -> 0 | C70: 4260 | D70: 3 - Non-Reimburseable | E70: ='eoy24'!G1078 -> 0 | G70: 4260 | H70: 8 - Non-Reimburseable | I70: ='eoy24'!L1078 -> 0
A71: =IF(OR(AND(E71>0,I71=0),AND(I71>0,E71=0)),1,0) -> 0 | C71: 4270 | D71: 1 - School Trans Vehicle | E71: ='eoy24'!E1079 -> 0 | G71: 4270 | H71: 6 - School Trans Vehicle | I71: ='eoy24'!J1079 -> 0
A72: =IF(OR(AND(E72>0,I72=0),AND(I72>0,E72=0)),1,0) -> 0 | C72: 4270 | D72: 2 - Public Utilities | E72: ='eoy24'!F1079 -> 0 | G72: 4270 | H72: 7 - Public Utilities | I72: ='eoy24'!K1079 -> 0
A73: =IF(OR(AND(E73>0,I73=0),AND(I73>0,E73=0)),1,0) -> 0 | C73: 4270 | D73: 3 - Non-Reimburseable | E73: ='eoy24'!G1079 -> 0 | G73: 4270 | H73: 8 - Non-Reimburseable | I73: ='eoy24'!L1079 -> 0
A74: =IF(OR(AND(E74>0,I74=0),AND(I74>0,E74=0)),1,0) -> 0 | C74: 4280 | D74: 3 - Non-Reimburseable | E74: ='eoy24'!G1080 -> 0 | G74: 4280 | H74: 8 - Non-Reimburseable | I74: ='eoy24'!L1080 -> 0
A75: =IF(OR(AND(E75>0,I75=0),AND(I75>0,E75=0)),1,0) -> 0 | C75: 4283 | D75: 1 - School Trans Vehicle | E75: ='eoy24'!E1081 -> 0 | G75: 4283 | H75: 6 - School Trans Vehicle | I75: ='eoy24'!J1081 -> 0
A76: =IF(OR(AND(E76>0,I76=0),AND(I76>0,E76=0)),1,0) -> 0 | C76: 4283 | D76: 2 - Public Utilities | E76: ='eoy24'!F1081 -> 0 | G76: 4283 | H76: 7 - Public Utilities | I76: ='eoy24'!K1081 -> 0
A77: =IF(OR(AND(E77>0,I77=0),AND(I77>0,E77=0)),1,0) -> 0 | C77: 4285 | D77: 1 - School Trans Vehicle | E77: ='eoy24'!E1082 -> 0 | G77: 4285 | H77: 6 - School Trans Vehicle | I77: ='eoy24'!J1082 -> 0
A78: =IF(OR(AND(E78>0,I78=0),AND(I78>0,E78=0)),1,0) -> 0 | C78: 4285 | D78: 2 - Public Utilities | E78: ='eoy24'!F1082 -> 0 | G78: 4285 | H78: 7 - Public Utilities | I78: ='eoy24'!K1082 -> 0
A79: =IF(OR(AND(E79>0,I79=0),AND(I79>0,E79=0)),1,0) -> 0 | C79: 4286 | D79: 1 - School Trans Vehicle | E79: ='eoy24'!E1083 -> 0 | G79: 4286 | H79: 6 - School Trans Vehicle | I79: ='eoy24'!J1083 -> 0
A80: =IF(OR(AND(E80>0,I80=0),AND(I80>0,E80=0)),1,0) -> 0 | C80: 4286 | D80: 2 - Public Utilities | E80: ='eoy24'!F1083 -> 0 | G80: 4286 | H80: 7 - Public Utilities | I80: ='eoy24'!K1083 -> 0
A81: =IF((A$85+A$88)>0,1,0) -> 0
A82: =IF((A$85+A$88)>0,1,0) -> 0 | B82: Edit 3: Regional School District Member, But No Regional Assessment Reported
A83: =IF(A85=1,1,0) -> 0 | C83: Schedule 1 - FY24 Assessment
A84: =IF(A$85=1,1,0) -> 0 | C84: Line | D84: Column | E84: Entry
A85: =IF(AND(VLOOKUP(VALUE('eoy24'!C7),code436,5)="yes",E85=0),1,0) -> 0 | C85: 2270 | D85: 6 | E85: ='eoy24'!I536 -> 1181390.2
A86: =IF(A88=1,1,0) -> 0 | C86: Schedule 19 - FY25 Assessment
A87: =IF(A88=1,1,0) -> 0 | C87: Line | D87: Column | E87: Entry
A88: =IF(AND(VLOOKUP(VALUE('eoy24'!C7),code436,5)="yes",E88=0),1,0) -> 0 | C88: 7680 | D88: 6 | E88: ='eoy24'!I1175 -> 1225646
A89: =IF((A176+A262+A348+A434+A520+A606+A697+A755)>0,1,0) -> 0
A90: =IF((A176+A262+A348+A434+A520+A606+A697+A755)>0,1,0) -> 0 | B90: Edit 4: Correspondence of Revenues and Expenditures From Grants and Other Funds
A91: =IF(A$176=1,1,0) -> 0 | C91: Expenditures, Other DESE Administered Federal Grants | G91: Revenues, DESE Administered Federal Grants
A92: =IF(A$176=1,1,0) -> 0 | C92: Schedule 1, C.2, Columns 1-3 | G92: Schedule 1 C, Line 300
A93: =IF(A$176=1,1,0) -> 0 | C93: Line | D93: Description | E93: Entry | G93: Line | H93: Column | I93: Entry
A94: =IF(AND(E94>0,E$176=1),1,0) -> 0 | C94: 2801 | D94: School Committee (1110) | E94: =SUM('eoy24'!E547:G547) -> 0
A95: =IF(AND(E95>0,E$176=1),1,0) -> 0 | C95: 2802 | D95: Superintendent (1210) | E95: =SUM('eoy24'!E548:G548) -> 0
A96: =IF(AND(E96>0,E$176=1),1,0) -> 0 | C96: 2803 | D96: Assistant Superintendents (1220) | E96: =SUM('eoy24'!E549:G549) -> 0
A97: =IF(AND(E97>0,E$176=1),1,0) -> 0 | C97: 2804 | D97: Other District-Wide Administration (1230) | E97: =SUM('eoy24'!E550:G550) -> 0
A98: =IF(AND(E98>0,E$176=1),1,0) -> 0 | C98: 2805 | D98: Business and Finance (1410) | E98: =SUM('eoy24'!E551:G551) -> 0
A99: =IF(AND(E99>0,E$176=1),1,0) -> 0 | C99: 2806 | D99: Human Resources and Benefits (1420) | E99: =SUM('eoy24'!E552:G552) -> 0
A100: =IF(AND(E100>0,E$176=1),1,0) -> 0 | C100: 2807 | D100: Legal Service For School Committee (1430) | E100: =SUM('eoy24'!E553:G553) -> 0
A101: =IF(AND(E101>0,E$176=1),1,0) -> 0 | C101: 2808 | D101: Legal Settlements (1435) | E101: =SUM('eoy24'!E554:G554) -> 0
A102: =IF(AND(E102>0,E$176=1),1,0) -> 0 | C102: 2809 | D102: Administrative Technology–Districtwide (1450) | E102: =SUM('eoy24'!E555:G555) -> 0
A103: =IF(AND(E103>0,E$176=1),1,0) -> 0 | C103: 2810 | D103: Curriculum Directors and Dept. Heads (Supervisory) (2110) | E103: =SUM('eoy24'!E557:G557) -> 0
A104: =IF(AND(E104>0,E$176=1),1,0) -> 0 | C104: 2811 | D104: Curriculum Directors and Dept. Heads (Non-Supervisory) (2120) | E104: =SUM('eoy24'!E558:G558) -> 0
A105: =IF(AND(E105>0,E$176=1),1,0) -> 0 | C105: 2812 | D105: Instructional Technology Leadership and Training (2130) | E105: =SUM('eoy24'!E559:G559) -> 0
A106: =IF(AND(E106>0,E$176=1),1,0) -> 0 | C106: 2814 | D106: School Leadership-Building (2210) | E106: =SUM('eoy24'!E560:G560) -> 0
...

Sheet schedule3_total
A8: 2023-2024 End of Year Pupil and Financial Report | C8: 1 | D8: 2 | E8: 3 | F8: 4 | G8: 5 | H8: 6 | I8: 7 | J8: 8 | K8: 9 | L8: 10 | M8: 11 | N8: 12 | O8: 13 | P8: 14 | Q8: 15 | R8: 16 | S8: 17 | T8: 18 | U8: 19 | V8: 20 | W8: 21 | X8: 22 | Y8: 23 | Z8: 24 | AA8: 25 | AB8: 26
A9: Schedule 3 District Total | J9: FEDERAL GRANTS | U9: STATE GRANTS | X9: REVOLVING AND SPECIAL REVENUE FUNDS
F10: Adult Ed. | Q10: Other | R10: DESE | V10: DESE | Z10: School | AB10: Total
E11: Chapter 74 | F11: And | H11: Total | O11: ESSER | Q11: DESE | R11: Administered | U11: DESE | V11: Administered | W11: Other | Z11: Choice and | AA11: Other | AB11: Expenditures
C12: Regular | D12: Special | E12: Vocational/ | F12: Other | H12: School | I12: City/Town | J12: Title I | K12: IDEA | L12: ESSER I | M12: ESSER II | N12: ESSER III | O12: SEA | Q12: Administered | R12: Federal | S12: Other | U12: Administered | V12: State | W12: State | X12: Circuit | Y12: Private | Z12: Other | AA12: Local | AB12: All
C13: Day | D13: Education | E13: Technical | F13: Programs | G13: Undistributed | H13: Committee | I13: Appropriation | J13: FC 305 | K13: FC 240 | L13: FC 113 | M13: FC 115 | N13: FC 119 | O13: Reserve | P13: GEER | Q13: Federal | R13: Adult Ed. | S13: Federal | T13: Blank | U13: State | V13: Adult Ed. | W13: Grants | X13: Breaker | Y13: Grants | Z13: Tuition | AA13: Receipts | AB13: Funds
A14: Line | B14: Curriculum Directors and Department Heads (Supervisory) (2110)
A15: 3401 | B15: Professional Salaries (01) | C15: =SUMIF(lines,$A15,day) -> 121000 | D15: =SUMIF(lines,$A15,special) -> 142900 | E15: =SUMIF(lines,$A15,occday) -> 0 | F15: =SUMIF(lines,$A15,other) -> 0 | H15: =ROUND(SUM(C15:F15),0) -> 263900 | J15: =SUMIF(lines,$A15,TitleI) -> 0 | K15: =SUMIF(lines,$A15,IDEA) -> 0 | L15: =SUMIF(lines,$A15,ESSERI) -> 0 | M15: =SUMIF(lines,$A15,ESSERII) -> 0 | N15: =SUMIF(lines,$A15,ESSERIII) -> 0 | O15: =SUMIF(lines,$A15,ESSERG) -> 0 | P15: =SUMIF(lines,$A15,GEER) -> 0 | Q15: =SUMIF(lines,$A15,doefed) -> 0 | R15: =SUMIF(lines,$A15,adultfed) -> 0 | S15: =SUMIF(lines,$A15,otherfed) -> 0 | U15: =SUMIF(lines,$A15,doestate) -> 0 | V15: =SUMIF(lines,$A15,adultstate) -> 0 | W15: =SUMIF(lines,$A15,otherstate) -> 0 | X15: =SUMIF(lines,$A15,circuitbreaker) -> 0 | Y15: =SUMIF(lines,$A15,private) -> 0 | Z15: =SUMIF(lines,$A15,schchoice) -> 0 | AA15: =SUMIF(lines,$A15,otherreceipts) -> 0 | AB15: =ROUND(SUM(H15:AA15),0) -> 263900
A16: 3402 | B16: Clerical Salaries (02) | C16: =SUMIF(lines,$A16,day) -> 0 | D16: =SUMIF(lines,$A16,special) -> 57351 | E16: =SUMIF(lines,$A16,occday) -> 0 | F16: =SUMIF(lines,$A16,other) -> 0 | H16: =ROUND(SUM(C16:F16),0) -> 57351 | J16: =SUMIF(lines,$A16,TitleI) -> 0 | K16: =SUMIF(lines,$A16,IDEA) -> 0 | L16: =SUMIF(lines,$A16,ESSERI) -> 0 | M16: =SUMIF(lines,$A16,ESSERII) -> 0 | N16: =SUMIF(lines,$A16,ESSERIII) -> 0 | O16: =SUMIF(lines,$A16,ESSERG) -> 0 | P16: =SUMIF(lines,$A16,GEER) -> 0 | Q16: =SUMIF(lines,$A16,doefed) -> 0 | R16: =SUMIF(lines,$A16,adultfed) -> 0 | S16: =SUMIF(lines,$A16,otherfed) -> 0 | U16: =SUMIF(lines,$A16,doestate) -> 0 | V16: =SUMIF(lines,$A16,adultstate) -> 0 | W16: =SUMIF(lines,$A16,otherstate) -> 0 | X16: =SUMIF(lines,$A16,circuitbreaker) -> 0 | Y16: =SUMIF(lines,$A16,private) -> 0 | Z16: =SUMIF(lines,$A16,schchoice) -> 0 | AA16: =SUMIF(lines,$A16,otherreceipts) -> 0 | AB16: =ROUND(SUM(H16:AA16),0) -> 57351
A17: 3403 | B17: Other Salaries (03) | C17: =SUMIF(lines,$A17,day) -> 0 | D17: =SUMIF(lines,$A17,special) -> 0 | E17: =SUMIF(lines,$A17,occday) -> 0 | F17: =SUMIF(lines,$A17,other) -> 0 | H17: =ROUND(SUM(C17:F17),0) -> 0 | J17: =SUMIF(lines,$A17,TitleI) -> 0 | K17: =SUMIF(lines,$A17,IDEA) -> 0 | L17: =SUMIF(lines,$A17,ESSERI) -> 0 | M17: =SUMIF(lines,$A17,ESSERII) -> 0 | N17: =SUMIF(lines,$A17,ESSERIII) -> 0 | O17: =SUMIF(lines,$A17,ESSERG) -> 0 | P17: =SUMIF(lines,$A17,GEER) -> 0 | Q17: =SUMIF(lines,$A17,doefed) -> 0 | R17: =SUMIF(lines,$A17,adultfed) -> 0 | S17: =SUMIF(lines,$A17,otherfed) -> 0 | U17: =SUMIF(lines,$A17,doestate) -> 0 | V17: =SUMIF(lines,$A17,adultstate) -> 0 | W17: =SUMIF(lines,$A17,otherstate) -> 0 | X17: =SUMIF(lines,$A17,circuitbreaker) -> 0 | Y17: =SUMIF(lines,$A17,private) -> 0 | Z17: =SUMIF(lines,$A17,schchoice) -> 0 | AA17: =SUMIF(lines,$A17,otherreceipts) -> 0 | AB17: =ROUND(SUM(H17:AA17),0) -> 0
A18: 3404 | B18: Contracted Services (04) | C18: =SUMIF(lines,$A18,day) -> 0 | D18: =SUMIF(lines,$A18,special) -> 29483 | E18: =SUMIF(lines,$A18,occday) -> 0 | F18: =SUMIF(lines,$A18,other) -> 0 | H18: =ROUND(SUM(C18:F18),0) -> 29483 | J18: =SUMIF(lines,$A18,TitleI) -> 0 | K18: =SUMIF(lines,$A18,IDEA) -> 0 | L18: =SUMIF(lines,$A18,ESSERI) -> 0 | M18: =SUMIF(lines,$A18,ESSERII) -> 0 | N18: =SUMIF(lines,$A18,ESSERIII) -> 0 | O18: =SUMIF(lines,$A18,ESSERG) -> 0 | P18: =SUMIF(lines,$A18,GEER) -> 0 | Q18: =SUMIF(lines,$A18,doefed) -> 0 | R18: =SUMIF(lines,$A18,adultfed) -> 0 | S18: =SUMIF(lines,$A18,otherfed) -> 0 | U18: =SUMIF(lines,$A18,doestate) -> 0 | V18: =SUMIF(lines,$A18,adultstate) -> 0 | W18: =SUMIF(lines,$A18,otherstate) -> 0 | X18: =SUMIF(lines,$A18,circuitbreaker) -> 0 | Y18: =SUMIF(lines,$A18,private) -> 0 | Z18: =SUMIF(lines,$A18,schchoice) -> 0 | AA18: =SUMIF(lines,$A18,otherreceipts) -> 0 | AB18: =ROUND(SUM(H18:AA18),0) -> 29483
A19: 3405 | B19: Supplies and Materials (05) | C19: =SUMIF(lines,$A19,day) -> 32287 | D19: =SUMIF(lines,$A19,special) -> 25612.17 | E19: =SUMIF(lines,$A19,occday) -> 0 | F19: =SUMIF(lines,$A19,other) -> 0 | H19: =ROUND(SUM(C19:F19),0) -> 57899 | J19: =SUMIF(lines,$A19,TitleI) -> 0 | K19: =SUMIF(lines,$A19,IDEA) -> 0 | L19: =SUMIF(lines,$A19,ESSERI) -> 0 | M19: =SUMIF(lines,$A19,ESSERII) -> 0 | N19: =SUMIF(lines,$A19,ESSERIII) -> 0 | O19: =SUMIF(lines,$A19,ESSERG) -> 0 | P19: =SUMIF(lines,$A19,GEER) -> 0 | Q19: =SUMIF(lines,$A19,doefed) -> 0 | R19: =SUMIF(lines,$A19,adultfed) -> 0 | S19: =SUMIF(lines,$A19,otherfed) -> 0 | U19: =SUMIF(lines,$A19,doestate) -> 0 | V19: =SUMIF(lines,$A19,adultstate) -> 0 | W19: =SUMIF(lines,$A19,otherstate) -> 0 | X19: =SUMIF(lines,$A19,circuitbreaker) -> 0 | Y19: =SUMIF(lines,$A19,private) -> 0 | Z19: =SUMIF(lines,$A19,schchoice) -> 0 | AA19: =SUMIF(lines,$A19,otherreceipts) -> 0 | AB19: =ROUND(SUM(H19:AA19),0) -> 57899
A20: 3406 | B20: Other Expenses (06) | C20: =SUMIF(lines,$A20,day) -> 0 | D20: =SUMIF(lines,$A20,special) -> 0 | E20: =SUMIF(lines,$A20,occday) -> 0 | F20: =SUMIF(lines,$A20,other) -> 0 | H20: =ROUND(SUM(C20:F20),0) -> 0 | J20: =SUMIF(lines,$A20,TitleI) -> 0 | K20: =SUMIF(lines,$A20,IDEA) -> 0 | L20: =SUMIF(lines,$A20,ESSERI) -> 0 | M20: =SUMIF(lines,$A20,ESSERII) -> 0 | N20: =SUMIF(lines,$A20,ESSERIII) -> 0 | O20: =SUMIF(lines,$A20,ESSERG) -> 0 | P20: =SUMIF(lines,$A20,GEER) -> 0 | Q20: =SUMIF(lines,$A20,doefed) -> 0 | R20: =SUMIF(lines,$A20,adultfed) -> 0 | S20: =SUMIF(lines,$A20,otherfed) -> 0 | U20: =SUMIF(lines,$A20,doestate) -> 0 | V20: =SUMIF(lines,$A20,adultstate) -> 0 | W20: =SUMIF(lines,$A20,otherstate) -> 0 | X20: =SUMIF(lines,$A20,circuitbreaker) -> 0 | Y20: =SUMIF(lines,$A20,private) -> 0 | Z20: =SUMIF(lines,$A20,schchoice) -> 0 | AA20: =SUMIF(lines,$A20,otherreceipts) -> 0 | AB20: =ROUND(SUM(H20:AA20),0) -> 0
A21: 3409 | B21: Sub-total | C21: =ROUND(SUM(C15:C20),0) -> 153287 | D21: =ROUND(SUM(D15:D20),0) -> 255346 | E21: =ROUND(SUM(E15:E20),0) -> 0 | F21: =ROUND(SUM(F15:F20),0) -> 0 | H21: =ROUND(SUM(C21:F21),0) -> 408633 | J21: =ROUND(SUM(J15:J20),0) -> 0 | K21: =ROUND(SUM(K15:K20),0) -> 0 | L21: =ROUND(SUM(L15:L20),0) -> 0 | M21: =ROUND(SUM(M15:M20),0) -> 0 | N21: =ROUND(SUM(N15:N20),0) -> 0 | O21: =ROUND(SUM(O15:O20),0) -> 0 | P21: =ROUND(SUM(P15:P20),0) -> 0 | Q21: =ROUND(SUM(Q15:Q20),0) -> 0 | ... S21: =ROUND(SUM(S15:S20),0) -> 0 | U21: =ROUND(SUM(U15:U20),0) -> 0 | V21: =ROUND(SUM(V15:V20),0) -> 0 | W21: =ROUND(SUM(W15:W20),0) -> 0 | X21: =ROUND(SUM(X15:X20),0) -> 0 | Y21: =ROUND(SUM(Y15:Y20),0) -> 0 | Z21: =ROUND(SUM(Z15:Z20),0) -> 0 | AA21: =ROUND(SUM(AA15:AA20),0) -> 0 | AB21: =ROUND(SUM(H21:AA21),0) -> 408633
B22: Curriculum Directors and Department Heads (Non-Supervisory) (2120)
A23: 3411 | B23: Professional Salaries (01) | C23: =SUMIF(lines,$A23,day) -> 0 | D23: =SUMIF(lines,$A23,special) -> 0 | E23: =SUMIF(lines,$A23,occday) -> 0 | F23: =SUMIF(lines,$A23,other) -> 0 | H23: =ROUND(SUM(C23:F23),0) -> 0 | J23: =SUMIF(lines,$A23,TitleI) -> 0 | K23: =SUMIF(lines,$A23,IDEA) -> 0 | L23: =SUMIF(lines,$A23,ESSERI) -> 0 | M23: =SUMIF(lines,$A23,ESSERII) -> 0 | N23: =SUMIF(lines,$A23,ESSERIII) -> 0 | O23: =SUMIF(lines,$A23,ESSERG) -> 0 | P23: =SUMIF(lines,$A23,GEER) -> 0 | Q23: =SUMIF(lines,$A23,doefed) -> 0 | R23: =SUMIF(lines,$A23,adultfed) -> 0 | S23: =SUMIF(lines,$A23,otherfed) -> 0 | U23: =SUMIF(lines,$A23,doestate) -> 0 | V23: =SUMIF(lines,$A23,adultstate) -> 0 | W23: =SUMIF(lines,$A23,otherstate) -> 0 | X23: =SUMIF(lines,$A23,circuitbreaker) -> 0 | Y23: =SUMIF(lines,$A23,private) -> 0 | Z23: =SUMIF(lines,$A23,schchoice) -> 0 | AA23: =SUMIF(lines,$A23,otherreceipts) -> 0 | AB23: =ROUND(SUM(H23:AA23),0) -> 0
A24: 3412 | B24: Clerical Salaries (02) | C24: =SUMIF(lines,$A24,day) -> 0 | D24: =SUMIF(lines,$A24,special) -> 0 | E24: =SUMIF(lines,$A24,occday) -> 0 | F24: =SUMIF(lines,$A24,other) -> 0 | H24: =ROUND(SUM(C24:F24),0) -> 0 | J24: =SUMIF(lines,$A24,TitleI) -> 0 | K24: =SUMIF(lines,$A24,IDEA) -> 0 | L24: =SUMIF(lines,$A24,ESSERI) -> 0 | M24: =SUMIF(lines,$A24,ESSERII) -> 0 | N24: =SUMIF(lines,$A24,ESSERIII) -> 0 | O24: =SUMIF(lines,$A24,ESSERG) -> 0 | P24: =SUMIF(lines,$A24,GEER) -> 0 | Q24: =SUMIF(lines,$A24,doefed) -> 0 | R24: =SUMIF(lines,$A24,adultfed) -> 0 | S24: =SUMIF(lines,$A24,otherfed) -> 0 | U24: =SUMIF(lines,$A24,doestate) -> 0 | V24: =SUMIF(lines,$A24,adultstate) -> 0 | W24: =SUMIF(lines,$A24,otherstate) -> 0 | X24: =SUMIF(lines,$A24,circuitbreaker) -> 0 | Y24: =SUMIF(lines,$A24,private) -> 0 | Z24: =SUMIF(lines,$A24,schchoice) -> 0 | AA24: =SUMIF(lines,$A24,otherreceipts) -> 0 | AB24: =ROUND(SUM(H24:AA24),0) -> 0
A25: 3413 | B25: Other Salaries (03) | C25: =SUMIF(lines,$A25,day) -> 0 | D25: =SUMIF(lines,$A25,special) -> 0 | E25: =SUMIF(lines,$A25,occday) -> 0 | F25: =SUMIF(lines,$A25,other) -> 0 | H25: =ROUND(SUM(C25:F25),0) -> 0 | J25: =SUMIF(lines,$A25,TitleI) -> 0 | K25: =SUMIF(lines,$A25,IDEA) -> 0 | L25: =SUMIF(lines,$A25,ESSERI) -> 0 | M25: =SUMIF(lines,$A25,ESSERII) -> 0 | N25: =SUMIF(lines,$A25,ESSERIII) -> 0 | O25: =SUMIF(lines,$A25,ESSERG) -> 0 | P25: =SUMIF(lines,$A25,GEER) -> 0 | Q25: =SUMIF(lines,$A25,doefed) -> 0 | R25: =SUMIF(lines,$A25,adultfed) -> 0 | S25: =SUMIF(lines,$A25,otherfed) -> 0 | U25: =SUMIF(lines,$A25,doestate) -> 0 | V25: =SUMIF(lines,$A25,adultstate) -> 0 | W25: =SUMIF(lines,$A25,otherstate) -> 0 | X25: =SUMIF(lines,$A25,circuitbreaker) -> 0 | Y25: =SUMIF(lines,$A25,private) -> 0 | Z25: =SUMIF(lines,$A25,schchoice) -> 0 | AA25: =SUMIF(lines,$A25,otherreceipts) -> 0 | AB25: =ROUND(SUM(H25:AA25),0) -> 0
A26: 3414 | B26: Contracted Services (04) | C26: =SUMIF(lines,$A26,day) -> 0 | D26: =SUMIF(lines,$A26,special) -> 0 | E26: =SUMIF(lines,$A26,occday) -> 0 | F26: =SUMIF(lines,$A26,other) -> 0 | H26: =ROUND(SUM(C26:F26),0) -> 0 | J26: =SUMIF(lines,$A26,TitleI) -> 0 | K26: =SUMIF(lines,$A26,IDEA) -> 0 | L26: =SUMIF(lines,$A26,ESSERI) -> 0 | M26: =SUMIF(lines,$A26,ESSERII) -> 0 | N26: =SUMIF(lines,$A26,ESSERIII) -> 0 | O26: =SUMIF(lines,$A26,ESSERG) -> 0 | P26: =SUMIF(lines,$A26,GEER) -> 0 | Q26: =SUMIF(lines,$A26,doefed) -> 0 | R26: =SUMIF(lines,$A26,adultfed) -> 0 | S26: =SUMIF(lines,$A26,otherfed) -> 0 | U26: =SUMIF(lines,$A26,doestate) -> 0 | V26: =SUMIF(lines,$A26,adultstate) -> 0 | W26: =SUMIF(lines,$A26,otherstate) -> 0 | X26: =SUMIF(lines,$A26,circuitbreaker) -> 0 | Y26: =SUMIF(lines,$A26,private) -> 0 | Z26: =SUMIF(lines,$A26,schchoice) -> 0 | AA26: =SUMIF(lines,$A26,otherreceipts) -> 0 | AB26: =ROUND(SUM(H26:AA26),0) -> 0
A27: 3415 | B27: Supplies and Materials (05) | C27: =SUMIF(lines,$A27,day) -> 0 | D27: =SUMIF(lines,$A27,special) -> 0 | E27: =SUMIF(lines,$A27,occday) -> 0 | F27: =SUMIF(lines,$A27,other) -> 0 | H27: =ROUND(SUM(C27:F27),0) -> 0 | J27: =SUMIF(lines,$A27,TitleI) -> 0 | K27: =SUMIF(lines,$A27,IDEA) -> 0 | L27: =SUMIF(lines,$A27,ESSERI) -> 0 | M27: =SUMIF(lines,$A27,ESSERII) -> 0 | N27: =SUMIF(lines,$A27,ESSERIII) -> 0 | O27: =SUMIF(lines,$A27,ESSERG) -> 0 | P27: =SUMIF(lines,$A27,GEER) -> 0 | Q27: =SUMIF(lines,$A27,doefed) -> 0 | R27: =SUMIF(lines,$A27,adultfed) -> 0 | S27: =SUMIF(lines,$A27,otherfed) -> 0 | U27: =SUMIF(lines,$A27,doestate) -> 0 | V27: =SUMIF(lines,$A27,adultstate) -> 0 | W27: =SUMIF(lines,$A27,otherstate) -> 0 | X27: =SUMIF(lines,$A27,circuitbreaker) -> 0 | Y27: =SUMIF(lines,$A27,private) -> 0 | Z27: =SUMIF(lines,$A27,schchoice) -> 0 | AA27: =SUMIF(lines,$A27,otherreceipts) -> 0 | AB27: =ROUND(SUM(H27:AA27),0) -> 0
A28: 3416 | B28: Other Expenses (06) | C28: =SUMIF(lines,$A28,day) -> 0 | D28: =SUMIF(lines,$A28,special) -> 0 | E28: =SUMIF(lines,$A28,occday) -> 0 | F28: =SUMIF(lines,$A28,other) -> 0 | H28: =ROUND(SUM(C28:F28),0) -> 0 | J28: =SUMIF(lines,$A28,TitleI) -> 0 | K28: =SUMIF(lines,$A28,IDEA) -> 0 | L28: =SUMIF(lines,$A28,ESSERI) -> 0 | M28: =SUMIF(lines,$A28,ESSERII) -> 0 | N28: =SUMIF(lines,$A28,ESSERIII) -> 0 | O28: =SUMIF(lines,$A28,ESSERG) -> 0 | P28: =SUMIF(lines,$A28,GEER) -> 0 | Q28: =SUMIF(lines,$A28,doefed) -> 0 | R28: =SUMIF(lines,$A28,adultfed) -> 0 | S28: =SUMIF(lines,$A28,otherfed) -> 0 | U28: =SUMIF(lines,$A28,doestate) -> 0 | V28: =SUMIF(lines,$A28,adultstate) -> 0 | W28: =SUMIF(lines,$A28,otherstate) -> 0 | X28: =SUMIF(lines,$A28,circuitbreaker) -> 0 | Y28: =SUMIF(lines,$A28,private) -> 0 | Z28: =SUMIF(lines,$A28,schchoice) -> 0 | AA28: =SUMIF(lines,$A28,otherreceipts) -> 0 | AB28: =ROUND(SUM(H28:AA28),0) -> 0
A29: 3419 | B29: Sub-total | C29: =ROUND(SUM(C23:C28),0) -> 0 | D29: =ROUND(SUM(D23:D28),0) -> 0 | E29: =ROUND(SUM(E23:E28),0) -> 0 | F29: =ROUND(SUM(F23:F28),0) -> 0 | H29: =ROUND(SUM(C29:F29),0) -> 0 | J29: =ROUND(SUM(J23:J28),0) -> 0 | K29: =ROUND(SUM(K23:K28),0) -> 0 | L29: =ROUND(SUM(L23:L28),0) -> 0 | M29: =ROUND(SUM(M23:M28),0) -> 0 | N29: =ROUND(SUM(N23:N28),0) -> 0 | O29: =ROUND(SUM(O23:O28),0) -> 0 | P29: =ROUND(SUM(P23:P28),0) -> 0 | Q29: =ROUND(SUM(Q23:Q28),0) -> 0 | ... S29: =ROUND(SUM(S23:S28),0) -> 0 | U29: =ROUND(SUM(U23:U28),0) -> 0 | V29: =ROUND(SUM(V23:V28),0) -> 0 | W29: =ROUND(SUM(W23:W28),0) -> 0 | X29: =ROUND(SUM(X23:X28),0) -> 0 | Y29: =ROUND(SUM(Y23:Y28),0) -> 0 | Z29: =ROUND(SUM(Z23:Z28),0) -> 0 | AA29: =ROUND(SUM(AA23:AA28),0) -> 0 | AB29: =ROUND(SUM(H29:AA29),0) -> 0
B30: Instructional Technology Leadership and Training (2130)
A31: 3421 | B31: Professional Salaries (01) | C31: =SUMIF(lines,$A31,day) -> 0 | D31: =SUMIF(lines,$A31,special) -> 0 | E31: =SUMIF(lines,$A31,occday) -> 0 | F31: =SUMIF(lines,$A31,other) -> 0 | H31: =ROUND(SUM(C31:F31),0) -> 0 | J31: =SUMIF(lines,$A31,TitleI) -> 0 | K31: =SUMIF(lines,$A31,IDEA) -> 0 | L31: =SUMIF(lines,$A31,ESSERI) -> 0 | M31: =SUMIF(lines,$A31,ESSERII) -> 0 | N31: =SUMIF(lines,$A31,ESSERIII) -> 0 | O31: =SUMIF(lines,$A31,ESSERG) -> 0 | P31: =SUMIF(lines,$A31,GEER) -> 0 | Q31: =SUMIF(lines,$A31,doefed) -> 0 | R31: =SUMIF(lines,$A31,adultfed) -> 0 | S31: =SUMIF(lines,$A31,otherfed) -> 0 | U31: =SUMIF(lines,$A31,doestate) -> 0 | V31: =SUMIF(lines,$A31,adultstate) -> 0 | W31: =SUMIF(lines,$A31,otherstate) -> 0 | X31: =SUMIF(lines,$A31,circuitbreaker) -> 0 | Y31: =SUMIF(lines,$A31,private) -> 0 | Z31: =SUMIF(lines,$A31,schchoice) -> 0 | AA31: =SUMIF(lines,$A31,otherreceipts) -> 0 | AB31: =ROUND(SUM(H31:AA31),0) -> 0
A32: 3422 | B32: Clerical Salaries (02) | C32: =SUMIF(lines,$A32,day) -> 0 | D32: =SUMIF(lines,$A32,special) -> 0 | E32: =SUMIF(lines,$A32,occday) -> 0 | F32: =SUMIF(lines,$A32,other) -> 0 | H32: =ROUND(SUM(C32:F32),0) -> 0 | J32: =SUMIF(lines,$A32,TitleI) -> 0 | K32: =SUMIF(lines,$A32,IDEA) -> 0 | L32: =SUMIF(lines,$A32,ESSERI) -> 0 | M32: =SUMIF(lines,$A32,ESSERII) -> 0 | N32: =SUMIF(lines,$A32,ESSERIII) -> 0 | O32: =SUMIF(lines,$A32,ESSERG) -> 0 | P32: =SUMIF(lines,$A32,GEER) -> 0 | Q32: =SUMIF(lines,$A32,doefed) -> 0 | R32: =SUMIF(lines,$A32,adultfed) -> 0 | S32: =SUMIF(lines,$A32,otherfed) -> 0 | U32: =SUMIF(lines,$A32,doestate) -> 0 | V32: =SUMIF(lines,$A32,adultstate) -> 0 | W32: =SUMIF(lines,$A32,otherstate) -> 0 | X32: =SUMIF(lines,$A32,circuitbreaker) -> 0 | Y32: =SUMIF(lines,$A32,private) -> 0 | Z32: =SUMIF(lines,$A32,schchoice) -> 0 | AA32: =SUMIF(lines,$A32,otherreceipts) -> 0 | AB32: =ROUND(SUM(H32:AA32),0) -> 0
A33: 3423 | B33: Other Salaries (03) | C33: =SUMIF(lines,$A33,day) -> 0 | D33: =SUMIF(lines,$A33,special) -> 0 | E33: =SUMIF(lines,$A33,occday) -> 0 | F33: =SUMIF(lines,$A33,other) -> 0 | H33: =ROUND(SUM(C33:F33),0) -> 0 | J33: =SUMIF(lines,$A33,TitleI) -> 0 | K33: =SUMIF(lines,$A33,IDEA) -> 0 | L33: =SUMIF(lines,$A33,ESSERI) -> 0 | M33: =SUMIF(lines,$A33,ESSERII) -> 0 | N33: =SUMIF(lines,$A33,ESSERIII) -> 0 | O33: =SUMIF(lines,$A33,ESSERG) -> 0 | P33: =SUMIF(lines,$A33,GEER) -> 0 | Q33: =SUMIF(lines,$A33,doefed) -> 0 | R33: =SUMIF(lines,$A33,adultfed) -> 0 | S33: =SUMIF(lines,$A33,otherfed) -> 0 | U33: =SUMIF(lines,$A33,doestate) -> 0 | V33: =SUMIF(lines,$A33,adultstate) -> 0 | W33: =SUMIF(lines,$A33,otherstate) -> 0 | X33: =SUMIF(lines,$A33,circuitbreaker) -> 0 | Y33: =SUMIF(lines,$A33,private) -> 0 | Z33: =SUMIF(lines,$A33,schchoice) -> 0 | AA33: =SUMIF(lines,$A33,otherreceipts) -> 0 | AB33: =ROUND(SUM(H33:AA33),0) -> 0
A34: 3424 | B34: Contracted Services (04) | C34: =SUMIF(lines,$A34,day) -> 0 | D34: =SUMIF(lines,$A34,special) -> 0 | E34: =SUMIF(lines,$A34,occday) -> 0 | F34: =SUMIF(lines,$A34,other) -> 0 | H34: =ROUND(SUM(C34:F34),0) -> 0 | J34: =SUMIF(lines,$A34,TitleI) -> 0 | K34: =SUMIF(lines,$A34,IDEA) -> 0 | L34: =SUMIF(lines,$A34,ESSERI) -> 0 | M34: =SUMIF(lines,$A34,ESSERII) -> 0 | N34: =SUMIF(lines,$A34,ESSERIII) -> 0 | O34: =SUMIF(lines,$A34,ESSERG) -> 0 | P34: =SUMIF(lines,$A34,GEER) -> 0 | Q34: =SUMIF(lines,$A34,doefed) -> 0 | R34: =SUMIF(lines,$A34,adultfed) -> 0 | S34: =SUMIF(lines,$A34,otherfed) -> 0 | U34: =SUMIF(lines,$A34,doestate) -> 0 | V34: =SUMIF(lines,$A34,adultstate) -> 0 | W34: =SUMIF(lines,$A34,otherstate) -> 0 | X34: =SUMIF(lines,$A34,circuitbreaker) -> 0 | Y34: =SUMIF(lines,$A34,private) -> 0 | Z34: =SUMIF(lines,$A34,schchoice) -> 0 | AA34: =SUMIF(lines,$A34,otherreceipts) -> 0 | AB34: =ROUND(SUM(H34:AA34),0) -> 0
A35: 3425 | B35: Supplies and Materials (05) | C35: =SUMIF(lines,$A35,day) -> 0 | D35: =SUMIF(lines,$A35,special) -> 0 | E35: =SUMIF(lines,$A35,occday) -> 0 | F35: =SUMIF(lines,$A35,other) -> 0 | H35: =ROUND(SUM(C35:F35),0) -> 0 | J35: =SUMIF(lines,$A35,TitleI) -> 0 | K35: =SUMIF(lines,$A35,IDEA) -> 0 | L35: =SUMIF(lines,$A35,ESSERI) -> 0 | M35: =SUMIF(lines,$A35,ESSERII) -> 0 | N35: =SUMIF(lines,$A35,ESSERIII) -> 0 | O35: =SUMIF(lines,$A35,ESSERG) -> 0 | P35: =SUMIF(lines,$A35,GEER) -> 0 | Q35: =SUMIF(lines,$A35,doefed) -> 0 | R35: =SUMIF(lines,$A35,adultfed) -> 0 | S35: =SUMIF(lines,$A35,otherfed) -> 0 | U35: =SUMIF(lines,$A35,doestate) -> 0 | V35: =SUMIF(lines,$A35,adultstate) -> 0 | W35: =SUMIF(lines,$A35,otherstate) -> 0 | X35: =SUMIF(lines,$A35,circuitbreaker) -> 0 | Y35: =SUMIF(lines,$A35,private) -> 0 | Z35: =SUMIF(lines,$A35,schchoice) -> 0 | AA35: =SUMIF(lines,$A35,otherreceipts) -> 0 | AB35: =ROUND(SUM(H35:AA35),0) -> 0
A36: 3426 | B36: Other Expenses (06) | C36: =SUMIF(lines,$A36,day) -> 0 | D36: =SUMIF(lines,$A36,special) -> 0 | E36: =SUMIF(lines,$A36,occday) -> 0 | F36: =SUMIF(lines,$A36,other) -> 0 | H36: =ROUND(SUM(C36:F36),0) -> 0 | J36: =SUMIF(lines,$A36,TitleI) -> 0 | K36: =SUMIF(lines,$A36,IDEA) -> 0 | L36: =SUMIF(lines,$A36,ESSERI) -> 0 | M36: =SUMIF(lines,$A36,ESSERII) -> 0 | N36: =SUMIF(lines,$A36,ESSERIII) -> 0 | O36: =SUMIF(lines,$A36,ESSERG) -> 0 | P36: =SUMIF(lines,$A36,GEER) -> 0 | Q36: =SUMIF(lines,$A36,doefed) -> 0 | R36: =SUMIF(lines,$A36,adultfed) -> 0 | S36: =SUMIF(lines,$A36,otherfed) -> 0 | U36: =SUMIF(lines,$A36,doestate) -> 0 | V36: =SUMIF(lines,$A36,adultstate) -> 0 | W36: =SUMIF(lines,$A36,otherstate) -> 0 | X36: =SUMIF(lines,$A36,circuitbreaker) -> 0 | Y36: =SUMIF(lines,$A36,private) -> 0 | Z36: =SUMIF(lines,$A36,schchoice) -> 0 | AA36: =SUMIF(lines,$A36,otherreceipts) -> 0 | AB36: =ROUND(SUM(H36:AA36),0) -> 0
A37: 3427 | B37: Sub-total | C37: =ROUND(SUM(C31:C36),0) -> 0 | D37: =ROUND(SUM(D31:D36),0) -> 0 | E37: =ROUND(SUM(E31:E36),0) -> 0 | F37: =ROUND(SUM(F31:F36),0) -> 0 | H37: =ROUND(SUM(C37:F37),0) -> 0 | J37: =ROUND(SUM(J31:J36),0) -> 0 | K37: =ROUND(SUM(K31:K36),0) -> 0 | L37: =ROUND(SUM(L31:L36),0) -> 0 | M37: =ROUND(SUM(M31:M36),0) -> 0 | N37: =ROUND(SUM(N31:N36),0) -> 0 | O37: =ROUND(SUM(O31:O36),0) -> 0 | P37: =ROUND(SUM(P31:P36),0) -> 0 | Q37: =ROUND(SUM(Q31:Q36),0) -> 0 | ... S37: =ROUND(SUM(S31:S36),0) -> 0 | U37: =ROUND(SUM(U31:U36),0) -> 0 | V37: =ROUND(SUM(V31:V36),0) -> 0 | W37: =ROUND(SUM(W31:W36),0) -> 0 | X37: =ROUND(SUM(X31:X36),0) -> 0 | Y37: =ROUND(SUM(Y31:Y36),0) -> 0 | Z37: =ROUND(SUM(Z31:Z36),0) -> 0 | AA37: =ROUND(SUM(AA31:AA36),0) -> 0 | AB37: =ROUND(SUM(H37:AA37),0) -> 0
B38: School Leadership-Building (2210)
A39: 3428 | B39: Professional Salaries (01) | G39: =SUMIF(lines,$A39,undist) -> 0 | H39: =ROUND(G39,0) -> 0 | J39: =SUMIF(lines,$A39,TitleI) -> 0 | K39: =SUMIF(lines,$A39,IDEA) -> 0 | L39: =SUMIF(lines,$A39,ESSERI) -> 0 | M39: =SUMIF(lines,$A39,ESSERII) -> 0 | N39: =SUMIF(lines,$A39,ESSERIII) -> 0 | O39: =SUMIF(lines,$A39,ESSERG) -> 0 | P39: =SUMIF(lines,$A39,GEER) -> 0 | Q39: =SUMIF(lines,$A39,doefed) -> 0 | R39: =SUMIF(lines,$A39,adultfed) -> 0 | S39: =SUMIF(lines,$A39,otherfed) -> 0 | U39: =SUMIF(lines,$A39,doestate) -> 0 | V39: =SUMIF(lines,$A39,adultstate) -> 0 | W39: =SUMIF(lines,$A39,otherstate) -> 0 | X39: =SUMIF(lines,$A39,circuitbreaker) -> 0 | Y39: =SUMIF(lines,$A39,private) -> 0 | Z39: =SUMIF(lines,$A39,schchoice) -> 0 | AA39: =SUMIF(lines,$A39,otherreceipts) -> 0 | AB39: =ROUND(SUM(H39:AA39),0) -> 0
A40: 3429 | B40: Clerical Salaries (02) | G40: =SUMIF(lines,$A40,undist) -> 0 | H40: =ROUND(G40,0) -> 0 | J40: =SUMIF(lines,$A40,TitleI) -> 0 | K40: =SUMIF(lines,$A40,IDEA) -> 0 | L40: =SUMIF(lines,$A40,ESSERI) -> 0 | M40: =SUMIF(lines,$A40,ESSERII) -> 0 | N40: =SUMIF(lines,$A40,ESSERIII) -> 0 | O40: =SUMIF(lines,$A40,ESSERG) -> 0 | P40: =SUMIF(lines,$A40,GEER) -> 0 | Q40: =SUMIF(lines,$A40,doefed) -> 0 | R40: =SUMIF(lines,$A40,adultfed) -> 0 | S40: =SUMIF(lines,$A40,otherfed) -> 0 | U40: =SUMIF(lines,$A40,doestate) -> 0 | V40: =SUMIF(lines,$A40,adultstate) -> 0 | W40: =SUMIF(lines,$A40,otherstate) -> 0 | X40: =SUMIF(lines,$A40,circuitbreaker) -> 0 | Y40: =SUMIF(lines,$A40,private) -> 0 | Z40: =SUMIF(lines,$A40,schchoice) -> 0 | AA40: =SUMIF(lines,$A40,otherreceipts) -> 0 | AB40: =ROUND(SUM(H40:AA40),0) -> 0
A41: 3430 | B41: Other Salaries (03) | G41: =SUMIF(lines,$A41,undist) -> 0 | H41: =ROUND(G41,0) -> 0 | J41: =SUMIF(lines,$A41,TitleI) -> 0 | K41: =SUMIF(lines,$A41,IDEA) -> 0 | L41: =SUMIF(lines,$A41,ESSERI) -> 0 | M41: =SUMIF(lines,$A41,ESSERII) -> 0 | N41: =SUMIF(lines,$A41,ESSERIII) -> 0 | O41: =SUMIF(lines,$A41,ESSERG) -> 0 | P41: =SUMIF(lines,$A41,GEER) -> 0 | Q41: =SUMIF(lines,$A41,doefed) -> 0 | R41: =SUMIF(lines,$A41,adultfed) -> 0 | S41: =SUMIF(lines,$A41,otherfed) -> 0 | U41: =SUMIF(lines,$A41,doestate) -> 0 | V41: =SUMIF(lines,$A41,adultstate) -> 0 | W41: =SUMIF(lines,$A41,otherstate) -> 0 | X41: =SUMIF(lines,$A41,circuitbreaker) -> 0 | Y41: =SUMIF(lines,$A41,private) -> 0 | Z41: =SUMIF(lines,$A41,schchoice) -> 0 | AA41: =SUMIF(lines,$A41,otherreceipts) -> 0 | AB41: =ROUND(SUM(H41:AA41),0) -> 0
A42: 3431 | B42: Contracted Services (04) | G42: =SUMIF(lines,$A42,undist) -> 0 | H42: =ROUND(G42,0) -> 0 | J42: =SUMIF(lines,$A42,TitleI) -> 0 | K42: =SUMIF(lines,$A42,IDEA) -> 0 | L42: =SUMIF(lines,$A42,ESSERI) -> 0 | M42: =SUMIF(lines,$A42,ESSERII) -> 0 | N42: =SUMIF(lines,$A42,ESSERIII) -> 0 | O42: =SUMIF(lines,$A42,ESSERG) -> 0 | P42: =SUMIF(lines,$A42,GEER) -> 0 | Q42: =SUMIF(lines,$A42,doefed) -> 0 | R42: =SUMIF(lines,$A42,adultfed) -> 0 | S42: =SUMIF(lines,$A42,otherfed) -> 0 | U42: =SUMIF(lines,$A42,doestate) -> 0 | V42: =SUMIF(lines,$A42,adultstate) -> 0 | W42: =SUMIF(lines,$A42,otherstate) -> 0 | X42: =SUMIF(lines,$A42,circuitbreaker) -> 0 | Y42: =SUMIF(lines,$A42,private) -> 0 | Z42: =SUMIF(lines,$A42,schchoice) -> 0 | AA42: =SUMIF(lines,$A42,otherreceipts) -> 0 | AB42: =ROUND(SUM(H42:AA42),0) -> 0
A43: 3432 | B43: Supplies and Materials (05) | G43: =SUMIF(lines,$A43,undist) -> 0 | H43: =ROUND(G43,0) -> 0 | J43: =SUMIF(lines,$A43,TitleI) -> 0 | K43: =SUMIF(lines,$A43,IDEA) -> 0 | L43: =SUMIF(lines,$A43,ESSERI) -> 0 | M43: =SUMIF(lines,$A43,ESSERII) -> 0 | N43: =SUMIF(lines,$A43,ESSERIII) -> 0 | O43: =SUMIF(lines,$A43,ESSERG) -> 0 | P43: =SUMIF(lines,$A43,GEER) -> 0 | Q43: =SUMIF(lines,$A43,doefed) -> 0 | R43: =SUMIF(lines,$A43,adultfed) -> 0 | S43: =SUMIF(lines,$A43,otherfed) -> 0 | U43: =SUMIF(lines,$A43,doestate) -> 0 | V43: =SUMIF(lines,$A43,adultstate) -> 0 | W43: =SUMIF(lines,$A43,otherstate) -> 0 | X43: =SUMIF(lines,$A43,circuitbreaker) -> 0 | Y43: =SUMIF(lines,$A43,private) -> 0 | Z43: =SUMIF(lines,$A43,schchoice) -> 0 | AA43: =SUMIF(lines,$A43,otherreceipts) -> 0 | AB43: =ROUND(SUM(H43:AA43),0) -> 0
A44: 3433 | B44: Other Expenses (06) | G44: =SUMIF(lines,$A44,undist) -> 0 | H44: =ROUND(G44,0) -> 0 | J44: =SUMIF(lines,$A44,TitleI) -> 0 | K44: =SUMIF(lines,$A44,IDEA) -> 0 | L44: =SUMIF(lines,$A44,ESSERI) -> 0 | M44: =SUMIF(lines,$A44,ESSERII) -> 0 | N44: =SUMIF(lines,$A44,ESSERIII) -> 0 | O44: =SUMIF(lines,$A44,ESSERG) -> 0 | P44: =SUMIF(lines,$A44,GEER) -> 0 | Q44: =SUMIF(lines,$A44,doefed) -> 0 | R44: =SUMIF(lines,$A44,adultfed) -> 0 | S44: =SUMIF(lines,$A44,otherfed) -> 0 | U44: =SUMIF(lines,$A44,doestate) -> 0 | V44: =SUMIF(lines,$A44,adultstate) -> 0 | W44: =SUMIF(lines,$A44,otherstate) -> 0 | X44: =SUMIF(lines,$A44,circuitbreaker) -> 0 | Y44: =SUMIF(lines,$A44,private) -> 0 | Z44: =SUMIF(lines,$A44,schchoice) -> 0 | AA44: =SUMIF(lines,$A44,otherreceipts) -> 0 | AB44: =ROUND(SUM(H44:AA44),0) -> 0
A45: 3434 | B45: Sub-total | G45: =ROUND(SUM(G39:G44),0) -> 0 | H45: =ROUND(SUM(G45),0) -> 0 | J45: =ROUND(SUM(J39:J44),0) -> 0 | K45: =ROUND(SUM(K39:K44),0) -> 0 | L45: =ROUND(SUM(L39:L44),0) -> 0 | M45: =ROUND(SUM(M39:M44),0) -> 0 | N45: =ROUND(SUM(N39:N44),0) -> 0 | O45: =ROUND(SUM(O39:O44),0) -> 0 | P45: =ROUND(SUM(P39:P44),0) -> 0 | Q45: =ROUND(SUM(Q39:Q44),0) -> 0 | ... S45: =ROUND(SUM(S39:S44),0) -> 0 | U45: =ROUND(SUM(U39:U44),0) -> 0 | V45: =ROUND(SUM(V39:V44),0) -> 0 | W45: =ROUND(SUM(W39:W44),0) -> 0 | X45: =ROUND(SUM(X39:X44),0) -> 0 | Y45: =ROUND(SUM(Y39:Y44),0) -> 0 | Z45: =ROUND(SUM(Z39:Z44),0) -> 0 | AA45: =ROUND(SUM(AA39:AA44),0) -> 0 | AB45: =ROUND(SUM(H45:AA45),0) -> 0
B46: Administrative Technology and Support – Schools (2250)
A47: 3444 | B47: Contracted Services (04) | C47: =SUMIF(lines,$A47,day) -> 0 | D47: =SUMIF(lines,$A47,special) -> 0 | E47: =SUMIF(lines,$A47,occday) -> 0 | F47: =SUMIF(lines,$A47,other) -> 0 | H47: =ROUND(SUM(C47:F47),0) -> 0 | J47: =SUMIF(lines,$A47,TitleI) -> 0 | K47: =SUMIF(lines,$A47,IDEA) -> 0 | L47: =SUMIF(lines,$A47,ESSERI) -> 0 | M47: =SUMIF(lines,$A47,ESSERII) -> 0 | N47: =SUMIF(lines,$A47,ESSERIII) -> 0 | O47: =SUMIF(lines,$A47,ESSERG) -> 0 | P47: =SUMIF(lines,$A47,GEER) -> 0 | Q47: =SUMIF(lines,$A47,doefed) -> 0 | R47: =SUMIF(lines,$A47,adultfed) -> 0 | S47: =SUMIF(lines,$A47,otherfed) -> 0 | U47: =SUMIF(lines,$A47,doestate) -> 0 | V47: =SUMIF(lines,$A47,adultstate) -> 0 | W47: =SUMIF(lines,$A47,otherstate) -> 0 | X47: =SUMIF(lines,$A47,circuitbreaker) -> 0 | Y47: =SUMIF(lines,$A47,private) -> 0 | Z47: =SUMIF(lines,$A47,schchoice) -> 0 | AA47: =SUMIF(lines,$A47,otherreceipts) -> 0 | AB47: =ROUND(SUM(H47:AA47),0) -> 0
A48: 3445 | B48: Supplies and Materials (05) | C48: =SUMIF(lines,$A48,day) -> 0 | D48: =SUMIF(lines,$A48,special) -> 0 | E48: =SUMIF(lines,$A48,occday) -> 0 | F48: =SUMIF(lines,$A48,other) -> 0 | H48: =ROUND(SUM(C48:F48),0) -> 0 | J48: =SUMIF(lines,$A48,TitleI) -> 0 | K48: =SUMIF(lines,$A48,IDEA) -> 0 | L48: =SUMIF(lines,$A48,ESSERI) -> 0 | M48: =SUMIF(lines,$A48,ESSERII) -> 0 | N48: =SUMIF(lines,$A48,ESSERIII) -> 0 | O48: =SUMIF(lines,$A48,ESSERG) -> 0 | P48: =SUMIF(lines,$A48,GEER) -> 0 | Q48: =SUMIF(lines,$A48,doefed) -> 0 | R48: =SUMIF(lines,$A48,adultfed) -> 0 | S48: =SUMIF(lines,$A48,otherfed) -> 0 | U48: =SUMIF(lines,$A48,doestate) -> 0 | V48: =SUMIF(lines,$A48,adultstate) -> 0 | W48: =SUMIF(lines,$A48,otherstate) -> 0 | X48: =SUMIF(lines,$A48,circuitbreaker) -> 0 | Y48: =SUMIF(lines,$A48,private) -> 0 | Z48: =SUMIF(lines,$A48,schchoice) -> 0 | AA48: =SUMIF(lines,$A48,otherreceipts) -> 0 | AB48: =ROUND(SUM(H48:AA48),0) -> 0
A49: 3446 | B49: Other Expenses (06) | C49: =SUMIF(lines,$A49,day) -> 0 | D49: =SUMIF(lines,$A49,special) -> 0 | E49: =SUMIF(lines,$A49,occday) -> 0 | F49: =SUMIF(lines,$A49,other) -> 0 | H49: =ROUND(SUM(C49:F49),0) -> 0 | J49: =SUMIF(lines,$A49,TitleI) -> 0 | K49: =SUMIF(lines,$A49,IDEA) -> 0 | L49: =SUMIF(lines,$A49,ESSERI) -> 0 | M49: =SUMIF(lines,$A49,ESSERII) -> 0 | N49: =SUMIF(lines,$A49,ESSERIII) -> 0 | O49: =SUMIF(lines,$A49,ESSERG) -> 0 | P49: =SUMIF(lines,$A49,GEER) -> 0 | Q49: =SUMIF(lines,$A49,doefed) -> 0 | R49: =SUMIF(lines,$A49,adultfed) -> 0 | S49: =SUMIF(lines,$A49,otherfed) -> 0 | U49: =SUMIF(lines,$A49,doestate) -> 0 | V49: =SUMIF(lines,$A49,adultstate) -> 0 | W49: =SUMIF(lines,$A49,otherstate) -> 0 | X49: =SUMIF(lines,$A49,circuitbreaker) -> 0 | Y49: =SUMIF(lines,$A49,private) -> 0 | Z49: =SUMIF(lines,$A49,schchoice) -> 0 | AA49: =SUMIF(lines,$A49,otherreceipts) -> 0 | AB49: =ROUND(SUM(H49:AA49),0) -> 0
A50: 3449 | B50: Sub-total | C50: =ROUND(SUM(C47:C49),0) -> 0 | D50: =ROUND(SUM(D47:D49),0) -> 0 | E50: =ROUND(SUM(E47:E49),0) -> 0 | F50: =ROUND(SUM(F47:F49),0) -> 0 | H50: =ROUND(SUM(C50:F50),0) -> 0 | J50: =ROUND(SUM(J47:J49),0) -> 0 | K50: =ROUND(SUM(K47:K49),0) -> 0 | L50: =ROUND(SUM(L47:L49),0) -> 0 | M50: =ROUND(SUM(M47:M49),0) -> 0 | N50: =ROUND(SUM(N47:N49),0) -> 0 | O50: =ROUND(SUM(O47:O49),0) -> 0 | P50: =ROUND(SUM(P47:P49),0) -> 0 | Q50: =ROUND(SUM(Q47:Q49),0) -> 0 | ... S50: =ROUND(SUM(S47:S49),0) -> 0 | U50: =ROUND(SUM(U47:U49),0) -> 0 | V50: =ROUND(SUM(V47:V49),0) -> 0 | W50: =ROUND(SUM(W47:W49),0) -> 0 | X50: =ROUND(SUM(X47:X49),0) -> 0 | Y50: =ROUND(SUM(Y47:Y49),0) -> 0 | Z50: =ROUND(SUM(Z47:Z49),0) -> 0 | AA50: =ROUND(SUM(AA47:AA49),0) -> 0 | AB50: =ROUND(SUM(H50:AA50),0) -> 0
B51: Teachers (2305)
A52: 3450 | B52: Professional Salaries (01) | C52: =SUMIF(lines,$A52,day) -> 7778201.4 | D52: =SUMIF(lines,$A52,special) -> 2082829.1 | E52: =SUMIF(lines,$A52,occday) -> 0 | F52: =SUMIF(lines,$A52,other) -> 0 | H52: =ROUND(SUM(C52:F52),0) -> 9861030 | J52: =SUMIF(lines,$A52,TitleI) -> 0 | K52: =SUMIF(lines,$A52,IDEA) -> 0 | L52: =SUMIF(lines,$A52,ESSERI) -> 0 | M52: =SUMIF(lines,$A52,ESSERII) -> 0 | N52: =SUMIF(lines,$A52,ESSERIII) -> 0 | O52: =SUMIF(lines,$A52,ESSERG) -> 0 | P52: =SUMIF(lines,$A52,GEER) -> 0 | Q52: =SUMIF(lines,$A52,doefed) -> 0 | R52: =SUMIF(lines,$A52,adultfed) -> 0 | S52: =SUMIF(lines,$A52,otherfed) -> 0 | U52: =SUMIF(lines,$A52,doestate) -> 0 | V52: =SUMIF(lines,$A52,adultstate) -> 0 | W52: =SUMIF(lines,$A52,otherstate) -> 0 | X52: =SUMIF(lines,$A52,circuitbreaker) -> 0 | Y52: =SUMIF(lines,$A52,private) -> 0 | Z52: =SUMIF(lines,$A52,schchoice) -> 0 | AA52: =SUMIF(lines,$A52,otherreceipts) -> 0 | AB52: =ROUND(SUM(H52:AA52),0) -> 9861030
B53: Medical/ Therapeutic Services (2320)
A54: 3452 | B54: Professional Salaries (01) | C54: =SUMIF(lines,$A54,day) -> 0 | D54: =SUMIF(lines,$A54,special) -> 623927.54 | E54: =SUMIF(lines,$A54,occday) -> 0 | F54: =SUMIF(lines,$A54,other) -> 0 | H54: =ROUND(SUM(C54:F54),0) -> 623928 | J54: =SUMIF(lines,$A54,TitleI) -> 0 | K54: =SUMIF(lines,$A54,IDEA) -> 0 | L54: =SUMIF(lines,$A54,ESSERI) -> 0 | M54: =SUMIF(lines,$A54,ESSERII) -> 0 | N54: =SUMIF(lines,$A54,ESSERIII) -> 0 | O54: =SUMIF(lines,$A54,ESSERG) -> 0 | P54: =SUMIF(lines,$A54,GEER) -> 0 | Q54: =SUMIF(lines,$A54,doefed) -> 0 | R54: =SUMIF(lines,$A54,adultfed) -> 0 | S54: =SUMIF(lines,$A54,otherfed) -> 0 | U54: =SUMIF(lines,$A54,doestate) -> 0 | V54: =SUMIF(lines,$A54,adultstate) -> 0 | W54: =SUMIF(lines,$A54,otherstate) -> 0 | X54: =SUMIF(lines,$A54,circuitbreaker) -> 0 | Y54: =SUMIF(lines,$A54,private) -> 0 | Z54: =SUMIF(lines,$A54,schchoice) -> 0 | AA54: =SUMIF(lines,$A54,otherreceipts) -> 0 | AB54: =ROUND(SUM(H54:AA54),0) -> 623928
A55: 3453 | B55: Clerical Salaries (02) | C55: =SUMIF(lines,$A55,day) -> 0 | D55: =SUMIF(lines,$A55,special) -> 0 | E55: =SUMIF(lines,$A55,occday) -> 0 | F55: =SUMIF(lines,$A55,other) -> 0 | H55: =ROUND(SUM(C55:F55),0) -> 0 | J55: =SUMIF(lines,$A55,TitleI) -> 0 | K55: =SUMIF(lines,$A55,IDEA) -> 0 | L55: =SUMIF(lines,$A55,ESSERI) -> 0 | M55: =SUMIF(lines,$A55,ESSERII) -> 0 | N55: =SUMIF(lines,$A55,ESSERIII) -> 0 | O55: =SUMIF(lines,$A55,ESSERG) -> 0 | P55: =SUMIF(lines,$A55,GEER) -> 0 | Q55: =SUMIF(lines,$A55,doefed) -> 0 | R55: =SUMIF(lines,$A55,adultfed) -> 0 | S55: =SUMIF(lines,$A55,otherfed) -> 0 | U55: =SUMIF(lines,$A55,doestate) -> 0 | V55: =SUMIF(lines,$A55,adultstate) -> 0 | W55: =SUMIF(lines,$A55,otherstate) -> 0 | X55: =SUMIF(lines,$A55,circuitbreaker) -> 0 | Y55: =SUMIF(lines,$A55,private) -> 0 | Z55: =SUMIF(lines,$A55,schchoice) -> 0 | AA55: =SUMIF(lines,$A55,otherreceipts) -> 0 | AB55: =ROUND(SUM(H55:AA55),0) -> 0
A56: 3454 | B56: Other Salaries (03) | C56: =SUMIF(lines,$A56,day) -> 0 | D56: =SUMIF(lines,$A56,special) -> 0 | E56: =SUMIF(lines,$A56,occday) -> 0 | F56: =SUMIF(lines,$A56,other) -> 0 | H56: =ROUND(SUM(C56:F56),0) -> 0 | J56: =SUMIF(lines,$A56,TitleI) -> 0 | K56: =SUMIF(lines,$A56,IDEA) -> 0 | L56: =SUMIF(lines,$A56,ESSERI) -> 0 | M56: =SUMIF(lines,$A56,ESSERII) -> 0 | N56: =SUMIF(lines,$A56,ESSERIII) -> 0 | O56: =SUMIF(lines,$A56,ESSERG) -> 0 | P56: =SUMIF(lines,$A56,GEER) -> 0 | Q56: =SUMIF(lines,$A56,doefed) -> 0 | R56: =SUMIF(lines,$A56,adultfed) -> 0 | S56: =SUMIF(lines,$A56,otherfed) -> 0 | U56: =SUMIF(lines,$A56,doestate) -> 0 | V56: =SUMIF(lines,$A56,adultstate) -> 0 | W56: =SUMIF(lines,$A56,otherstate) -> 0 | X56: =SUMIF(lines,$A56,circuitbreaker) -> 0 | Y56: =SUMIF(lines,$A56,private) -> 0 | Z56: =SUMIF(lines,$A56,schchoice) -> 0 | AA56: =SUMIF(lines,$A56,otherreceipts) -> 0 | AB56: =ROUND(SUM(H56:AA56),0) -> 0
A57: 3455 | B57: Contracted Services (04) | C57: =SUMIF(lines,$A57,day) -> 0 | D57: =SUMIF(lines,$A57,special) -> 0 | E57: =SUMIF(lines,$A57,occday) -> 0 | F57: =SUMIF(lines,$A57,other) -> 0 | H57: =ROUND(SUM(C57:F57),0) -> 0 | J57: =SUMIF(lines,$A57,TitleI) -> 0 | K57: =SUMIF(lines,$A57,IDEA) -> 0 | L57: =SUMIF(lines,$A57,ESSERI) -> 0 | M57: =SUMIF(lines,$A57,ESSERII) -> 0 | N57: =SUMIF(lines,$A57,ESSERIII) -> 0 | O57: =SUMIF(lines,$A57,ESSERG) -> 0 | P57: =SUMIF(lines,$A57,GEER) -> 0 | Q57: =SUMIF(lines,$A57,doefed) -> 0 | R57: =SUMIF(lines,$A57,adultfed) -> 0 | S57: =SUMIF(lines,$A57,otherfed) -> 0 | U57: =SUMIF(lines,$A57,doestate) -> 0 | V57: =SUMIF(lines,$A57,adultstate) -> 0 | W57: =SUMIF(lines,$A57,otherstate) -> 0 | X57: =SUMIF(lines,$A57,circuitbreaker) -> 0 | Y57: =SUMIF(lines,$A57,private) -> 0 | Z57: =SUMIF(lines,$A57,schchoice) -> 0 | AA57: =SUMIF(lines,$A57,otherreceipts) -> 0 | AB57: =ROUND(SUM(H57:AA57),0) -> 0
A58: 3456 | B58: Supplies and Materials (05) | C58: =SUMIF(lines,$A58,day) -> 0 | D58: =SUMIF(lines,$A58,special) -> 0 | E58: =SUMIF(lines,$A58,occday) -> 0 | F58: =SUMIF(lines,$A58,other) -> 0 | H58: =ROUND(SUM(C58:F58),0) -> 0 | J58: =SUMIF(lines,$A58,TitleI) -> 0 | K58: =SUMIF(lines,$A58,IDEA) -> 0 | L58: =SUMIF(lines,$A58,ESSERI) -> 0 | M58: =SUMIF(lines,$A58,ESSERII) -> 0 | N58: =SUMIF(lines,$A58,ESSERIII) -> 0 | O58: =SUMIF(lines,$A58,ESSERG) -> 0 | P58: =SUMIF(lines,$A58,GEER) -> 0 | Q58: =SUMIF(lines,$A58,doefed) -> 0 | R58: =SUMIF(lines,$A58,adultfed) -> 0 | S58: =SUMIF(lines,$A58,otherfed) -> 0 | U58: =SUMIF(lines,$A58,doestate) -> 0 | V58: =SUMIF(lines,$A58,adultstate) -> 0 | W58: =SUMIF(lines,$A58,otherstate) -> 0 | X58: =SUMIF(lines,$A58,circuitbreaker) -> 0 | Y58: =SUMIF(lines,$A58,private) -> 0 | Z58: =SUMIF(lines,$A58,schchoice) -> 0 | AA58: =SUMIF(lines,$A58,otherreceipts) -> 0 | AB58: =ROUND(SUM(H58:AA58),0) -> 0
A59: 3457 | B59: Other Expenses (06) | C59: =SUMIF(lines,$A59,day) -> 0 | D59: =SUMIF(lines,$A59,special) -> 0 | E59: =SUMIF(lines,$A59,occday) -> 0 | F59: =SUMIF(lines,$A59,other) -> 0 | H59: =ROUND(SUM(C59:F59),0) -> 0 | J59: =SUMIF(lines,$A59,TitleI) -> 0 | K59: =SUMIF(lines,$A59,IDEA) -> 0 | L59: =SUMIF(lines,$A59,ESSERI) -> 0 | M59: =SUMIF(lines,$A59,ESSERII) -> 0 | N59: =SUMIF(lines,$A59,ESSERIII) -> 0 | O59: =SUMIF(lines,$A59,ESSERG) -> 0 | P59: =SUMIF(lines,$A59,GEER) -> 0 | Q59: =SUMIF(lines,$A59,doefed) -> 0 | R59: =SUMIF(lines,$A59,adultfed) -> 0 | S59: =SUMIF(lines,$A59,otherfed) -> 0 | U59: =SUMIF(lines,$A59,doestate) -> 0 | V59: =SUMIF(lines,$A59,adultstate) -> 0 | W59: =SUMIF(lines,$A59,otherstate) -> 0 | X59: =SUMIF(lines,$A59,circuitbreaker) -> 0 | Y59: =SUMIF(lines,$A59,private) -> 0 | Z59: =SUMIF(lines,$A59,schchoice) -> 0 | AA59: =SUMIF(lines,$A59,otherreceipts) -> 0 | AB59: =ROUND(SUM(H59:AA59),0) -> 0
A60: 3459 | B60: Sub-total | C60: =ROUND(SUM(C54:C59),0) -> 0 | D60: =ROUND(SUM(D54:D59),0) -> 623928 | E60: =ROUND(SUM(E54:E59),0) -> 0 | F60: =ROUND(SUM(F54:F59),0) -> 0 | H60: =ROUND(SUM(C60:F60),0) -> 623928 | J60: =ROUND(SUM(J54:J59),0) -> 0 | K60: =ROUND(SUM(K54:K59),0) -> 0 | L60: =ROUND(SUM(L54:L59),0) -> 0 | M60: =ROUND(SUM(M54:M59),0) -> 0 | N60: =ROUND(SUM(N54:N59),0) -> 0 | O60: =ROUND(SUM(O54:O59),0) -> 0 | P60: =ROUND(SUM(P54:P59),0) -> 0 | Q60: =ROUND(SUM(Q54:Q59),0) -> 0 | ... S60: =ROUND(SUM(S54:S59),0) -> 0 | U60: =ROUND(SUM(U54:U59),0) -> 0 | V60: =ROUND(SUM(V54:V59),0) -> 0 | W60: =ROUND(SUM(W54:W59),0) -> 0 | X60: =ROUND(SUM(X54:X59),0) -> 0 | Y60: =ROUND(SUM(Y54:Y59),0) -> 0 | Z60: =ROUND(SUM(Z54:Z59),0) -> 0 | AA60: =ROUND(SUM(AA54:AA59),0) -> 0 | AB60: =ROUND(SUM(H60:AA60),0) -> 623928
B61: Substitutes, Long Term (2324)
A62: 3462 | B62: Professional Salaries (01) | C62: =SUMIF(lines,$A62,day) -> 5520 | D62: =SUMIF(lines,$A62,special) -> 31300 | E62: =SUMIF(lines,$A62,occday) -> 0 | F62: =SUMIF(lines,$A62,other) -> 0 | H62: =ROUND(SUM(C62:F62),0) -> 36820 | J62: =SUMIF(lines,$A62,TitleI) -> 0 | K62: =SUMIF(lines,$A62,IDEA) -> 0 | L62: =SUMIF(lines,$A62,ESSERI) -> 0 | M62: =SUMIF(lines,$A62,ESSERII) -> 0 | N62: =SUMIF(lines,$A62,ESSERIII) -> 0 | O62: =SUMIF(lines,$A62,ESSERG) -> 0 | P62: =SUMIF(lines,$A62,GEER) -> 0 | Q62: =SUMIF(lines,$A62,doefed) -> 0 | R62: =SUMIF(lines,$A62,adultfed) -> 0 | S62: =SUMIF(lines,$A62,otherfed) -> 0 | U62: =SUMIF(lines,$A62,doestate) -> 0 | V62: =SUMIF(lines,$A62,adultstate) -> 0 | W62: =SUMIF(lines,$A62,otherstate) -> 0 | X62: =SUMIF(lines,$A62,circuitbreaker) -> 0 | Y62: =SUMIF(lines,$A62,private) -> 0 | Z62: =SUMIF(lines,$A62,schchoice) -> 0 | AA62: =SUMIF(lines,$A62,otherreceipts) -> 0 | AB62: =ROUND(SUM(H62:AA62),0) -> 36820
A63: 3463 | B63: Other Salaries (03) | C63: =SUMIF(lines,$A63,day) -> 0 | D63: =SUMIF(lines,$A63,special) -> 0 | E63: =SUMIF(lines,$A63,occday) -> 0 | F63: =SUMIF(lines,$A63,other) -> 0 | H63: =ROUND(SUM(C63:F63),0) -> 0 | J63: =SUMIF(lines,$A63,TitleI) -> 0 | K63: =SUMIF(lines,$A63,IDEA) -> 0 | L63: =SUMIF(lines,$A63,ESSERI) -> 0 | M63: =SUMIF(lines,$A63,ESSERII) -> 0 | N63: =SUMIF(lines,$A63,ESSERIII) -> 0 | O63: =SUMIF(lines,$A63,ESSERG) -> 0 | P63: =SUMIF(lines,$A63,GEER) -> 0 | Q63: =SUMIF(lines,$A63,doefed) -> 0 | R63: =SUMIF(lines,$A63,adultfed) -> 0 | S63: =SUMIF(lines,$A63,otherfed) -> 0 | U63: =SUMIF(lines,$A63,doestate) -> 0 | V63: =SUMIF(lines,$A63,adultstate) -> 0 | W63: =SUMIF(lines,$A63,otherstate) -> 0 | X63: =SUMIF(lines,$A63,circuitbreaker) -> 0 | Y63: =SUMIF(lines,$A63,private) -> 0 | Z63: =SUMIF(lines,$A63,schchoice) -> 0 | AA63: =SUMIF(lines,$A63,otherreceipts) -> 0 | AB63: =ROUND(SUM(H63:AA63),0) -> 0
A64: 3464 | B64: Contracted Services (04) | C64: =SUMIF(lines,$A64,day) -> 0 | D64: =SUMIF(lines,$A64,special) -> 0 | E64: =SUMIF(lines,$A64,occday) -> 0 | F64: =SUMIF(lines,$A64,other) -> 0 | H64: =ROUND(SUM(C64:F64),0) -> 0 | J64: =SUMIF(lines,$A64,TitleI) -> 0 | K64: =SUMIF(lines,$A64,IDEA) -> 0 | L64: =SUMIF(lines,$A64,ESSERI) -> 0 | M64: =SUMIF(lines,$A64,ESSERII) -> 0 | N64: =SUMIF(lines,$A64,ESSERIII) -> 0 | O64: =SUMIF(lines,$A64,ESSERG) -> 0 | P64: =SUMIF(lines,$A64,GEER) -> 0 | Q64: =SUMIF(lines,$A64,doefed) -> 0 | R64: =SUMIF(lines,$A64,adultfed) -> 0 | S64: =SUMIF(lines,$A64,otherfed) -> 0 | U64: =SUMIF(lines,$A64,doestate) -> 0 | V64: =SUMIF(lines,$A64,adultstate) -> 0 | W64: =SUMIF(lines,$A64,otherstate) -> 0 | X64: =SUMIF(lines,$A64,circuitbreaker) -> 0 | Y64: =SUMIF(lines,$A64,private) -> 0 | Z64: =SUMIF(lines,$A64,schchoice) -> 0 | AA64: =SUMIF(lines,$A64,otherreceipts) -> 0 | AB64: =ROUND(SUM(H64:AA64),0) -> 0
A65: 3465 | B65: Sub-total | C65: =ROUND(SUM(C62:C64),0) -> 5520 | D65: =ROUND(SUM(D62:D64),0) -> 31300 | E65: =ROUND(SUM(E62:E64),0) -> 0 | F65: =ROUND(SUM(F62:F64),0) -> 0 | H65: =ROUND(SUM(C65:F65),0) -> 36820 | J65: =ROUND(SUM(J62:J64),0) -> 0 | K65: =ROUND(SUM(K62:K64),0) -> 0 | L65: =ROUND(SUM(L62:L64),0) -> 0 | M65: =ROUND(SUM(M62:M64),0) -> 0 | N65: =ROUND(SUM(N62:N64),0) -> 0 | O65: =ROUND(SUM(O62:O64),0) -> 0 | P65: =ROUND(SUM(P62:P64),0) -> 0 | Q65: =ROUND(SUM(Q62:Q64),0) -> 0 | ... S65: =ROUND(SUM(S62:S64),0) -> 0 | U65: =ROUND(SUM(U62:U64),0) -> 0 | V65: =ROUND(SUM(V62:V64),0) -> 0 | W65: =ROUND(SUM(W62:W64),0) -> 0 | X65: =ROUND(SUM(X62:X64),0) -> 0 | Y65: =ROUND(SUM(Y62:Y64),0) -> 0 | Z65: =ROUND(SUM(Z62:Z64),0) -> 0 | AA65: =ROUND(SUM(AA62:AA64),0) -> 0 | AB65: =ROUND(SUM(H65:AA65),0) -> 36820
B66: Substitutes, Short Term (2325)
A67: 3467 | B67: Other Salaries (03) | C67: =SUMIF(lines,$A67,day) -> 91389 | D67: =SUMIF(lines,$A67,special) -> 40865 | E67: =SUMIF(lines,$A67,occday) -> 0 | F67: =SUMIF(lines,$A67,other) -> 0 | H67: =ROUND(SUM(C67:F67),0) -> 132254 | J67: =SUMIF(lines,$A67,TitleI) -> 0 | K67: =SUMIF(lines,$A67,IDEA) -> 0 | L67: =SUMIF(lines,$A67,ESSERI) -> 0 | M67: =SUMIF(lines,$A67,ESSERII) -> 0 | N67: =SUMIF(lines,$A67,ESSERIII) -> 0 | O67: =SUMIF(lines,$A67,ESSERG) -> 0 | P67: =SUMIF(lines,$A67,GEER) -> 0 | Q67: =SUMIF(lines,$A67,doefed) -> 0 | R67: =SUMIF(lines,$A67,adultfed) -> 0 | S67: =SUMIF(lines,$A67,otherfed) -> 0 | U67: =SUMIF(lines,$A67,doestate) -> 0 | V67: =SUMIF(lines,$A67,adultstate) -> 0 | W67: =SUMIF(lines,$A67,otherstate) -> 0 | X67: =SUMIF(lines,$A67,circuitbreaker) -> 0 | Y67: =SUMIF(lines,$A67,private) -> 0 | Z67: =SUMIF(lines,$A67,schchoice) -> 0 | AA67: =SUMIF(lines,$A67,otherreceipts) -> 0 | AB67: =ROUND(SUM(H67:AA67),0) -> 132254
A68: 3468 | B68: Contracted Services (04) | C68: =SUMIF(lines,$A68,day) -> 119774.99 | D68: =SUMIF(lines,$A68,special) -> 60145.08 | E68: =SUMIF(lines,$A68,occday) -> 0 | F68: =SUMIF(lines,$A68,other) -> 0 | H68: =ROUND(SUM(C68:F68),0) -> 179920 | J68: =SUMIF(lines,$A68,TitleI) -> 0 | K68: =SUMIF(lines,$A68,IDEA) -> 0 | L68: =SUMIF(lines,$A68,ESSERI) -> 0 | M68: =SUMIF(lines,$A68,ESSERII) -> 0 | N68: =SUMIF(lines,$A68,ESSERIII) -> 0 | O68: =SUMIF(lines,$A68,ESSERG) -> 0 | P68: =SUMIF(lines,$A68,GEER) -> 0 | Q68: =SUMIF(lines,$A68,doefed) -> 0 | R68: =SUMIF(lines,$A68,adultfed) -> 0 | S68: =SUMIF(lines,$A68,otherfed) -> 0 | U68: =SUMIF(lines,$A68,doestate) -> 0 | V68: =SUMIF(lines,$A68,adultstate) -> 0 | W68: =SUMIF(lines,$A68,otherstate) -> 0 | X68: =SUMIF(lines,$A68,circuitbreaker) -> 0 | Y68: =SUMIF(lines,$A68,private) -> 0 | Z68: =SUMIF(lines,$A68,schchoice) -> 0 | AA68: =SUMIF(lines,$A68,otherreceipts) -> 0 | AB68: =ROUND(SUM(H68:AA68),0) -> 179920
A69: 3469 | B69: Sub-total | C69: =ROUND(SUM(C67:C68),0) -> 211164 | D69: =ROUND(SUM(D67:D68),0) -> 101010 | E69: =ROUND(SUM(E67:E68),0) -> 0 | F69: =ROUND(SUM(F67:F68),0) -> 0 | H69: =ROUND(SUM(C69:F69),0) -> 312174 | J69: =ROUND(SUM(J67:J68),0) -> 0 | K69: =ROUND(SUM(K67:K68),0) -> 0 | L69: =ROUND(SUM(L67:L68),0) -> 0 | M69: =ROUND(SUM(M67:M68),0) -> 0 | N69: =ROUND(SUM(N67:N68),0) -> 0 | O69: =ROUND(SUM(O67:O68),0) -> 0 | P69: =ROUND(SUM(P67:P68),0) -> 0 | Q69: =ROUND(SUM(Q67:Q68),0) -> 0 | ... S69: =ROUND(SUM(S67:S68),0) -> 0 | U69: =ROUND(SUM(U67:U68),0) -> 0 | V69: =ROUND(SUM(V67:V68),0) -> 0 | W69: =ROUND(SUM(W67:W68),0) -> 0 | X69: =ROUND(SUM(X67:X68),0) -> 0 | Y69: =ROUND(SUM(Y67:Y68),0) -> 0 | Z69: =ROUND(SUM(Z67:Z68),0) -> 0 | AA69: =ROUND(SUM(AA67:AA68),0) -> 0 | AB69: =ROUND(SUM(H69:AA69),0) -> 312174
B70: All Non-Clerical Paraprofessionals/Instructional Assistants (2330)
A71: 3473 | B71: Other Salaries (03) | C71: =SUMIF(lines,$A71,day) -> 96135.11 | D71: =SUMIF(lines,$A71,special) -> 1060979 | E71: =SUMIF(lines,$A71,occday) -> 0 | F71: =SUMIF(lines,$A71,other) -> 0 | H71: =ROUND(SUM(C71:F71),0) -> 1157114 | J71: =SUMIF(lines,$A71,TitleI) -> 0 | K71: =SUMIF(lines,$A71,IDEA) -> 0 | L71: =SUMIF(lines,$A71,ESSERI) -> 0 | M71: =SUMIF(lines,$A71,ESSERII) -> 0 | N71: =SUMIF(lines,$A71,ESSERIII) -> 0 | O71: =SUMIF(lines,$A71,ESSERG) -> 0 | P71: =SUMIF(lines,$A71,GEER) -> 0 | Q71: =SUMIF(lines,$A71,doefed) -> 0 | R71: =SUMIF(lines,$A71,adultfed) -> 0 | S71: =SUMIF(lines,$A71,otherfed) -> 0 | U71: =SUMIF(lines,$A71,doestate) -> 0 | V71: =SUMIF(lines,$A71,adultstate) -> 0 | W71: =SUMIF(lines,$A71,otherstate) -> 0 | X71: =SUMIF(lines,$A71,circuitbreaker) -> 0 | Y71: =SUMIF(lines,$A71,private) -> 0 | Z71: =SUMIF(lines,$A71,schchoice) -> 0 | AA71: =SUMIF(lines,$A71,otherreceipts) -> 0 | AB71: =ROUND(SUM(H71:AA71),0) -> 1157114
A72: 3474 | B72: Contracted Services (04) | C72: =SUMIF(lines,$A72,day) -> 0 | D72: =SUMIF(lines,$A72,special) -> 0 | E72: =SUMIF(lines,$A72,occday) -> 0 | F72: =SUMIF(lines,$A72,other) -> 0 | H72: =ROUND(SUM(C72:F72),0) -> 0 | J72: =SUMIF(lines,$A72,TitleI) -> 0 | K72: =SUMIF(lines,$A72,IDEA) -> 0 | L72: =SUMIF(lines,$A72,ESSERI) -> 0 | M72: =SUMIF(lines,$A72,ESSERII) -> 0 | N72: =SUMIF(lines,$A72,ESSERIII) -> 0 | O72: =SUMIF(lines,$A72,ESSERG) -> 0 | P72: =SUMIF(lines,$A72,GEER) -> 0 | Q72: =SUMIF(lines,$A72,doefed) -> 0 | R72: =SUMIF(lines,$A72,adultfed) -> 0 | S72: =SUMIF(lines,$A72,otherfed) -> 0 | U72: =SUMIF(lines,$A72,doestate) -> 0 | V72: =SUMIF(lines,$A72,adultstate) -> 0 | W72: =SUMIF(lines,$A72,otherstate) -> 0 | X72: =SUMIF(lines,$A72,circuitbreaker) -> 0 | Y72: =SUMIF(lines,$A72,private) -> 0 | Z72: =SUMIF(lines,$A72,schchoice) -> 0 | AA72: =SUMIF(lines,$A72,otherreceipts) -> 0 | AB72: =ROUND(SUM(H72:AA72),0) -> 0
A73: 3475 | B73: Sub-total | C73: =ROUND(SUM(C71:C72),0) -> 96135 | D73: =ROUND(SUM(D71:D72),0) -> 1060979 | E73: =ROUND(SUM(E71:E72),0) -> 0 | F73: =ROUND(SUM(F71:F72),0) -> 0 | H73: =ROUND(SUM(C73:F73),0) -> 1157114 | J73: =ROUND(SUM(J71:J72),0) -> 0 | K73: =ROUND(SUM(K71:K72),0) -> 0 | L73: =ROUND(SUM(L71:L72),0) -> 0 | M73: =ROUND(SUM(M71:M72),0) -> 0 | N73: =ROUND(SUM(N71:N72),0) -> 0 | O73: =ROUND(SUM(O71:O72),0) -> 0 | P73: =ROUND(SUM(P71:P72),0) -> 0 | Q73: =ROUND(SUM(Q71:Q72),0) -> 0 | ... S73: =ROUND(SUM(S71:S72),0) -> 0 | U73: =ROUND(SUM(U71:U72),0) -> 0 | V73: =ROUND(SUM(V71:V72),0) -> 0 | W73: =ROUND(SUM(W71:W72),0) -> 0 | X73: =ROUND(SUM(X71:X72),0) -> 0 | Y73: =ROUND(SUM(Y71:Y72),0) -> 0 | Z73: =ROUND(SUM(Z71:Z72),0) -> 0 | AA73: =ROUND(SUM(AA71:AA72),0) -> 0 | AB73: =ROUND(SUM(H73:AA73),0) -> 1157114
B74: Librarians and Media Center Directors (2340)
A75: 3476 | B75: Professional Salaries (01) | G75: =SUMIF(lines,$A75,undist) -> 0 | H75: =ROUND(G75,0) -> 0 | I75: =SUMIF(lines,$A75,citytwn) -> 0 | J75: =SUMIF(lines,$A75,TitleI) -> 0 | K75: =SUMIF(lines,$A75,IDEA) -> 0 | L75: =SUMIF(lines,$A75,ESSERI) -> 0 | M75: =SUMIF(lines,$A75,ESSERII) -> 0 | N75: =SUMIF(lines,$A75,ESSERIII) -> 0 | O75: =SUMIF(lines,$A75,ESSERG) -> 0 | P75: =SUMIF(lines,$A75,GEER) -> 0 | Q75: =SUMIF(lines,$A75,doefed) -> 0 | R75: =SUMIF(lines,$A75,adultfed) -> 0 | S75: =SUMIF(lines,$A75,otherfed) -> 0 | U75: =SUMIF(lines,$A75,doestate) -> 0 | V75: =SUMIF(lines,$A75,adultstate) -> 0 | W75: =SUMIF(lines,$A75,otherstate) -> 0 | X75: =SUMIF(lines,$A75,circuitbreaker) -> 0 | Y75: =SUMIF(lines,$A75,private) -> 0 | Z75: =SUMIF(lines,$A75,schchoice) -> 0 | AA75: =SUMIF(lines,$A75,otherreceipts) -> 0 | AB75: =ROUND(SUM(H75:AA75),0) -> 0
A76: 3477 | B76: Clerical Salaries (02) | G76: =SUMIF(lines,$A76,undist) -> 0 | H76: =ROUND(G76,0) -> 0 | I76: =SUMIF(lines,$A76,citytwn) -> 0 | J76: =SUMIF(lines,$A76,TitleI) -> 0 | K76: =SUMIF(lines,$A76,IDEA) -> 0 | L76: =SUMIF(lines,$A76,ESSERI) -> 0 | M76: =SUMIF(lines,$A76,ESSERII) -> 0 | N76: =SUMIF(lines,$A76,ESSERIII) -> 0 | O76: =SUMIF(lines,$A76,ESSERG) -> 0 | P76: =SUMIF(lines,$A76,GEER) -> 0 | Q76: =SUMIF(lines,$A76,doefed) -> 0 | R76: =SUMIF(lines,$A76,adultfed) -> 0 | S76: =SUMIF(lines,$A76,otherfed) -> 0 | U76: =SUMIF(lines,$A76,doestate) -> 0 | V76: =SUMIF(lines,$A76,adultstate) -> 0 | W76: =SUMIF(lines,$A76,otherstate) -> 0 | X76: =SUMIF(lines,$A76,circuitbreaker) -> 0 | Y76: =SUMIF(lines,$A76,private) -> 0 | Z76: =SUMIF(lines,$A76,schchoice) -> 0 | AA76: =SUMIF(lines,$A76,otherreceipts) -> 0 | AB76: =ROUND(SUM(H76:AA76),0) -> 0
A77: 3478 | B77: Other Salaries (03) | G77: =SUMIF(lines,$A77,undist) -> 0 | H77: =ROUND(G77,0) -> 0 | I77: =SUMIF(lines,$A77,citytwn) -> 0 | J77: =SUMIF(lines,$A77,TitleI) -> 0 | K77: =SUMIF(lines,$A77,IDEA) -> 0 | L77: =SUMIF(lines,$A77,ESSERI) -> 0 | M77: =SUMIF(lines,$A77,ESSERII) -> 0 | N77: =SUMIF(lines,$A77,ESSERIII) -> 0 | O77: =SUMIF(lines,$A77,ESSERG) -> 0 | P77: =SUMIF(lines,$A77,GEER) -> 0 | Q77: =SUMIF(lines,$A77,doefed) -> 0 | R77: =SUMIF(lines,$A77,adultfed) -> 0 | S77: =SUMIF(lines,$A77,otherfed) -> 0 | U77: =SUMIF(lines,$A77,doestate) -> 0 | V77: =SUMIF(lines,$A77,adultstate) -> 0 | W77: =SUMIF(lines,$A77,otherstate) -> 0 | X77: =SUMIF(lines,$A77,circuitbreaker) -> 0 | Y77: =SUMIF(lines,$A77,private) -> 0 | Z77: =SUMIF(lines,$A77,schchoice) -> 0 | AA77: =SUMIF(lines,$A77,otherreceipts) -> 0 | AB77: =ROUND(SUM(H77:AA77),0) -> 0
A78: 3479 | B78: Sub-total | G78: =ROUND(SUM(G75:G77),0) -> 0 | H78: =ROUND(G78,0) -> 0 | I78: =ROUND(SUM(I75:I77),0) -> 0 | J78: =ROUND(SUM(J75:J77),0) -> 0 | K78: =ROUND(SUM(K75:K77),0) -> 0 | L78: =ROUND(SUM(L75:L77),0) -> 0 | M78: =ROUND(SUM(M75:M77),0) -> 0 | N78: =ROUND(SUM(N75:N77),0) -> 0 | O78: =ROUND(SUM(O75:O77),0) -> 0 | P78: =ROUND(SUM(P75:P77),0) -> 0 | ... S78: =ROUND(SUM(S75:S77),0) -> 0 | U78: =ROUND(SUM(U75:U77),0) -> 0 | V78: =ROUND(SUM(V75:V77),0) -> 0 | W78: =ROUND(SUM(W75:W77),0) -> 0 | X78: =ROUND(SUM(X75:X77),0) -> 0 | Y78: =ROUND(SUM(Y75:Y77),0) -> 0 | Z78: =ROUND(SUM(Z75:Z77),0) -> 0 | AA78: =ROUND(SUM(AA75:AA77),0) -> 0 | AB78: =ROUND(SUM(H78:AA78),0) -> 0
B79: Distance Learning and Online Coursework (2345) (Including Tuition for Dual Enrollment and SPED Transition Programs)
A80: 3481 | B80: Contracted Services (04) | C80: =SUMIF(lines,$A80,day) -> 0 | D80: =SUMIF(lines,$A80,special) -> 0 | E80: =SUMIF(lines,$A80,occday) -> 0 | F80: =SUMIF(lines,$A80,other) -> 0 | H80: =ROUND(SUM(C80:F80),0) -> 0 | J80: =SUMIF(lines,$A80,TitleI) -> 0 | K80: =SUMIF(lines,$A80,IDEA) -> 0 | L80: =SUMIF(lines,$A80,ESSERI) -> 0 | M80: =SUMIF(lines,$A80,ESSERII) -> 0 | N80: =SUMIF(lines,$A80,ESSERIII) -> 0 | O80: =SUMIF(lines,$A80,ESSERG) -> 0 | P80: =SUMIF(lines,$A80,GEER) -> 0 | Q80: =SUMIF(lines,$A80,doefed) -> 0 | R80: =SUMIF(lines,$A80,adultfed) -> 0 | S80: =SUMIF(lines,$A80,otherfed) -> 0 | U80: =SUMIF(lines,$A80,doestate) -> 0 | V80: =SUMIF(lines,$A80,adultstate) -> 0 | W80: =SUMIF(lines,$A80,otherstate) -> 0 | X80: =SUMIF(lines,$A80,circuitbreaker) -> 0 | Y80: =SUMIF(lines,$A80,private) -> 0 | Z80: =SUMIF(lines,$A80,schchoice) -> 0 | AA80: =SUMIF(lines,$A80,otherreceipts) -> 0 | AB80: =ROUND(SUM(H80:AA80),0) -> 0
A81: 3482 | B81: Supplies and Materials (05) | C81: =SUMIF(lines,$A81,day) -> 0 | D81: =SUMIF(lines,$A81,special) -> 0 | E81: =SUMIF(lines,$A81,occday) -> 0 | F81: =SUMIF(lines,$A81,other) -> 0 | H81: =ROUND(SUM(C81:F81),0) -> 0 | J81: =SUMIF(lines,$A81,TitleI) -> 0 | K81: =SUMIF(lines,$A81,IDEA) -> 0 | L81: =SUMIF(lines,$A81,ESSERI) -> 0 | M81: =SUMIF(lines,$A81,ESSERII) -> 0 | N81: =SUMIF(lines,$A81,ESSERIII) -> 0 | O81: =SUMIF(lines,$A81,ESSERG) -> 0 | P81: =SUMIF(lines,$A81,GEER) -> 0 | Q81: =SUMIF(lines,$A81,doefed) -> 0 | R81: =SUMIF(lines,$A81,adultfed) -> 0 | S81: =SUMIF(lines,$A81,otherfed) -> 0 | U81: =SUMIF(lines,$A81,doestate) -> 0 | V81: =SUMIF(lines,$A81,adultstate) -> 0 | W81: =SUMIF(lines,$A81,otherstate) -> 0 | X81: =SUMIF(lines,$A81,circuitbreaker) -> 0 | Y81: =SUMIF(lines,$A81,private) -> 0 | Z81: =SUMIF(lines,$A81,schchoice) -> 0 | AA81: =SUMIF(lines,$A81,otherreceipts) -> 0 | AB81: =ROUND(SUM(H81:AA81),0) -> 0
A82: 3485 | B82: Other Expenses (06) | C82: =SUMIF(lines,$A82,day) -> 0 | D82: =SUMIF(lines,$A82,special) -> 0 | E82: =SUMIF(lines,$A82,occday) -> 0 | F82: =SUMIF(lines,$A82,other) -> 0 | H82: =ROUND(SUM(C82:F82),0) -> 0 | J82: =SUMIF(lines,$A82,TitleI) -> 0 | K82: =SUMIF(lines,$A82,IDEA) -> 0 | L82: =SUMIF(lines,$A82,ESSERI) -> 0 | M82: =SUMIF(lines,$A82,ESSERII) -> 0 | N82: =SUMIF(lines,$A82,ESSERIII) -> 0 | O82: =SUMIF(lines,$A82,ESSERG) -> 0 | P82: =SUMIF(lines,$A82,GEER) -> 0 | Q82: =SUMIF(lines,$A82,doefed) -> 0 | R82: =SUMIF(lines,$A82,adultfed) -> 0 | S82: =SUMIF(lines,$A82,otherfed) -> 0 | U82: =SUMIF(lines,$A82,doestate) -> 0 | V82: =SUMIF(lines,$A82,adultstate) -> 0 | W82: =SUMIF(lines,$A82,otherstate) -> 0 | X82: =SUMIF(lines,$A82,circuitbreaker) -> 0 | Y82: =SUMIF(lines,$A82,private) -> 0 | Z82: =SUMIF(lines,$A82,schchoice) -> 0 | AA82: =SUMIF(lines,$A82,otherreceipts) -> 0 | AB82: =ROUND(SUM(H82:AA82),0) -> 0
A83: 3486 | B83: Sub-total | C83: =ROUND(SUM(C80:C82),0) -> 0 | D83: =ROUND(SUM(D80:D82),0) -> 0 | E83: =ROUND(SUM(E80:E82),0) -> 0 | F83: =ROUND(SUM(F80:F82),0) -> 0 | H83: =ROUND(SUM(C83:F83),0) -> 0 | J83: =ROUND(SUM(J80:J82),0) -> 0 | K83: =ROUND(SUM(K80:K82),0) -> 0 | L83: =ROUND(SUM(L80:L82),0) -> 0 | M83: =ROUND(SUM(M80:M82),0) -> 0 | N83: =ROUND(SUM(N80:N82),0) -> 0 | O83: =ROUND(SUM(O80:O82),0) -> 0 | P83: =ROUND(SUM(P80:P82),0) -> 0 | Q83: =ROUND(SUM(Q80:Q82),0) -> 0 | ... S83: =ROUND(SUM(S80:S82),0) -> 0 | U83: =ROUND(SUM(U80:U82),0) -> 0 | V83: =ROUND(SUM(V80:V82),0) -> 0 | W83: =ROUND(SUM(W80:W82),0) -> 0 | X83: =ROUND(SUM(X80:X82),0) -> 0 | Y83: =ROUND(SUM(Y80:Y82),0) -> 0 | Z83: =ROUND(SUM(Z80:Z82),0) -> 0 | AA83: =ROUND(SUM(AA80:AA82),0) -> 0 | AB83: =ROUND(SUM(H83:AA83),0) -> 0
B84: Professional Development Leadership (2351)
A85: 3487 | B85: Professional Salaries (01) | G85: =SUMIF(lines,$A85,undist) -> 0 | H85: =ROUND(G85,0) -> 0 | J85: =SUMIF(lines,$A85,TitleI) -> 0 | K85: =SUMIF(lines,$A85,IDEA) -> 0 | L85: =SUMIF(lines,$A85,ESSERI) -> 0 | M85: =SUMIF(lines,$A85,ESSERII) -> 0 | N85: =SUMIF(lines,$A85,ESSERIII) -> 0 | O85: =SUMIF(lines,$A85,ESSERG) -> 0 | P85: =SUMIF(lines,$A85,GEER) -> 0 | Q85: =SUMIF(lines,$A85,doefed) -> 0 | R85: =SUMIF(lines,$A85,adultfed) -> 0 | S85: =SUMIF(lines,$A85,otherfed) -> 0 | U85: =SUMIF(lines,$A85,doestate) -> 0 | V85: =SUMIF(lines,$A85,adultstate) -> 0 | W85: =SUMIF(lines,$A85,otherstate) -> 0 | X85: =SUMIF(lines,$A85,circuitbreaker) -> 0 | Y85: =SUMIF(lines,$A85,private) -> 0 | Z85: =SUMIF(lines,$A85,schchoice) -> 0 | AA85: =SUMIF(lines,$A85,otherreceipts) -> 0 | AB85: =ROUND(SUM(H85:AA85),0) -> 0
A86: 3488 | B86: Clerical Salaries (02) | G86: =SUMIF(lines,$A86,undist) -> 0 | H86: =ROUND(G86,0) -> 0 | J86: =SUMIF(lines,$A86,TitleI) -> 0 | K86: =SUMIF(lines,$A86,IDEA) -> 0 | L86: =SUMIF(lines,$A86,ESSERI) -> 0 | M86: =SUMIF(lines,$A86,ESSERII) -> 0 | N86: =SUMIF(lines,$A86,ESSERIII) -> 0 | O86: =SUMIF(lines,$A86,ESSERG) -> 0 | P86: =SUMIF(lines,$A86,GEER) -> 0 | Q86: =SUMIF(lines,$A86,doefed) -> 0 | R86: =SUMIF(lines,$A86,adultfed) -> 0 | S86: =SUMIF(lines,$A86,otherfed) -> 0 | U86: =SUMIF(lines,$A86,doestate) -> 0 | V86: =SUMIF(lines,$A86,adultstate) -> 0 | W86: =SUMIF(lines,$A86,otherstate) -> 0 | X86: =SUMIF(lines,$A86,circuitbreaker) -> 0 | Y86: =SUMIF(lines,$A86,private) -> 0 | Z86: =SUMIF(lines,$A86,schchoice) -> 0 | AA86: =SUMIF(lines,$A86,otherreceipts) -> 0 | AB86: =ROUND(SUM(H86:AA86),0) -> 0
A87: 3489 | B87: Other Salaries (03) | G87: =SUMIF(lines,$A87,undist) -> 0 | H87: =ROUND(G87,0) -> 0 | J87: =SUMIF(lines,$A87,TitleI) -> 0 | K87: =SUMIF(lines,$A87,IDEA) -> 0 | L87: =SUMIF(lines,$A87,ESSERI) -> 0 | M87: =SUMIF(lines,$A87,ESSERII) -> 0 | N87: =SUMIF(lines,$A87,ESSERIII) -> 0 | O87: =SUMIF(lines,$A87,ESSERG) -> 0 | P87: =SUMIF(lines,$A87,GEER) -> 0 | Q87: =SUMIF(lines,$A87,doefed) -> 0 | R87: =SUMIF(lines,$A87,adultfed) -> 0 | S87: =SUMIF(lines,$A87,otherfed) -> 0 | U87: =SUMIF(lines,$A87,doestate) -> 0 | V87: =SUMIF(lines,$A87,adultstate) -> 0 | W87: =SUMIF(lines,$A87,otherstate) -> 0 | X87: =SUMIF(lines,$A87,circuitbreaker) -> 0 | Y87: =SUMIF(lines,$A87,private) -> 0 | Z87: =SUMIF(lines,$A87,schchoice) -> 0 | AA87: =SUMIF(lines,$A87,otherreceipts) -> 0 | AB87: =ROUND(SUM(H87:AA87),0) -> 0
A88: 3490 | B88: Contracted Services (04) | G88: =SUMIF(lines,$A88,undist) -> 0 | H88: =ROUND(G88,0) -> 0 | J88: =SUMIF(lines,$A88,TitleI) -> 0 | K88: =SUMIF(lines,$A88,IDEA) -> 0 | L88: =SUMIF(lines,$A88,ESSERI) -> 0 | M88: =SUMIF(lines,$A88,ESSERII) -> 0 | N88: =SUMIF(lines,$A88,ESSERIII) -> 0 | O88: =SUMIF(lines,$A88,ESSERG) -> 0 | P88: =SUMIF(lines,$A88,GEER) -> 0 | Q88: =SUMIF(lines,$A88,doefed) -> 0 | R88: =SUMIF(lines,$A88,adultfed) -> 0 | S88: =SUMIF(lines,$A88,otherfed) -> 0 | U88: =SUMIF(lines,$A88,doestate) -> 0 | V88: =SUMIF(lines,$A88,adultstate) -> 0 | W88: =SUMIF(lines,$A88,otherstate) -> 0 | X88: =SUMIF(lines,$A88,circuitbreaker) -> 0 | Y88: =SUMIF(lines,$A88,private) -> 0 | Z88: =SUMIF(lines,$A88,schchoice) -> 0 | AA88: =SUMIF(lines,$A88,otherreceipts) -> 0 | AB88: =ROUND(SUM(H88:AA88),0) -> 0
A89: 3491 | B89: Supplies and Materials (05) | G89: =SUMIF(lines,$A89,undist) -> 0 | H89: =ROUND(G89,0) -> 0 | J89: =SUMIF(lines,$A89,TitleI) -> 0 | K89: =SUMIF(lines,$A89,IDEA) -> 0 | L89: =SUMIF(lines,$A89,ESSERI) -> 0 | M89: =SUMIF(lines,$A89,ESSERII) -> 0 | N89: =SUMIF(lines,$A89,ESSERIII) -> 0 | O89: =SUMIF(lines,$A89,ESSERG) -> 0 | P89: =SUMIF(lines,$A89,GEER) -> 0 | Q89: =SUMIF(lines,$A89,doefed) -> 0 | R89: =SUMIF(lines,$A89,adultfed) -> 0 | S89: =SUMIF(lines,$A89,otherfed) -> 0 | U89: =SUMIF(lines,$A89,doestate) -> 0 | V89: =SUMIF(lines,$A89,adultstate) -> 0 | W89: =SUMIF(lines,$A89,otherstate) -> 0 | X89: =SUMIF(lines,$A89,circuitbreaker) -> 0 | Y89: =SUMIF(lines,$A89,private) -> 0 | Z89: =SUMIF(lines,$A89,schchoice) -> 0 | AA89: =SUMIF(lines,$A89,otherreceipts) -> 0 | AB89: =ROUND(SUM(H89:AA89),0) -> 0
A90: 3492 | B90: Other Expenses (06) | G90: =SUMIF(lines,$A90,undist) -> 0 | H90: =ROUND(G90,0) -> 0 | J90: =SUMIF(lines,$A90,TitleI) -> 0 | K90: =SUMIF(lines,$A90,IDEA) -> 0 | L90: =SUMIF(lines,$A90,ESSERI) -> 0 | M90: =SUMIF(lines,$A90,ESSERII) -> 0 | N90: =SUMIF(lines,$A90,ESSERIII) -> 0 | O90: =SUMIF(lines,$A90,ESSERG) -> 0 | P90: =SUMIF(lines,$A90,GEER) -> 0 | Q90: =SUMIF(lines,$A90,doefed) -> 0 | R90: =SUMIF(lines,$A90,adultfed) -> 0 | S90: =SUMIF(lines,$A90,otherfed) -> 0 | U90: =SUMIF(lines,$A90,doestate) -> 0 | V90: =SUMIF(lines,$A90,adultstate) -> 0 | W90: =SUMIF(lines,$A90,otherstate) -> 0 | X90: =SUMIF(lines,$A90,circuitbreaker) -> 0 | Y90: =SUMIF(lines,$A90,private) -> 0 | Z90: =SUMIF(lines,$A90,schchoice) -> 0 | AA90: =SUMIF(lines,$A90,otherreceipts) -> 0 | AB90: =ROUND(SUM(H90:AA90),0) -> 0
A91: 3493 | B91: Sub-total | G91: =ROUND(SUM(G85:G90),0) -> 0 | H91: =ROUND(G91,0) -> 0 | J91: =ROUND(SUM(J85:J90),0) -> 0 | K91: =ROUND(SUM(K85:K90),0) -> 0 | L91: =ROUND(SUM(L85:L90),0) -> 0 | M91: =ROUND(SUM(M85:M90),0) -> 0 | N91: =ROUND(SUM(N85:N90),0) -> 0 | O91: =ROUND(SUM(O85:O90),0) -> 0 | P91: =ROUND(SUM(P85:P90),0) -> 0 | Q91: =ROUND(SUM(Q85:Q90),0) -> 0 | ... S91: =ROUND(SUM(S85:S90),0) -> 0 | U91: =ROUND(SUM(U85:U90),0) -> 0 | V91: =ROUND(SUM(V85:V90),0) -> 0 | W91: =ROUND(SUM(W85:W90),0) -> 0 | X91: =ROUND(SUM(X85:X90),0) -> 0 | Y91: =ROUND(SUM(Y85:Y90),0) -> 0 | Z91: =ROUND(SUM(Z85:Z90),0) -> 0 | AA91: =ROUND(SUM(AA85:AA90),0) -> 0 | AB91: =ROUND(SUM(H91:AA91),0) -> 0
B92: Instructional Coaches (2352)
A93: 3494 | B93: Professional Salaries (01) | C93: =SUMIF(lines,$A93,day) -> 0 | D93: =SUMIF(lines,$A93,special) -> 0 | E93: =SUMIF(lines,$A93,occday) -> 0 | F93: =SUMIF(lines,$A93,other) -> 0 | H93: =ROUND(SUM(C93:F93),0) -> 0 | J93: =SUMIF(lines,$A93,TitleI) -> 0 | K93: =SUMIF(lines,$A93,IDEA) -> 0 | L93: =SUMIF(lines,$A93,ESSERI) -> 0 | M93: =SUMIF(lines,$A93,ESSERII) -> 0 | N93: =SUMIF(lines,$A93,ESSERIII) -> 0 | O93: =SUMIF(lines,$A93,ESSERG) -> 0 | P93: =SUMIF(lines,$A93,GEER) -> 0 | Q93: =SUMIF(lines,$A93,doefed) -> 0 | R93: =SUMIF(lines,$A93,adultfed) -> 0 | S93: =SUMIF(lines,$A93,otherfed) -> 0 | U93: =SUMIF(lines,$A93,doestate) -> 0 | V93: =SUMIF(lines,$A93,adultstate) -> 0 | W93: =SUMIF(lines,$A93,otherstate) -> 0 | X93: =SUMIF(lines,$A93,circuitbreaker) -> 0 | Y93: =SUMIF(lines,$A93,private) -> 0 | Z93: =SUMIF(lines,$A93,schchoice) -> 0 | AA93: =SUMIF(lines,$A93,otherreceipts) -> 0 | AB93: =ROUND(SUM(H93:AA93),0) -> 0
A94: 3495 | B94: Contracted Services (04) | C94: =SUMIF(lines,$A94,day) -> 0 | D94: =SUMIF(lines,$A94,special) -> 0 | E94: =SUMIF(lines,$A94,occday) -> 0 | F94: =SUMIF(lines,$A94,other) -> 0 | H94: =ROUND(SUM(C94:F94),0) -> 0 | J94: =SUMIF(lines,$A94,TitleI) -> 0 | K94: =SUMIF(lines,$A94,IDEA) -> 0 | L94: =SUMIF(lines,$A94,ESSERI) -> 0 | M94: =SUMIF(lines,$A94,ESSERII) -> 0 | N94: =SUMIF(lines,$A94,ESSERIII) -> 0 | O94: =SUMIF(lines,$A94,ESSERG) -> 0 | P94: =SUMIF(lines,$A94,GEER) -> 0 | Q94: =SUMIF(lines,$A94,doefed) -> 0 | R94: =SUMIF(lines,$A94,adultfed) -> 0 | S94: =SUMIF(lines,$A94,otherfed) -> 0 | U94: =SUMIF(lines,$A94,doestate) -> 0 | V94: =SUMIF(lines,$A94,adultstate) -> 0 | W94: =SUMIF(lines,$A94,otherstate) -> 0 | X94: =SUMIF(lines,$A94,circuitbreaker) -> 0 | Y94: =SUMIF(lines,$A94,private) -> 0 | Z94: =SUMIF(lines,$A94,schchoice) -> 0 | AA94: =SUMIF(lines,$A94,otherreceipts) -> 0 | AB94: =ROUND(SUM(H94:AA94),0) -> 0
A95: 3496 | B95: Supplies and Materials (05) | C95: =SUMIF(lines,$A95,day) -> 0 | D95: =SUMIF(lines,$A95,special) -> 0 | E95: =SUMIF(lines,$A95,occday) -> 0 | F95: =SUMIF(lines,$A95,other) -> 0 | H95: =ROUND(SUM(C95:F95),0) -> 0 | J95: =SUMIF(lines,$A95,TitleI) -> 0 | K95: =SUMIF(lines,$A95,IDEA) -> 0 | L95: =SUMIF(lines,$A95,ESSERI) -> 0 | M95: =SUMIF(lines,$A95,ESSERII) -> 0 | N95: =SUMIF(lines,$A95,ESSERIII) -> 0 | O95: =SUMIF(lines,$A95,ESSERG) -> 0 | P95: =SUMIF(lines,$A95,GEER) -> 0 | Q95: =SUMIF(lines,$A95,doefed) -> 0 | R95: =SUMIF(lines,$A95,adultfed) -> 0 | S95: =SUMIF(lines,$A95,otherfed) -> 0 | U95: =SUMIF(lines,$A95,doestate) -> 0 | V95: =SUMIF(lines,$A95,adultstate) -> 0 | W95: =SUMIF(lines,$A95,otherstate) -> 0 | X95: =SUMIF(lines,$A95,circuitbreaker) -> 0 | Y95: =SUMIF(lines,$A95,private) -> 0 | Z95: =SUMIF(lines,$A95,schchoice) -> 0 | AA95: =SUMIF(lines,$A95,otherreceipts) -> 0 | AB95: =ROUND(SUM(H95:AA95),0) -> 0
A96: 3497 | B96: Other Expenses (06) | C96: =SUMIF(lines,$A96,day) -> 0 | D96: =SUMIF(lines,$A96,special) -> 0 | E96: =SUMIF(lines,$A96,occday) -> 0 | F96: =SUMIF(lines,$A96,other) -> 0 | H96: =ROUND(SUM(C96:F96),0) -> 0 | J96: =SUMIF(lines,$A96,TitleI) -> 0 | K96: =SUMIF(lines,$A96,IDEA) -> 0 | L96: =SUMIF(lines,$A96,ESSERI) -> 0 | M96: =SUMIF(lines,$A96,ESSERII) -> 0 | N96: =SUMIF(lines,$A96,ESSERIII) -> 0 | O96: =SUMIF(lines,$A96,ESSERG) -> 0 | P96: =SUMIF(lines,$A96,GEER) -> 0 | Q96: =SUMIF(lines,$A96,doefed) -> 0 | R96: =SUMIF(lines,$A96,adultfed) -> 0 | S96: =SUMIF(lines,$A96,otherfed) -> 0 | U96: =SUMIF(lines,$A96,doestate) -> 0 | V96: =SUMIF(lines,$A96,adultstate) -> 0 | W96: =SUMIF(lines,$A96,otherstate) -> 0 | X96: =SUMIF(lines,$A96,circuitbreaker) -> 0 | Y96: =SUMIF(lines,$A96,private) -> 0 | Z96: =SUMIF(lines,$A96,schchoice) -> 0 | AA96: =SUMIF(lines,$A96,otherreceipts) -> 0 | AB96: =ROUND(SUM(H96:AA96),0) -> 0
A97: 3498 | B97: Sub-total | C97: =ROUND(SUM(C93:C96),0) -> 0 | D97: =ROUND(SUM(D93:D96),0) -> 0 | E97: =ROUND(SUM(E93:E96),0) -> 0 | F97: =ROUND(SUM(F93:F96),0) -> 0 | H97: =ROUND(SUM(C97:F97),0) -> 0 | J97: =ROUND(SUM(J93:J96),0) -> 0 | K97: =ROUND(SUM(K93:K96),0) -> 0 | L97: =ROUND(SUM(L93:L96),0) -> 0 | M97: =ROUND(SUM(M93:M96),0) -> 0 | N97: =ROUND(SUM(N93:N96),0) -> 0 | O97: =ROUND(SUM(O93:O96),0) -> 0 | P97: =ROUND(SUM(P93:P96),0) -> 0 | Q97: =ROUND(SUM(Q93:Q96),0) -> 0 | ... S97: =ROUND(SUM(S93:S96),0) -> 0 | U97: =ROUND(SUM(U93:U96),0) -> 0 | V97: =ROUND(SUM(V93:V96),0) -> 0 | W97: =ROUND(SUM(W93:W96),0) -> 0 | X97: =ROUND(SUM(X93:X96),0) -> 0 | Y97: =ROUND(SUM(Y93:Y96),0) -> 0 | Z97: =ROUND(SUM(Z93:Z96),0) -> 0 | AA97: =ROUND(SUM(AA93:AA96),0) -> 0 | AB97: =ROUND(SUM(H97:AA97),0) -> 0
B98: Stipends for Teachers Providing Instructional Coaching (2354)
A99: 3499 | B99: Professional Salaries (01) | C99: =SUMIF(lines,$A99,day) -> 0 | D99: =SUMIF(lines,$A99,special) -> 0 | E99: =SUMIF(lines,$A99,occday) -> 0 | F99: =SUMIF(lines,$A99,other) -> 0 | H99: =ROUND(SUM(C99:F99),0) -> 0 | J99: =SUMIF(lines,$A99,TitleI) -> 0 | K99: =SUMIF(lines,$A99,IDEA) -> 0 | L99: =SUMIF(lines,$A99,ESSERI) -> 0 | M99: =SUMIF(lines,$A99,ESSERII) -> 0 | N99: =SUMIF(lines,$A99,ESSERIII) -> 0 | O99: =SUMIF(lines,$A99,ESSERG) -> 0 | P99: =SUMIF(lines,$A99,GEER) -> 0 | Q99: =SUMIF(lines,$A99,doefed) -> 0 | R99: =SUMIF(lines,$A99,adultfed) -> 0 | S99: =SUMIF(lines,$A99,otherfed) -> 0 | U99: =SUMIF(lines,$A99,doestate) -> 0 | V99: =SUMIF(lines,$A99,adultstate) -> 0 | W99: =SUMIF(lines,$A99,otherstate) -> 0 | X99: =SUMIF(lines,$A99,circuitbreaker) -> 0 | Y99: =SUMIF(lines,$A99,private) -> 0 | Z99: =SUMIF(lines,$A99,schchoice) -> 0 | AA99: =SUMIF(lines,$A99,otherreceipts) -> 0 | AB99: =ROUND(SUM(H99:AA99),0) -> 0
B100: Costs for Instructional Staff to Attend Professional Development (2356)
A101: 3501 | B101: Professional Salaries (01) | C101: =SUMIF(lines,$A101,day) -> 0 | D101: =SUMIF(lines,$A101,special) -> 0 | E101: =SUMIF(lines,$A101,occday) -> 0 | F101: =SUMIF(lines,$A101,other) -> 0 | H101: =ROUND(SUM(C101:F101),0) -> 0 | J101: =SUMIF(lines,$A101,TitleI) -> 0 | K101: =SUMIF(lines,$A101,IDEA) -> 0 | L101: =SUMIF(lines,$A101,ESSERI) -> 0 | M101: =SUMIF(lines,$A101,ESSERII) -> 0 | N101: =SUMIF(lines,$A101,ESSERIII) -> 0 | O101: =SUMIF(lines,$A101,ESSERG) -> 0 | P101: =SUMIF(lines,$A101,GEER) -> 0 | Q101: =SUMIF(lines,$A101,doefed) -> 0 | R101: =SUMIF(lines,$A101,adultfed) -> 0 | S101: =SUMIF(lines,$A101,otherfed) -> 0 | U101: =SUMIF(lines,$A101,doestate) -> 0 | V101: =SUMIF(lines,$A101,adultstate) -> 0 | W101: =SUMIF(lines,$A101,otherstate) -> 0 | X101: =SUMIF(lines,$A101,circuitbreaker) -> 0 | Y101: =SUMIF(lines,$A101,private) -> 0 | Z101: =SUMIF(lines,$A101,schchoice) -> 0 | AA101: =SUMIF(lines,$A101,otherreceipts) -> 0 | AB101: =ROUND(SUM(H101:AA101),0) -> 0
A102: 3502 | B102: Other Salaries (03) | C102: =SUMIF(lines,$A102,day) -> 0 | D102: =SUMIF(lines,$A102,special) -> 0 | E102: =SUMIF(lines,$A102,occday) -> 0 | F102: =SUMIF(lines,$A102,other) -> 0 | H102: =ROUND(SUM(C102:F102),0) -> 0 | J102: =SUMIF(lines,$A102,TitleI) -> 0 | K102: =SUMIF(lines,$A102,IDEA) -> 0 | L102: =SUMIF(lines,$A102,ESSERI) -> 0 | M102: =SUMIF(lines,$A102,ESSERII) -> 0 | N102: =SUMIF(lines,$A102,ESSERIII) -> 0 | O102: =SUMIF(lines,$A102,ESSERG) -> 0 | P102: =SUMIF(lines,$A102,GEER) -> 0 | Q102: =SUMIF(lines,$A102,doefed) -> 0 | R102: =SUMIF(lines,$A102,adultfed) -> 0 | S102: =SUMIF(lines,$A102,otherfed) -> 0 | U102: =SUMIF(lines,$A102,doestate) -> 0 | V102: =SUMIF(lines,$A102,adultstate) -> 0 | W102: =SUMIF(lines,$A102,otherstate) -> 0 | X102: =SUMIF(lines,$A102,circuitbreaker) -> 0 | Y102: =SUMIF(lines,$A102,private) -> 0 | Z102: =SUMIF(lines,$A102,schchoice) -> 0 | AA102: =SUMIF(lines,$A102,otherreceipts) -> 0 | AB102: =ROUND(SUM(H102:AA102),0) -> 0
A103: 3503 | B103: Supplies and Materials (05) | C103: =SUMIF(lines,$A103,day) -> 0 | D103: =SUMIF(lines,$A103,special) -> 0 | E103: =SUMIF(lines,$A103,occday) -> 0 | F103: =SUMIF(lines,$A103,other) -> 0 | H103: =ROUND(SUM(C103:F103),0) -> 0 | J103: =SUMIF(lines,$A103,TitleI) -> 0 | K103: =SUMIF(lines,$A103,IDEA) -> 0 | L103: =SUMIF(lines,$A103,ESSERI) -> 0 | M103: =SUMIF(lines,$A103,ESSERII) -> 0 | N103: =SUMIF(lines,$A103,ESSERIII) -> 0 | O103: =SUMIF(lines,$A103,ESSERG) -> 0 | P103: =SUMIF(lines,$A103,GEER) -> 0 | Q103: =SUMIF(lines,$A103,doefed) -> 0 | R103: =SUMIF(lines,$A103,adultfed) -> 0 | S103: =SUMIF(lines,$A103,otherfed) -> 0 | U103: =SUMIF(lines,$A103,doestate) -> 0 | V103: =SUMIF(lines,$A103,adultstate) -> 0 | W103: =SUMIF(lines,$A103,otherstate) -> 0 | X103: =SUMIF(lines,$A103,circuitbreaker) -> 0 | Y103: =SUMIF(lines,$A103,private) -> 0 | Z103: =SUMIF(lines,$A103,schchoice) -> 0 | AA103: =SUMIF(lines,$A103,otherreceipts) -> 0 | AB103: =ROUND(SUM(H103:AA103),0) -> 0
A104: 3504 | B104: Other Expenses (06) | C104: =SUMIF(lines,$A104,day) -> 0 | D104: =SUMIF(lines,$A104,special) -> 0 | E104: =SUMIF(lines,$A104,occday) -> 0 | F104: =SUMIF(lines,$A104,other) -> 0 | H104: =ROUND(SUM(C104:F104),0) -> 0 | J104: =SUMIF(lines,$A104,TitleI) -> 0 | K104: =SUMIF(lines,$A104,IDEA) -> 0 | L104: =SUMIF(lines,$A104,ESSERI) -> 0 | M104: =SUMIF(lines,$A104,ESSERII) -> 0 | N104: =SUMIF(lines,$A104,ESSERIII) -> 0 | O104: =SUMIF(lines,$A104,ESSERG) -> 0 | P104: =SUMIF(lines,$A104,GEER) -> 0 | Q104: =SUMIF(lines,$A104,doefed) -> 0 | R104: =SUMIF(lines,$A104,adultfed) -> 0 | S104: =SUMIF(lines,$A104,otherfed) -> 0 | U104: =SUMIF(lines,$A104,doestate) -> 0 | V104: =SUMIF(lines,$A104,adultstate) -> 0 | W104: =SUMIF(lines,$A104,otherstate) -> 0 | X104: =SUMIF(lines,$A104,circuitbreaker) -> 0 | Y104: =SUMIF(lines,$A104,private) -> 0 | Z104: =SUMIF(lines,$A104,schchoice) -> 0 | AA104: =SUMIF(lines,$A104,otherreceipts) -> 0 | AB104: =ROUND(SUM(H104:AA104),0) -> 0
A105: 3505 | B105: Sub-total | C105: =ROUND(SUM(C101:C104),0) -> 0 | D105: =ROUND(SUM(D101:D104),0) -> 0 | E105: =ROUND(SUM(E101:E104),0) -> 0 | F105: =ROUND(SUM(F101:F104),0) -> 0 | H105: =ROUND(SUM(C105:F105),0) -> 0 | J105: =ROUND(SUM(J101:J104),0) -> 0 | K105: =ROUND(SUM(K101:K104),0) -> 0 | L105: =ROUND(SUM(L101:L104),0) -> 0 | M105: =ROUND(SUM(M101:M104),0) -> 0 | N105: =ROUND(SUM(N101:N104),0) -> 0 | O105: =ROUND(SUM(O101:O104),0) -> 0 | P105: =ROUND(SUM(P101:P104),0) -> 0 | Q105: =ROUND(SUM(Q101:Q104),0) -> 0 | ... S105: =ROUND(SUM(S101:S104),0) -> 0 | U105: =ROUND(SUM(U101:U104),0) -> 0 | V105: =ROUND(SUM(V101:V104),0) -> 0 | W105: =ROUND(SUM(W101:W104),0) -> 0 | X105: =ROUND(SUM(X101:X104),0) -> 0 | Y105: =ROUND(SUM(Y101:Y104),0) -> 0 | Z105: =ROUND(SUM(Z101:Z104),0) -> 0 | AA105: =ROUND(SUM(AA101:AA104),0) -> 0 | AB105: =ROUND(SUM(H105:AA105),0) -> 0
B106: Outside Professional Development Providers for Instructional Staff (2358)
A107: 3506 | B107: Contracted Services (04) | C107: =SUMIF(lines,$A107,day) -> 21495 | D107: =SUMIF(lines,$A107,special) -> 5000 | E107: =SUMIF(lines,$A107,occday) -> 0 | F107: =SUMIF(lines,$A107,other) -> 0 | H107: =ROUND(SUM(C107:F107),0) -> 26495 | J107: =SUMIF(lines,$A107,TitleI) -> 0 | K107: =SUMIF(lines,$A107,IDEA) -> 0 | L107: =SUMIF(lines,$A107,ESSERI) -> 0 | M107: =SUMIF(lines,$A107,ESSERII) -> 0 | N107: =SUMIF(lines,$A107,ESSERIII) -> 0 | O107: =SUMIF(lines,$A107,ESSERG) -> 0 | P107: =SUMIF(lines,$A107,GEER) -> 0 | Q107: =SUMIF(lines,$A107,doefed) -> 0 | R107: =SUMIF(lines,$A107,adultfed) -> 0 | S107: =SUMIF(lines,$A107,otherfed) -> 0 | U107: =SUMIF(lines,$A107,doestate) -> 0 | V107: =SUMIF(lines,$A107,adultstate) -> 0 | W107: =SUMIF(lines,$A107,otherstate) -> 0 | X107: =SUMIF(lines,$A107,circuitbreaker) -> 0 | Y107: =SUMIF(lines,$A107,private) -> 0 | Z107: =SUMIF(lines,$A107,schchoice) -> 0 | AA107: =SUMIF(lines,$A107,otherreceipts) -> 0 | AB107: =ROUND(SUM(H107:AA107),0) -> 26495
...

Sheet schedule3
D2: 1 | E2: =D2+1 -> 2
A5: 6 | C5: 2023-2024 End of Year Pupil and Financial Report | E5: LEA | F5: District | H5: School | I5: Name | K5: Grade Level
C6: Schedule 3 Individual School Expenditures | E6: =schools!B1 -> 162 | F6: =schools!C1 -> Lunenburg | H6: 000 | I6: Districtwide | K6: K | L6: 12
E8: 1 | F8: 2 | G8: 3 | H8: 4 | I8: 5 | J8: 6 | K8: 7 | L8: 8 | M8: 9 | N8: 10 | O8: 11 | P8: 12 | Q8: 13 | R8: 14 | S8: 15 | T8: 16 | U8: 17 | V8: 18 | W8: 19 | X8: 20 | Y8: 21 | Z8: 22 | AA8: 23 | AB8: 24 | AC8: 25 | AD8: 26
L9: FEDERAL GRANTS | W9: STATE GRANTS | Z9: REVOLVING AND SPECIAL REVENUE FUNDS
H10: Adult Ed. | S10: Other | T10: DESE | X10: DESE | AB10: School | AD10: Total
G11: Chapter 74 | H11: And | J11: Total | Q11: ESSER | S11: DESE | T11: Administered | W11: DESE | X11: Administered | Y11: Other | AB11: Choice and | AC11: Other | AD11: Expenditures
E12: Regular | F12: Special | G12: Vocational/ | H12: Other | J12: School | K12: City/Town | L12: Title I | M12: IDEA | N12: ESSER I | O12: ESSER II | P12: ESSER III | Q12: SEA | S12: Administered | T12: Federal | U12: Other | W12: Administered | X12: State | Y12: State | Z12: Circuit | AA12: Private | AB12: Other | AC12: Local | AD12: All
E13: Day | F13: Education | G13: Technical | H13: Programs | I13: Undistributed | J13: Committee | K13: Appropriation | L13: FC 305 | M13: FC 240 | N13: FC 113 | O13: FC 115 | P13: FC 119 | Q13: Reserve | R13: GEER | S13: Federal | T13: Adult Ed. | U13: Federal | V13: Blank | W13: State | X13: Adult Ed. | Y13: Grants | Z13: Breaker | AA13: Grants | AB13: Tuition | AC13: Receipts | AD13: Funds
C14: Line | D14: Curriculum Directors and Department Heads (Supervisory) (2110)
C15: 3401 | D15: Professional Salaries (01) | E15: 121000 | F15: 142900 | J15: =ROUND(SUM(E15:H15),0) -> 263900 | L15: 5000 | U15: 31383 | AD15: =SUM(J15:AC15) -> 300283
C16: 3402 | D16: Clerical Salaries (02) | F16: 57351 | J16: =ROUND(SUM(E16:H16),0) -> 57351 | AD16: =ROUND(SUM(J16:AC16),0) -> 57351
C17: 3403 | D17: Other Salaries (03) | J17: =ROUND(SUM(E17:H17),0) -> 0 | AD17: =ROUND(SUM(J17:AC17),0) -> 0
C18: 3404 | D18: Contracted Services (04) | F18: 29483 | J18: =ROUND(SUM(E18:H18),0) -> 29483 | L18: 625 | W18: 775.58 | AD18: =ROUND(SUM(J18:AC18),0) -> 30884
C19: 3405 | D19: Supplies and Materials (05) | E19: 32287 | F19: 25612.17 | J19: =ROUND(SUM(E19:H19),0) -> 57899 | AA19: 31053 | AD19: =ROUND(SUM(J19:AC19),0) -> 88952
C20: 3406 | D20: Other Expenses (06) | J20: =ROUND(SUM(E20:H20),0) -> 0 | AD20: =ROUND(SUM(J20:AC20),0) -> 0
C21: 3409 | D21: Sub-total | E21: =ROUND(SUM(E15:E20),0) -> 153287 | F21: =ROUND(SUM(F15:F20),0) -> 255346 | G21: =ROUND(SUM(G15:G20),0) -> 0 | H21: =ROUND(SUM(H15:H20),0) -> 0 | J21: =ROUND(SUM(E21:H21),0) -> 408633 | L21: 5625 | M21: =ROUND(SUM(M15:M20),0) -> 0 | N21: =ROUND(SUM(N15:N20),0) -> 0 | O21: =ROUND(SUM(O15:O20),0) -> 0 | P21: =ROUND(SUM(P15:P20),0) -> 0 | Q21: =ROUND(SUM(Q15:Q20),0) -> 0 | R21: =ROUND(SUM(R15:R20),0) -> 0 | S21: =ROUND(SUM(S15:S20),0) -> 0 | T21: =ROUND(SUM(T15:T20),0) -> 0 | U21: =ROUND(SUM(U15:U20),0) -> 31383 | W21: =ROUND(SUM(W15:W20),0) -> 776 | X21: =ROUND(SUM(X15:X20),0) -> 0 | Y21: =ROUND(SUM(Y15:Y20),0) -> 0 | Z21: =ROUND(SUM(Z15:Z20),0) -> 0 | AA21: =ROUND(SUM(AA15:AA20),0) -> 31053 | AB21: =ROUND(SUM(AB15:AB20),0) -> 0 | AC21: =ROUND(SUM(AC15:AC20),0) -> 0 | AD21: =ROUND(SUM(J21:AC21),0) -> 477470
D22: Curriculum Directors and Department Heads (Non-Supervisory) (2120)
C23: 3411 | D23: Professional Salaries (01) | J23: =ROUND(SUM(E23:H23),0) -> 0 | AD23: =ROUND(SUM(J23:AC23),0) -> 0
C24: 3412 | D24: Clerical Salaries (02) | J24: =ROUND(SUM(E24:H24),0) -> 0 | AD24: =ROUND(SUM(J24:AC24),0) -> 0
C25: 3413 | D25: Other Salaries (03) | J25: =ROUND(SUM(E25:H25),0) -> 0 | AD25: =ROUND(SUM(J25:AC25),0) -> 0
C26: 3414 | D26: Contracted Services (04) | J26: =ROUND(SUM(E26:H26),0) -> 0 | AD26: =ROUND(SUM(J26:AC26),0) -> 0
C27: 3415 | D27: Supplies and Materials (05) | J27: =ROUND(SUM(E27:H27),0) -> 0 | AD27: =ROUND(SUM(J27:AC27),0) -> 0
C28: 3416 | D28: Other Expenses (06) | J28: =ROUND(SUM(E28:H28),0) -> 0 | AD28: =ROUND(SUM(J28:AC28),0) -> 0
C29: 3419 | D29: Sub-total | E29: =ROUND(SUM(E23:E28),0) -> 0 | F29: =ROUND(SUM(F23:F28),0) -> 0 | G29: =ROUND(SUM(G23:G28),0) -> 0 | H29: =ROUND(SUM(H23:H28),0) -> 0 | J29: =ROUND(SUM(E29:H29),0) -> 0 | L29: =ROUND(SUM(L23:L28),0) -> 0 | M29: =ROUND(SUM(M23:M28),0) -> 0 | N29: =ROUND(SUM(N23:N28),0) -> 0 | O29: =ROUND(SUM(O23:O28),0) -> 0 | P29: =ROUND(SUM(P23:P28),0) -> 0 | Q29: =ROUND(SUM(Q23:Q28),0) -> 0 | R29: =ROUND(SUM(R23:R28),0) -> 0 | S29: =ROUND(SUM(S23:S28),0) -> 0 | ... U29: =ROUND(SUM(U23:U28),0) -> 0 | W29: =ROUND(SUM(W23:W28),0) -> 0 | X29: =ROUND(SUM(X23:X28),0) -> 0 | Y29: =ROUND(SUM(Y23:Y28),0) -> 0 | Z29: =ROUND(SUM(Z23:Z28),0) -> 0 | AA29: =ROUND(SUM(AA23:AA28),0) -> 0 | AB29: =ROUND(SUM(AB23:AB28),0) -> 0 | AC29: =ROUND(SUM(AC23:AC28),0) -> 0 | AD29: =ROUND(SUM(J29:AC29),0) -> 0
D30: Instructional Technology Leadership and Training (2130)
C31: 3421 | D31: Professional Salaries (01) | J31: =ROUND(SUM(E31:H31),0) -> 0 | AD31: =ROUND(SUM(J31:AC31),0) -> 0
C32: 3422 | D32: Clerical Salaries (02) | J32: =ROUND(SUM(E32:H32),0) -> 0 | AD32: =ROUND(SUM(J32:AC32),0) -> 0
C33: 3423 | D33: Other Salaries (03) | J33: =ROUND(SUM(E33:H33),0) -> 0 | AD33: =ROUND(SUM(J33:AC33),0) -> 0
C34: 3424 | D34: Contracted Services (04) | J34: =ROUND(SUM(E34:H34),0) -> 0 | AD34: =ROUND(SUM(J34:AC34),0) -> 0
C35: 3425 | D35: Supplies and Materials (05) | J35: =ROUND(SUM(E35:H35),0) -> 0 | AD35: =ROUND(SUM(J35:AC35),0) -> 0
C36: 3426 | D36: Other Expenses (06) | J36: =ROUND(SUM(E36:H36),0) -> 0 | AD36: =ROUND(SUM(J36:AC36),0) -> 0
C37: 3427 | D37: Sub-total | E37: =ROUND(SUM(E31:E36),0) -> 0 | F37: =ROUND(SUM(F31:F36),0) -> 0 | G37: =ROUND(SUM(G31:G36),0) -> 0 | H37: =ROUND(SUM(H31:H36),0) -> 0 | J37: =ROUND(SUM(E37:H37),0) -> 0 | L37: =ROUND(SUM(L31:L36),0) -> 0 | M37: =ROUND(SUM(M31:M36),0) -> 0 | N37: =ROUND(SUM(N31:N36),0) -> 0 | O37: =ROUND(SUM(O31:O36),0) -> 0 | P37: =ROUND(SUM(P31:P36),0) -> 0 | Q37: =ROUND(SUM(Q31:Q36),0) -> 0 | R37: =ROUND(SUM(R31:R36),0) -> 0 | S37: =ROUND(SUM(S31:S36),0) -> 0 | ... U37: =ROUND(SUM(U31:U36),0) -> 0 | W37: =ROUND(SUM(W31:W36),0) -> 0 | X37: =ROUND(SUM(X31:X36),0) -> 0 | Y37: =ROUND(SUM(Y31:Y36),0) -> 0 | Z37: =ROUND(SUM(Z31:Z36),0) -> 0 | AA37: =ROUND(SUM(AA31:AA36),0) -> 0 | AB37: =ROUND(SUM(AB31:AB36),0) -> 0 | AC37: =ROUND(SUM(AC31:AC36),0) -> 0 | AD37: =ROUND(SUM(J37:AC37),0) -> 0
D38: School Leadership-Building (2210)
C39: 3428 | D39: Professional Salaries (01) | I39: 886431 | J39: =ROUND(I39,0) -> 886431 | AD39: =ROUND(SUM(J39:AC39),0) -> 886431
C40: 3429 | D40: Clerical Salaries (02) | I40: 258111.48 | J40: =ROUND(I40,0) -> 258111 | AD40: =ROUND(SUM(J40:AC40),0) -> 258111
C41: 3430 | D41: Other Salaries (03) | J41: =ROUND(I41,0) -> 0 | S41: 56691 | AD41: =ROUND(SUM(J41:AC41),0) -> 56691
C42: 3431 | D42: Contracted Services (04) | J42: =ROUND(I42,0) -> 0 | L42: 49805.03 | AD42: =ROUND(SUM(J42:AC42),0) -> 49805
C43: 3432 | D43: Supplies and Materials (05) | I43: 12917.51 | J43: =ROUND(I43,0) -> 12918 | AD43: =ROUND(SUM(J43:AC43),0) -> 12918
C44: 3433 | D44: Other Expenses (06) | I44: 8250.65 | J44: =ROUND(I44,0) -> 8251 | AD44: =ROUND(SUM(J44:AC44),0) -> 8251
C45: 3434 | D45: Sub-total | I45: =ROUND(SUM(I39:I44),0) -> 1165711 | J45: =ROUND(SUM(I45),0) -> 1165711 | L45: =ROUND(SUM(L39:L44),0) -> 49805 | M45: =ROUND(SUM(M39:M44),0) -> 0 | N45: =ROUND(SUM(N39:N44),0) -> 0 | O45: =ROUND(SUM(O39:O44),0) -> 0 | P45: =ROUND(SUM(P39:P44),0) -> 0 | Q45: =ROUND(SUM(Q39:Q44),0) -> 0 | R45: =ROUND(SUM(R39:R44),0) -> 0 | S45: =ROUND(SUM(S39:S44),0) -> 56691 | ... U45: =ROUND(SUM(U39:U44),0) -> 0 | W45: =ROUND(SUM(W39:W44),0) -> 0 | X45: =ROUND(SUM(X39:X44),0) -> 0 | Y45: =ROUND(SUM(Y39:Y44),0) -> 0 | Z45: =ROUND(SUM(Z39:Z44),0) -> 0 | AA45: =ROUND(SUM(AA39:AA44),0) -> 0 | AB45: =ROUND(SUM(AB39:AB44),0) -> 0 | AC45: =ROUND(SUM(AC39:AC44),0) -> 0 | AD45: =ROUND(SUM(J45:AC45),0) -> 1272207
D46: Administrative Technology and Support – Schools (2250)
C47: 3444 | D47: Contracted Services (04) | J47: =SUM(E47:H47) -> 0 | AD47: =ROUND(SUM(J47:AC47),0) -> 0
C48: 3445 | D48: Supplies and Materials (05) | J48: =SUM(E48:H48) -> 0 | AD48: =ROUND(SUM(J48:AC48),0) -> 0
C49: 3446 | D49: Other Expenses (06) | J49: =SUM(E49:H49) -> 0 | AD49: =ROUND(SUM(J49:AC49),0) -> 0
C50: 3449 | D50: Sub-total | E50: =SUM(E47:E49) -> 0 | F50: =SUM(F47:F49) -> 0 | G50: =SUM(G47:G49) -> 0 | H50: =SUM(H47:H49) -> 0 | J50: =ROUND(SUM(E50:H50),0) -> 0 | L50: =ROUND(SUM(L47:L49),0) -> 0 | M50: =ROUND(SUM(M47:M49),0) -> 0 | N50: =ROUND(SUM(N47:N49),0) -> 0 | O50: =ROUND(SUM(O47:O49),0) -> 0 | P50: =ROUND(SUM(P47:P49),0) -> 0 | Q50: =ROUND(SUM(Q47:Q49),0) -> 0 | R50: =ROUND(SUM(R47:R49),0) -> 0 | S50: =ROUND(SUM(S47:S49),0) -> 0 | ... U50: =ROUND(SUM(U47:U49),0) -> 0 | W50: =ROUND(SUM(W47:W49),0) -> 0 | X50: =ROUND(SUM(X47:X49),0) -> 0 | Y50: =ROUND(SUM(Y47:Y49),0) -> 0 | Z50: =ROUND(SUM(Z47:Z49),0) -> 0 | AA50: =ROUND(SUM(AA47:AA49),0) -> 0 | AB50: =ROUND(SUM(AB47:AB49),0) -> 0 | AC50: =ROUND(SUM(AC47:AC49),0) -> 0 | AD50: =ROUND(SUM(J50:AC50),0) -> 0
D51: Teachers (2305)
C52: 3450 | D52: Professional Salaries (01) | E52: 7778201.4 | F52: 1997251.1 | J52: =ROUND(SUM(E52:H52),0) -> 9775452 | L52: 321856.41 | M52: 0 | O52: 50533.9 | P52: 696691.07 | U52: 30000 | W52: 122103.9 | AB52: 97119 | AD52: =ROUND(SUM(J52:AC52),0) -> 11093756
D53: Medical/ Therapeutic Services (2320)
C54: 3452 | D54: Professional Salaries (01) | F54: 608200.54 | J54: =ROUND(SUM(E54:H54),0) -> 608201 | S54: 6843 | AD54: =ROUND(SUM(J54:AC54),0) -> 615044
C55: 3453 | D55: Clerical Salaries (02) | J55: =ROUND(SUM(E55:H55),0) -> 0 | AD55: =ROUND(SUM(J55:AC55),0) -> 0
C56: 3454 | D56: Other Salaries (03) | J56: =ROUND(SUM(E56:H56),0) -> 0 | AD56: =ROUND(SUM(J56:AC56),0) -> 0
C57: 3455 | D57: Contracted Services (04) | J57: =ROUND(SUM(E57:H57),0) -> 0 | AD57: =ROUND(SUM(J57:AC57),0) -> 0
C58: 3456 | D58: Supplies and Materials (05) | J58: =ROUND(SUM(E58:H58),0) -> 0 | Y58: 25233.4 | AD58: =ROUND(SUM(J58:AC58),0) -> 25233
C59: 3457 | D59: Other Expenses (06) | J59: =ROUND(SUM(E59:H59),0) -> 0 | W59: 3608 | AD59: =ROUND(SUM(J59:AC59),0) -> 3608
C60: 3459 | D60: Sub-total | E60: =ROUND(SUM(E54:E59),0) -> 0 | F60: =ROUND(SUM(F54:F59),0) -> 608201 | G60: =ROUND(SUM(G54:G59),0) -> 0 | H60: =ROUND(SUM(H54:H59),0) -> 0 | J60: =ROUND(SUM(E60:H60),0) -> 608201 | L60: =ROUND(SUM(L54:L59),0) -> 0 | M60: =ROUND(SUM(M54:M59),0) -> 0 | N60: =ROUND(SUM(N54:N59),0) -> 0 | O60: =ROUND(SUM(O54:O59),0) -> 0 | P60: =ROUND(SUM(P54:P59),0) -> 0 | Q60: =ROUND(SUM(Q54:Q59),0) -> 0 | R60: =ROUND(SUM(R54:R59),0) -> 0 | S60: =ROUND(SUM(S54:S59),0) -> 6843 | ... U60: =ROUND(SUM(U54:U59),0) -> 0 | W60: 3608 | X60: =ROUND(SUM(X54:X59),0) -> 0 | Y60: =ROUND(SUM(Y54:Y59),0) -> 25233 | Z60: =ROUND(SUM(Z54:Z59),0) -> 0 | AA60: =ROUND(SUM(AA54:AA59),0) -> 0 | AB60: =ROUND(SUM(AB54:AB59),0) -> 0 | AC60: =ROUND(SUM(AC54:AC59),0) -> 0 | AD60: =ROUND(SUM(J60:AC60),0) -> 643885
D61: Substitutes, Long Term (2324)
C62: 3462 | D62: Professional Salaries (01) | J62: =ROUND(SUM(E62:H62),0) -> 0 | AD62: =ROUND(SUM(J62:AC62),0) -> 0
C63: 3463 | D63: Other Salaries (03) | J63: =ROUND(SUM(E63:H63),0) -> 0 | AD63: =ROUND(SUM(J63:AC63),0) -> 0
C64: 3464 | D64: Contracted Services (04) | J64: =ROUND(SUM(E64:H64),0) -> 0 | Y64: 275 | AD64: =ROUND(SUM(J64:AC64),0) -> 275
C65: 3465 | D65: Sub-total | E65: =ROUND(SUM(E62:E64),0) -> 0 | F65: =ROUND(SUM(F62:F64),0) -> 0 | G65: =ROUND(SUM(G62:G64),0) -> 0 | H65: =ROUND(SUM(H62:H64),0) -> 0 | J65: =ROUND(SUM(E65:H65),0) -> 0 | L65: =ROUND(SUM(L62:L64),0) -> 0 | M65: =ROUND(SUM(M62:M64),0) -> 0 | N65: =ROUND(SUM(N62:N64),0) -> 0 | O65: =ROUND(SUM(O62:O64),0) -> 0 | P65: =ROUND(SUM(P62:P64),0) -> 0 | Q65: =ROUND(SUM(Q62:Q64),0) -> 0 | R65: =ROUND(SUM(R62:R64),0) -> 0 | S65: =ROUND(SUM(S62:S64),0) -> 0 | ... U65: =ROUND(SUM(U62:U64),0) -> 0 | W65: =ROUND(SUM(W62:W64),0) -> 0 | X65: =ROUND(SUM(X62:X64),0) -> 0 | Y65: =ROUND(SUM(Y62:Y64),0) -> 275 | Z65: =ROUND(SUM(Z62:Z64),0) -> 0 | AA65: =ROUND(SUM(AA62:AA64),0) -> 0 | AB65: =ROUND(SUM(AB62:AB64),0) -> 0 | AC65: =ROUND(SUM(AC62:AC64),0) -> 0 | AD65: =ROUND(SUM(J65:AC65),0) -> 275
D66: Substitutes, Short Term (2325)
C67: 3467 | D67: Other Salaries (03) | J67: =ROUND(SUM(E67:H67),0) -> 0 | O67: 41069.78 | AD67: =ROUND(SUM(J67:AC67),0) -> 41070
C68: 3468 | D68: Contracted Services (04) | E68: 119774.99 | F68: 60145.08 | J68: =ROUND(SUM(E68:H68),0) -> 179920 | AD68: =ROUND(SUM(J68:AC68),0) -> 179920
C69: 3469 | D69: Sub-total | E69: =ROUND(SUM(E67:E68),0) -> 119775 | F69: =ROUND(SUM(F67:F68),0) -> 60145 | G69: =ROUND(SUM(G67:G68),0) -> 0 | H69: =ROUND(SUM(H67:H68),0) -> 0 | J69: =ROUND(SUM(E69:H69),0) -> 179920 | L69: =ROUND(SUM(L67:L68),0) -> 0 | M69: =ROUND(SUM(M67:M68),0) -> 0 | N69: =ROUND(SUM(N67:N68),0) -> 0 | O69: =ROUND(SUM(O67:O68),0) -> 41070 | P69: =ROUND(SUM(P67:P68),0) -> 0 | Q69: =ROUND(SUM(Q67:Q68),0) -> 0 | R69: =ROUND(SUM(R67:R68),0) -> 0 | S69: =ROUND(SUM(S67:S68),0) -> 0 | ... U69: =ROUND(SUM(U67:U68),0) -> 0 | W69: =ROUND(SUM(W67:W68),0) -> 0 | X69: =ROUND(SUM(X67:X68),0) -> 0 | Y69: =ROUND(SUM(Y67:Y68),0) -> 0 | Z69: =ROUND(SUM(Z67:Z68),0) -> 0 | AA69: =ROUND(SUM(AA67:AA68),0) -> 0 | AB69: =ROUND(SUM(AB67:AB68),0) -> 0 | AC69: =ROUND(SUM(AC67:AC68),0) -> 0 | AD69: =ROUND(SUM(J69:AC69),0) -> 220990
D70: All Non-Clerical Paraprofessionals/Instructional Assistants (2330)
C71: 3473 | D71: Other Salaries (03) | E71: 96135.11 | F71: 1038772 | J71: =ROUND(SUM(E71:H71),0) -> 1134907 | M71: 511113 | P71: 79612.75 | U71: 224705 | W71: 3075 | AD71: =ROUND(SUM(J71:AC71),0) -> 1953413
C72: 3474 | D72: Contracted Services (04) | J72: =ROUND(SUM(E72:H72),0) -> 0 | U72: 14252 | AD72: =ROUND(SUM(J72:AC72),0) -> 14252
C73: 3475 | D73: Sub-total | E73: =ROUND(SUM(E71:E72),0) -> 96135 | F73: =ROUND(SUM(F71:F72),0) -> 1038772 | G73: =ROUND(SUM(G71:G72),0) -> 0 | H73: =ROUND(SUM(H71:H72),0) -> 0 | J73: =ROUND(SUM(E73:H73),0) -> 1134907 | L73: =ROUND(SUM(L71:L72),0) -> 0 | M73: 511113 | N73: =ROUND(SUM(N71:N72),0) -> 0 | O73: =ROUND(SUM(O71:O72),0) -> 0 | P73: =ROUND(SUM(P71:P72),0) -> 79613 | Q73: =ROUND(SUM(Q71:Q72),0) -> 0 | R73: =ROUND(SUM(R71:R72),0) -> 0 | S73: =ROUND(SUM(S71:S72),0) -> 0 | T73: =ROUND(SUM(T71:T72),0) -> 0 | U73: =ROUND(SUM(U71:U72),0) -> 238957 | W73: =ROUND(SUM(W71:W72),0) -> 3075 | X73: =ROUND(SUM(X71:X72),0) -> 0 | Y73: =ROUND(SUM(Y71:Y72),0) -> 0 | Z73: =ROUND(SUM(Z71:Z72),0) -> 0 | AA73: =ROUND(SUM(AA71:AA72),0) -> 0 | AB73: =ROUND(SUM(AB71:AB72),0) -> 0 | AC73: =ROUND(SUM(AC71:AC72),0) -> 0 | AD73: =ROUND(SUM(J73:AC73),0) -> 1967665
D74: Librarians and Media Center Directors (2340)
C75: 3476 | D75: Professional Salaries (01) | I75: 191490 | J75: =ROUND(I75,0) -> 191490 | AD75: =ROUND(SUM(J75:AC75),0) -> 191490
C76: 3477 | D76: Clerical Salaries (02) | J76: =ROUND(I76,0) -> 0 | AD76: =ROUND(SUM(J76:AC76),0) -> 0
C77: 3478 | D77: Other Salaries (03) | J77: =ROUND(I77,0) -> 0 | AD77: =ROUND(SUM(J77:AC77),0) -> 0
C78: 3479 | D78: Sub-total | I78: =ROUND(SUM(I75:I77),0) -> 191490 | J78: =ROUND(I78,0) -> 191490 | K78: =ROUND(SUM(K75:K77),0) -> 0 | L78: =ROUND(SUM(L75:L77),0) -> 0 | M78: =ROUND(SUM(M75:M77),0) -> 0 | N78: =ROUND(SUM(N75:N77),0) -> 0 | O78: =ROUND(SUM(O75:O77),0) -> 0 | P78: =ROUND(SUM(P75:P77),0) -> 0 | Q78: =ROUND(SUM(Q75:Q77),0) -> 0 | R78: =ROUND(SUM(R75:R77),0) -> 0 | ... U78: =ROUND(SUM(U75:U77),0) -> 0 | W78: =ROUND(SUM(W75:W77),0) -> 0 | X78: =ROUND(SUM(X75:X77),0) -> 0 | Y78: =ROUND(SUM(Y75:Y77),0) -> 0 | Z78: =ROUND(SUM(Z75:Z77),0) -> 0 | AA78: =ROUND(SUM(AA75:AA77),0) -> 0 | AB78: =ROUND(SUM(AB75:AB77),0) -> 0 | AC78: =ROUND(SUM(AC75:AC77),0) -> 0 | AD78: =ROUND(SUM(J78:AC78),0) -> 191490
D79: Distance Learning and Online Coursework (2345) (Including Tuition for Dual Enrollment and SPED Transition Programs)
C80: 3481 | D80: Contracted Services (04) | J80: =ROUND(SUM(E80:H80),0) -> 0 | AD80: =ROUND(SUM(J80:AC80),0) -> 0
C81: 3482 | D81: Supplies and Materials (05) | J81: =ROUND(SUM(E81:H81),0) -> 0 | AD81: =ROUND(SUM(J81:AC81),0) -> 0
C82: 3485 | D82: Other Expenses (06) | J82: =ROUND(SUM(E82:H82),0) -> 0 | AD82: =ROUND(SUM(J82:AC82),0) -> 0
C83: 3486 | D83: Sub-total | E83: =ROUND(SUM(E80:E82),0) -> 0 | F83: =ROUND(SUM(F80:F82),0) -> 0 | G83: =ROUND(SUM(G80:G82),0) -> 0 | H83: =ROUND(SUM(H80:H82),0) -> 0 | J83: =ROUND(SUM(E83:H83),0) -> 0 | L83: =ROUND(SUM(L80:L82),0) -> 0 | M83: =ROUND(SUM(M80:M82),0) -> 0 | N83: =ROUND(SUM(N80:N82),0) -> 0 | O83: =ROUND(SUM(O80:O82),0) -> 0 | P83: =ROUND(SUM(P80:P82),0) -> 0 | Q83: =ROUND(SUM(Q80:Q82),0) -> 0 | R83: =ROUND(SUM(R80:R82),0) -> 0 | S83: =ROUND(SUM(S80:S82),0) -> 0 | ... U83: =ROUND(SUM(U80:U82),0) -> 0 | W83: =ROUND(SUM(W80:W82),0) -> 0 | X83: =ROUND(SUM(X80:X82),0) -> 0 | Y83: =ROUND(SUM(Y80:Y82),0) -> 0 | Z83: =ROUND(SUM(Z80:Z82),0) -> 0 | AA83: =ROUND(SUM(AA80:AA82),0) -> 0 | AB83: =ROUND(SUM(AB80:AB82),0) -> 0 | AC83: =ROUND(SUM(AC80:AC82),0) -> 0 | AD83: =ROUND(SUM(J83:AC83),0) -> 0
D84: Professional Development Leadership (2351)
C85: 3487 | D85: Professional Salaries (01) | J85: =ROUND(I85,0) -> 0 | AD85: =ROUND(SUM(J85:AC85),0) -> 0
C86: 3488 | D86: Clerical Salaries (02) | J86: =ROUND(I86,0) -> 0 | AD86: =ROUND(SUM(J86:AC86),0) -> 0
C87: 3489 | D87: Other Salaries (03) | J87: =ROUND(I87,0) -> 0 | AD87: =ROUND(SUM(J87:AC87),0) -> 0
C88: 3490 | D88: Contracted Services (04) | J88: =ROUND(I88,0) -> 0 | AD88: =ROUND(SUM(J88:AC88),0) -> 0
C89: 3491 | D89: Supplies and Materials (05) | J89: =ROUND(I89,0) -> 0 | AD89: =ROUND(SUM(J89:AC89),0) -> 0
C90: 3492 | D90: Other Expenses (06) | J90: =ROUND(I90,0) -> 0 | AD90: =ROUND(SUM(J90:AC90),0) -> 0
C91: 3493 | D91: Sub-total | I91: =ROUND(SUM(I85:I90),0) -> 0 | J91: =ROUND(I91,0) -> 0 | L91: =ROUND(SUM(L85:L90),0) -> 0 | M91: =ROUND(SUM(M85:M90),0) -> 0 | N91: =ROUND(SUM(N85:N90),0) -> 0 | O91: =ROUND(SUM(O85:O90),0) -> 0 | P91: =ROUND(SUM(P85:P90),0) -> 0 | Q91: =ROUND(SUM(Q85:Q90),0) -> 0 | R91: =ROUND(SUM(R85:R90),0) -> 0 | S91: =ROUND(SUM(S85:S90),0) -> 0 | ... U91: =ROUND(SUM(U85:U90),0) -> 0 | W91: =ROUND(SUM(W85:W90),0) -> 0 | X91: =ROUND(SUM(X85:X90),0) -> 0 | Y91: =ROUND(SUM(Y85:Y90),0) -> 0 | Z91: =ROUND(SUM(Z85:Z90),0) -> 0 | AA91: =ROUND(SUM(AA85:AA90),0) -> 0 | AB91: =ROUND(SUM(AB85:AB90),0) -> 0 | AC91: =ROUND(SUM(AC85:AC90),0) -> 0 | AD91: =ROUND(SUM(J91:AC91),0) -> 0
D92: Instructional Coaches (2352)
C93: 3494 | D93: Professional Salaries (01) | J93: =ROUND(SUM(E93:H93),0) -> 0 | AD93: =ROUND(SUM(J93:AC93),0) -> 0
C94: 3495 | D94: Contracted Services (04) | J94: =ROUND(SUM(E94:H94),0) -> 0 | AD94: =ROUND(SUM(J94:AC94),0) -> 0
C95: 3496 | D95: Supplies and Materials (05) | J95: =ROUND(SUM(E95:H95),0) -> 0 | AD95: =ROUND(SUM(J95:AC95),0) -> 0
C96: 3497 | D96: Other Expenses (06) | J96: =ROUND(SUM(E96:H96),0) -> 0 | AD96: =ROUND(SUM(J96:AC96),0) -> 0
C97: 3498 | D97: Sub-total | E97: =ROUND(SUM(E93:E96),0) -> 0 | F97: =ROUND(SUM(F93:F96),0) -> 0 | G97: =ROUND(SUM(G93:G96),0) -> 0 | H97: =ROUND(SUM(H93:H96),0) -> 0 | J97: =ROUND(SUM(E97:H97),0) -> 0 | L97: =ROUND(SUM(L93:L96),0) -> 0 | M97: =ROUND(SUM(M93:M96),0) -> 0 | N97: =ROUND(SUM(N93:N96),0) -> 0 | O97: =ROUND(SUM(O93:O96),0) -> 0 | P97: =ROUND(SUM(P93:P96),0) -> 0 | Q97: =ROUND(SUM(Q93:Q96),0) -> 0 | R97: =ROUND(SUM(R93:R96),0) -> 0 | S97: =ROUND(SUM(S93:S96),0) -> 0 | ... U97: =ROUND(SUM(U93:U96),0) -> 0 | W97: =ROUND(SUM(W93:W96),0) -> 0 | X97: =ROUND(SUM(X93:X96),0) -> 0 | Y97: =ROUND(SUM(Y93:Y96),0) -> 0 | Z97: =ROUND(SUM(Z93:Z96),0) -> 0 | AA97: =ROUND(SUM(AA93:AA96),0) -> 0 | AB97: =ROUND(SUM(AB93:AB96),0) -> 0 | AC97: =ROUND(SUM(AC93:AC96),0) -> 0 | AD97: =ROUND(SUM(J97:AC97),0) -> 0
D98: Stipends for Teachers Providing Instructional Coaching (2354)
C99: 3499 | D99: Professional Salaries (01) | J99: =ROUND(SUM(E99:H99),0) -> 0 | AD99: =ROUND(SUM(J99:AC99),0) -> 0
D100: Costs for Instructional Staff to Attend Professional Development (2356)
C101: 3501 | D101: Professional Salaries (01) | J101: =ROUND(SUM(E101:H101),0) -> 0 | AD101: =ROUND(SUM(J101:AC101),0) -> 0
C102: 3502 | D102: Other Salaries (03) | J102: =ROUND(SUM(E102:H102),0) -> 0 | AD102: =ROUND(SUM(J102:AC102),0) -> 0
C103: 3503 | D103: Supplies and Materials (05) | J103: =ROUND(SUM(E103:H103),0) -> 0 | AD103: =ROUND(SUM(J103:AC103),0) -> 0
C104: 3504 | D104: Other Expenses (06) | J104: =ROUND(SUM(E104:H104),0) -> 0 | U104: 770 | W104: 487 | AD104: =ROUND(SUM(J104:AC104),0) -> 1257
...

Sheet schedule18
B2: Schedule 18 Survey
B4: Please answer questions 1-18 as they pertain to your district's current teacher's contract. If your contract has expired, please answer based on the scale being used this year through a memorandum of agreement or evergreen clause. Enter NA for any items that do not apply to your district.
D6: Code | E6: Description | H6: Response
B7: 1. | C7: What are the effective dates (start and end dates) of your current teacher's contract? | D7: 0001 | E7: ContractStart | F7: Start (m/d/yy) | H7: 44378
D8: 0002 | E8: ContractEnd | F8: End (m/d/yy) | H8: 45473
B9: 2. | C9: What are the annual negotiated salary increases (% COLA) provided for in your current teacher contract? Provide all relevant years. | D9: 0003 | E9: COLA22 | F9: FY22 | H9: 0.025
D10: 0004 | E10: COLA23 | F10: FY23 | H10: 0.015
D11: 0005 | E11: COLA24 | F11: FY24 | H11: 0.01
D12: 0006 | E12: COLA25 | F12: FY25 | H12: TBD
B13: 3. | C13: Please provide the number of lanes in your current teacher salary schedule. | D13: 0007 | E13: NLanes | F13: N lanes | H13: 10
B14: 4. | C14: Please provide the number of steps in your current teacher salary schedule. | D14: 0008 | E14: Nsteps | F14: N steps | H14: 13
B15: 5. | C15: What are the lowest step, step 5, and top step salary amounts ($/year) for the bachelors, masters, and highest lane in your FY24 teacher salary schedule? Do not include longevity or other credits. | D15: 0009 | E15: LowestStepBachelors | F15: Lowest step | G15: Bachelors | H15: 49551
D16: 0010 | E16: LowestStepMasters | G16: Masters | H16: 57183
D17: 0011 | E17: LowestStepHighest | G17: Highest | H17: 72442
D18: 0012 | E18: Step5Bachelors | F18: Step 5 | G18: Bachelors | H18: 58028
D19: 0013 | E19: Step5Masters | G19: Masters | H19: 65658
D20: 0014 | E20: Step5Highest | G20: Highest | H20: 80919
D21: 0015 | E21: HighestStepBachelors | F21: Highest step | G21: Bachelors | H21: 76959
D22: 0016 | E22: HighestStepMasters | G22: Masters | H22: 84626
D23: 0017 | E23: HighestStepHighest | G23: Highest | H23: 99960
B24: 6. | C24: Does your teacher contract include longevity? | D24: 0018 | E24: LongevityYesNo | F24: Yes/No | H24: Yes
B25: 7. | C25: If yes, how many years must a teacher work to be eligible for the first level of longevity? | D25: 0019 | E25: LongevityFirst | F25: N years | H25: 15
B26: 8. | C26: How much is the first level of longevity (enter $ amount or %)? | D26: 0020 | E26: LongevityFirst$ | F26: $ amount | H26: 1900
D27: 0021 | E27: LongevityFirst% | F27: %
B28: 9. | C28: How many years must a teacher work to be eligible for the highest level of longevity? | D28: 0022 | E28: LongevityHighest | F28: N years | H28: 25
B29: 10. | C29: How much is the highest level of longevity (enter $ amount or %)? | D29: 0023 | E29: LongevityHighest$ | F29: $ amount | H29: 5700
D30: 0024 | E30: LongevityHighest% | F30: %
B31: 11. | C31: Please provide the number of days specified in your teacher contract or otherwise in the following categories: | D31: 0025 | E31: TeacherWorkYearDays | F31: Teacher work year | H31: 183
D32: 0026 | E32: InstructionalYearDays | F32: Instructional year | H32: 180
D33: 0027 | E33: EarlyReleaseDays | F33: Early release | H33: 0
B34: 12. | C34: Please provide the number of early release days for professional development: | D34: 0028 | E34: EarlyReleaseDaysPD | H34: 5
B35: 13. | C35: Please provide the number of sick days, personal days, and max accumulation of sick days provided in your current teacher's contract: | D35: 0029 | E35: SickDays | F35: N sick days | H35: 12
D36: 0030 | E36: PersonalDays | F36: N personal days | H36: 3
D37: 0031 | E37: MaxAccumulationDays | F37: Max accumulation | H37: 180
B38: 14. | C38: Based on the health insurance plans that are available in your district, what are your district's highest and lowest employer shares for health insurance for standard family plans active and retired employees? | D38: 0032 | E38: EmployerShareActive | F38: Employer share: Active employees | G38: Highest % | H38: 0.75 | I38: =IF(H38<0.5,"This employer share percentage is low, please confirm","")
D39: 0033 | G39: Lowest % | H39: 0.75 | I39: =IF(H39<0.5,"This employer share percentage is low, please confirm","")
D40: 0034 | E40: EmployerShareRetired | F40: Employer share: Retired employees | G40: Highest % | H40: 0.75 | I40: =IF(H40<0.5,"This employer share percentage is low, please confirm","")
D41: 0035 | G41: Lowest % | H41: 0.5 | I41: =IF(H41<0.5,"This employer share percentage is low, please confirm","")
B42: 15. | C42: Does your accounting system permit the reporting of all school district expenditures by fund source, object, and function and the reporting of instructional costs by program and school, see 603 CMR 10.03 3(a)? | D42: 0036 | E42: AccountRegs | F42: Yes/No | H42: Yes
B43: 16. | C43: Does your accounting system include school location codes? | D43: 0037 | E43: LocationCodes | F43: Yes/No | H43: No
B44: 17. | C44: Does your district use DESE function codes in the coding structure in your accounting software or is a crosswalk needed? | D44: 0038 | E44: CodesOrCrosswalk | H44: Both
B45: 18. | C45: Do you provide your own self-operated regular or special education transportation? | D45: 0039 | E45: RegularTransport | F45: Yes/No | G45: Regular education | H45: No
D46: 0040 | E46: SpecialTransport | F46: Yes/No | G46: Special education | H46: No
H50: =COUNTBLANK(H7:H24)+COUNTBLANK(H31:H46) -> 0

Sheet convert
C1: =schedule3!H6 -> 000 | D1: lines | E1: 1 | F1: 2 | G1: 3 | H1: 4 | I1: 5 | J1: 6 | K1: 7 | L1: 8 | M1: 9 | N1: 10 | O1: 11 | P1: 12 | Q1: 13 | R1: 14 | S1: 15 | T1: 16 | U1: 17 | V1: 18 | W1: 19 | X1: 20 | Y1: 21 | Z1: 22 | AA1: 23 | AB1: 24 | AC1: 25
C2: 000 | D2: 3401 | E2: 121000 | F2: 142900 | J2: 263900 | L2: 5000 | U2: 31383 | AD2: 300283
C3: 000 | D3: 3402 | F3: 57351 | J3: 57351 | AD3: 57351
C4: 000 | D4: 3403 | J4: 0 | AD4: 0
C5: 000 | D5: 3404 | F5: 29483 | J5: 29483 | L5: 625 | W5: 775.58 | AD5: 30884
C6: 000 | D6: 3405 | E6: 32287 | F6: 25612.17 | J6: 57899 | AA6: 31053 | AD6: 88952
C7: 000 | D7: 3406 | J7: 0 | AD7: 0
C8: 000 | D8: 3411 | J8: 0 | AD8: 0
C9: 000 | D9: 3412 | J9: 0 | AD9: 0
C10: 000 | D10: 3413 | J10: 0 | AD10: 0
C11: 000 | D11: 3414 | J11: 0 | AD11: 0
C12: 000 | D12: 3415 | J12: 0 | AD12: 0
C13: 000 | D13: 3416 | J13: 0 | AD13: 0
C14: 000 | D14: 3421 | J14: 0 | AD14: 0
C15: 000 | D15: 3422 | J15: 0 | AD15: 0
C16: 000 | D16: 3423 | J16: 0 | AD16: 0
C17: 000 | D17: 3424 | J17: 0 | AD17: 0
C18: 000 | D18: 3425 | J18: 0 | AD18: 0
C19: 000 | D19: 3426 | J19: 0 | AD19: 0
C20: 000 | D20: 3428 | I20: 886431 | J20: 886431 | AD20: 886431
C21: 000 | D21: 3429 | I21: 258111.48 | J21: 258111 | AD21: 258111
C22: 000 | D22: 3430 | J22: 0 | S22: 56691 | AD22: 56691
C23: 000 | D23: 3431 | J23: 0 | L23: 49805.03 | AD23: 49805
C24: 000 | D24: 3432 | I24: 12917.51 | J24: 12918 | AD24: 12918
C25: 000 | D25: 3433 | I25: 8250.65 | J25: 8251 | AD25: 8251
C26: 000 | D26: 3444 | J26: 0 | AD26: 0
C27: 000 | D27: 3445 | J27: 0 | AD27: 0
C28: 000 | D28: 3446 | J28: 0 | AD28: 0
C29: 000 | D29: 3450 | E29: 7778201.4 | F29: 1997251.1 | J29: 9775452 | L29: 321856.41 | M29: 0 | O29: 50533.9 | P29: 696691.07 | U29: 30000 | W29: 122103.9 | AB29: 97119 | AD29: 11093756
C30: 000 | D30: 3452 | F30: 608200.54 | J30: 608201 | S30: 6843 | AD30: 615044
C31: 000 | D31: 3453 | J31: 0 | AD31: 0
C32: 000 | D32: 3454 | J32: 0 | AD32: 0
C33: 000 | D33: 3455 | J33: 0 | AD33: 0
C34: 000 | D34: 3456 | J34: 0 | Y34: 25233.4 | AD34: 25233
C35: 000 | D35: 3457 | J35: 0 | W35: 3608 | AD35: 3608
C36: 000 | D36: 3462 | J36: 0 | AD36: 0
C37: 000 | D37: 3463 | J37: 0 | AD37: 0
C38: 000 | D38: 3464 | J38: 0 | Y38: 275 | AD38: 275
C39: 000 | D39: 3467 | J39: 0 | O39: 41069.78 | AD39: 41070
C40: 000 | D40: 3468 | E40: 119774.99 | F40: 60145.08 | J40: 179920 | AD40: 179920
C41: 000 | D41: 3473 | E41: 96135.11 | F41: 1038772 | J41: 1134907 | M41: 511113 | P41: 79612.75 | U41: 224705 | W41: 3075 | AD41: 1953413
C42: 000 | D42: 3474 | J42: 0 | U42: 14252 | AD42: 14252
C43: 000 | D43: 3476 | I43: 191490 | J43: 191490 | AD43: 191490
C44: 000 | D44: 3477 | J44: 0 | AD44: 0
C45: 000 | D45: 3478 | J45: 0 | AD45: 0
C46: 000 | D46: 3481 | J46: 0 | AD46: 0
C47: 000 | D47: 3482 | J47: 0 | AD47: 0
C48: 000 | D48: 3485 | J48: 0 | AD48: 0
C49: 000 | D49: 3487 | J49: 0 | AD49: 0
C50: 000 | D50: 3488 | J50: 0 | AD50: 0
C51: 000 | D51: 3489 | J51: 0 | AD51: 0
C52: 000 | D52: 3490 | J52: 0 | AD52: 0
C53: 000 | D53: 3491 | J53: 0 | AD53: 0
C54: 000 | D54: 3492 | J54: 0 | AD54: 0
C55: 000 | D55: 3494 | J55: 0 | AD55: 0
... C62: 000 | D62: 3503 | J62: 0 | AD62: 0
C63: 000 | D63: 3504 | J63: 0 | U63: 770 | W63: 487 | AD63: 1257
C64: 000 | D64: 3506 | E64: 21495 | F64: 5000 | J64: 26495 | AD64: 26495
C65: 000 | D65: 3507 | J65: 0 | AD65: 0
C66: 000 | D66: 3508 | J66: 0 | AD66: 0
C67: 000 | D67: 3511 | E67: 4281 | J67: 4281 | AC67: 248 | AD67: 4529
C68: 000 | D68: 3514 | J68: 0 | AB68: 169648 | AD68: 169648
C69: 000 | D69: 3515 | E69: 68931.12 | F69: 8192 | J69: 77123 | M69: 25638.76 | S69: 791 | U69: 4791 | W69: 4763 | Y69: 25233 | AA69: 5500 | AC69: 2744 | AD69: 146584
C70: 000 | D70: 3516 | J70: 0 | M70: 2059.24 | U70: 5637 | Y70: 150 | AD70: 15921
C71: 000 | D71: 3524 | J71: 0 | S71: 7 | AA71: 25000 | AD71: 25007
C72: 000 | D72: 3525 | E72: 54469.61 | J72: 54470 | AA72: 25000 | AD72: 79470
C73: 000 | D73: 3526 | J73: 0 | Y73: 581.99 | AB73: 25868 | AD73: 26450
C74: 000 | D74: 3535 | E74: 49062.41 | J74: 49062 | O74: 6322 | AD74: 55384
C75: 000 | D75: 3540 | J75: 0 | AD75: 0
C76: 000 | D76: 3541 | E76: 4205 | J76: 4205 | Y76: 705 | AD76: 4910
C77: 000 | D77: 3542 | J77: 0 | AD77: 0
C78: 000 | D78: 3543 | E78: 800 | J78: 800 | M78: 18643 | AC78: 12995 | AD78: 32438
C79: 000 | D79: 3545 | E79: 18641.68 | J79: 18642 | AD79: 18642
C80: 000 | D80: 3546 | E80: 10363.8 | J80: 10364 | AD80: 10364
C81: 000 | D81: 3547 | J81: 0 | AD81: 0
C82: 000 | D82: 3549 | J82: 0 | AD82: 0
C83: 000 | D83: 3550 | J83: 0 | AA83: 50000 | AD83: 50000
C84: 000 | D84: 3551 | J84: 0 | AD84: 0
C85: 000 | D85: 3553 | J85: 0 | AD85: 0
C86: 000 | D86: 3554 | J86: 0 | AD86: 0
C87: 000 | D87: 3555 | J87: 0 | AD87: 0
C88: 000 | D88: 3561 | E88: 324799 | J88: 324799 | O88: 50533.9 | P88: 378271.07 | AD88: 753604
C89: 000 | D89: 3562 | E89: 38864.72 | J89: 38865 | AD89: 38865
C90: 000 | D90: 3563 | E90: 5431.53 | J90: 5432 | AD90: 5432
C91: 000 | D91: 3564 | E91: 13887.26 | J91: 13887 | AD91: 13887
C92: 000 | D92: 3565 | E92: 4435.58 | J92: 4436 | AD92: 4436
C93: 000 | D93: 3566 | J93: 0 | AD93: 0
C94: 000 | D94: 3571 | J94: 0 | AD94: 0
C95: 000 | D95: 3572 | J95: 0 | AD95: 0
C96: 000 | D96: 3573 | J96: 0 | AD96: 0
C97: 000 | D97: 3574 | J97: 0 | AD97: 0
C98: 000 | D98: 3575 | J98: 0 | AD98: 0
C99: 000 | D99: 3576 | J99: 0 | AD99: 0
C100: 000 | D100: 3581 | E100: 184049 | J100: 184049 | P100: 200000.07 | AD100: 384049
C101: 000 | D101: 3582 | J101: 0 | AD101: 0
C102: 000 | D102: 3583 | J102: 0 | AD102: 0
C103: 000 | D103: 3584 | J103: 0 | AD103: 0
C104: 000 | D104: 3585 | E104: 6663 | J104: 6663 | AD104: 6663
C105: 000 | D105: 3586 | J105: 0 | AD105: 0

Sheet data
C1: 1 | D1: 2 | E1: 3 | F1: 4 | G1: 5 | H1: 6 | I1: 7 | J1: 8 | K1: 9 | L1: 10 | M1: 11 | N1: 12 | O1: 13 | P1: 14 | Q1: 15 | R1: 16 | S1: 17 | T1: 18 | U1: 19 | V1: 20 | W1: 21 | X1: 22 | Y1: 23 | Z1: 24 | AA1: 25 | AB1: 26
J2: FEDERAL GRANTS | U2: STATE GRANTS | X2: REVOLVING AND SPECIAL REVENUE FUNDS
F3: Adult Ed | O3: ESSER | Q3: Other | R3: DESE | V3: DESE | Z3: School | AB3: Total
E4: Chapter 74 | F4: And | H4: Total | O4: SEA | Q4: DESE | R4: Administered | U4: DESE | V4: Administered | W4: Other | Z4: Choice and | AA4: Other | AB4: Expenditures
C5: Regular | D5: Special | E5: Vocational/ | F5: Other | H5: School | I5: City/Town | J5: Title I | K5: IDEA | L5: ESSER I | M5: ESSER II | N5: ESSER III | O5: Reserve | Q5: Administered | R5: Federal | S5: Other | U5: Administered | V5: State | W5: State | X5: Circuit | Y5: Private | Z5: Other | AA5: Local | AB5: All
A6: =COUNTA(B8:B14998) -> 624 | B6: =A6+7 -> 631 | C6: Day | D6: Education | E6: Technical | F6: Programs | G6: Undistributed | H6: Committee | I6: Appropriation | J6: FC 305 | K6: FC 240 | L6: FC 113 | M6: FC 115 | N6: FC 119 | O6: Grants | P6: GEER | Q6: Federal | R6: Adult Ed. | S6: Federal | T6: Blank | U6: State | V6: Adult Ed. | W6: Grants | X6: Breaker | Y6: Grants | Z6: Tuition | AA6: Receipts | AB6: Funds
A7: Code | B7: Line
A8: 000 | B8: 3401 | C8: 121000 | D8: 142900 | H8: 263900 | AB8: 263900
A9: 000 | B9: 3402 | D9: 57351 | H9: 57351 | AB9: 57351
A10: 000 | B10: 3403 | H10: 0 | AB10: 0
A11: 000 | B11: 3404 | D11: 29483 | H11: 29483 | AB11: 29483
A12: 000 | B12: 3405 | C12: 32287 | D12: 25612.17 | H12: 57899 | AB12: 57899
A13: 000 | B13: 3406 | H13: 0 | AB13: 0
A14: 000 | B14: 3411 | H14: 0 | AB14: 0
A15: 000 | B15: 3412 | H15: 0 | AB15: 0
A16: 000 | B16: 3413 | H16: 0 | AB16: 0
A17: 000 | B17: 3414 | H17: 0 | AB17: 0
A18: 000 | B18: 3415 | H18: 0 | AB18: 0
A19: 000 | B19: 3416 | H19: 0 | AB19: 0
A20: 000 | B20: 3421 | H20: 0 | AB20: 0
A21: 000 | B21: 3422 | H21: 0 | AB21: 0
A22: 000 | B22: 3423 | H22: 0 | AB22: 0
A23: 000 | B23: 3424 | H23: 0 | AB23: 0
A24: 000 | B24: 3425 | H24: 0 | AB24: 0
A25: 000 | B25: 3426 | H25: 0 | AB25: 0
A26: 000 | B26: 3428 | G26: 20621 | H26: 20621 | AB26: 886431
A27: 000 | B27: 3429 | G27: 4855.48 | H27: 4855.48 | AB27: 258111
A28: 000 | B28: 3430 | H28: 0 | AB28: 0
A29: 000 | B29: 3431 | H29: 0 | AB29: 0
A30: 000 | B30: 3432 | G30: 1111 | H30: 1111 | AB30: 12918
A31: 000 | B31: 3433 | G31: 8250.65 | H31: 8251 | AB31: 8251
A32: 000 | B32: 3444 | H32: 0 | AB32: 0
A33: 000 | B33: 3445 | H33: 0 | AB33: 0
A34: 000 | B34: 3446 | H34: 0 | AB34: 0
A35: 000 | B35: 3450 | C35: 46416.36 | D35: 273629.1 | H35: 320045.46 | AB35: 9775452
A36: 000 | B36: 3452 | D36: 370253.54 | H36: 370253.54 | AB36: 608201
A37: 000 | B37: 3453 | H37: 0 | AB37: 0
A38: 000 | B38: 3454 | H38: 0 | AB38: 0
A39: 000 | B39: 3455 | H39: 0 | AB39: 0
A40: 000 | B40: 3456 | H40: 0 | AB40: 0
A41: 000 | B41: 3457 | H41: 0 | AB41: 0
A42: 000 | B42: 3462 | H42: 0 | AB42: 0
A43: 000 | B43: 3463 | H43: 0 | AB43: 0
A44: 000 | B44: 3464 | H44: 0 | AB44: 0
A45: 000 | B45: 3467 | H45: 0 | AB45: 0
A46: 000 | B46: 3468 | C46: 119774.99 | D46: 60145.08 | H46: 179920 | AB46: 179920
A47: 000 | B47: 3473 | C47: 20633.11 | D47: 13838 | H47: 34471.11 | AB47: 1134907
A48: 000 | B48: 3474 | H48: 0 | AB48: 0
A49: 000 | B49: 3476 | G49: 191490 | H49: 191490 | AB49: 191490
A50: 000 | B50: 3477 | H50: 0 | AB50: 0
A51: 000 | B51: 3478 | H51: 0 | AB51: 0
A52: 000 | B52: 3481 | H52: 0 | AB52: 0
A53: 000 | B53: 3482 | H53: 0 | AB53: 0
A54: 000 | B54: 3485 | H54: 0 | AB54: 0
A55: 000 | B55: 3487 | H55: 0 | AB55: 0
A56: 000 | B56: 3488 | H56: 0 | AB56: 0
A57: 000 | B57: 3489 | H57: 0 | AB57: 0
A58: 000 | B58: 3490 | H58: 0 | AB58: 0
A59: 000 | B59: 3491 | H59: 0 | AB59: 0
A60: 000 | B60: 3492 | H60: 0 | AB60: 0
A61: 000 | B61: 3494 | H61: 0 | AB61: 0
... A69: 000 | B69: 3504 | H69: 0 | AB69: 0
A70: 000 | B70: 3506 | C70: 21495 | D70: 5000 | H70: 26495 | AB70: 26495
A71: 000 | B71: 3507 | H71: 0 | AB71: 0
A72: 000 | B72: 3508 | H72: 0 | AB72: 0
A73: 000 | B73: 3511 | C73: 4281 | H73: 4281 | AB73: 4281
A74: 000 | B74: 3514 | H74: 0 | AB74: 0
A75: 000 | B75: 3515 | C75: 11874.12 | D75: 1562 | H75: 13436.12 | AB75: 77123
A76: 000 | B76: 3516 | H76: 0 | AB76: 0
A77: 000 | B77: 3524 | H77: 0 | AB77: 0
A78: 000 | B78: 3525 | C78: 12711.61 | H78: 12711.61 | AB78: 54470
A79: 000 | B79: 3526 | H79: 0 | AB79: 0
A80: 000 | B80: 3535 | C80: 10940.41 | H80: 10940.41 | AB80: 49062
A81: 000 | B81: 3540 | H81: 0 | AB81: 0
A82: 000 | B82: 3541 | C82: 4205 | H82: 4205 | AB82: 4205
A83: 000 | B83: 3542 | H83: 0 | AB83: 0
A84: 000 | B84: 3543 | C84: 800 | H84: 800 | AB84: 800
A85: 000 | B85: 3545 | C85: 18641.68 | H85: 18642 | AB85: 18642
A86: 000 | B86: 3546 | C86: 10363.8 | H86: 10364 | AB86: 10364
A87: 000 | B87: 3547 | H87: 0 | AB87: 0
A88: 000 | B88: 3549 | H88: 0 | AB88: 0
A89: 000 | B89: 3550 | H89: 0 | AB89: 0
A90: 000 | B90: 3551 | H90: 0 | AB90: 0
A91: 000 | B91: 3553 | H91: 0 | AB91: 0
A92: 000 | B92: 3554 | H92: 0 | AB92: 0
A93: 000 | B93: 3555 | H93: 0 | AB93: 0
A94: 000 | B94: 3561 | C94: 1503 | H94: 1503 | AB94: 324799
A95: 000 | B95: 3562 | C95: 440.72 | H95: 440.72 | AB95: 38865
A96: 000 | B96: 3563 | C96: 5431.53 | H96: 5432 | AB96: 5432
A97: 000 | B97: 3564 | C97: 13887.26 | H97: 13887 | AB97: 13887
A98: 000 | B98: 3565 | C98: 4435.58 | H98: 4436 | AB98: 4436
A99: 000 | B99: 3566 | H99: 0 | AB99: 0
A100: 000 | B100: 3571 | H100: 0 | AB100: 0
A101: 000 | B101: 3572 | H101: 0 | AB101: 0
A102: 000 | B102: 3573 | H102: 0 | AB102: 0
A103: 000 | B103: 3574 | H103: 0 | AB103: 0
A104: 000 | B104: 3575 | H104: 0 | AB104: 0
A105: 000 | B105: 3576 | H105: 0 | AB105: 0
A106: 000 | B106: 3581 | C106: 184049 | H106: 184049 | AB106: 184049
A107: 000 | B107: 3582 | H107: 0 | AB107: 0
...

Sheet schedule20
C9: FY24 Schedule 20 Non-Instructional Grant Expenditures | E9: 1 | F9: 2 | G9: 3 | H9: 4 | I9: 5 | J9: 6 | K9: 7 | L9: 8 | M9: 9 | N9: 10 | O9: 11 | P9: 12 | Q9: 13 | R9: 14 | S9: 15
E10: FEDERAL GRANTS | P10: STATE GRANTS
C11: Amounts entered will populate Schedule 1 C.2 | L11: Other | M11: DESE | Q11: DESE
J12: ESSER | L12: DESE | M12: Administered | P12: DESE | Q12: Administered | R12: Other | S12: Total
E13: Title I | F13: IDEA | G13: ESSER I | H13: ESSER II | I13: ESSER III | J13: SEA | L13: Administered | M13: Federal | N13: Other | P13: Administered | Q13: State | R13: State | S13: Grant
E14: FC 305 | F14: FC 240 | G14: FC 113 | H14: FC 115 | I14: FC 119 | J14: Reserve | K14: GEER | L14: Federal | M14: Adult Ed. | N14: Federal | O14: Blank | P14: State | Q14: Adult Ed. | R14: Grants | S14: Expenditures
A15: Row | C15: Line | D15: Description
A16: 16 | C16: 4801 | D16: School Committee (1110) | S16: =ROUND(SUM(E16:R16),0) -> 0
A17: 17 | C17: 4802 | D17: Superintendent (1210) | S17: =ROUND(SUM(E17:R17),0) -> 0
A18: 18 | C18: 4803 | D18: Assistant Superintendents (1220) | S18: =ROUND(SUM(E18:R18),0) -> 0
A19: 19 | C19: 4804 | D19: Other District-Wide Administration (1230) | S19: =ROUND(SUM(E19:R19),0) -> 0
A20: 20 | C20: 4805 | D20: Business and Finance (1410) | S20: =ROUND(SUM(E20:R20),0) -> 0
A21: 21 | C21: 4806 | D21: Human Resources and Benefits (1420) | S21: =ROUND(SUM(E21:R21),0) -> 0
A22: 22 | C22: 4807 | D22: Legal Service For School Committee (1430) | S22: =ROUND(SUM(E22:R22),0) -> 0
A23: 23 | C23: 4808 | D23: Legal Settlements (1435) | S23: =ROUND(SUM(E23:R23),0) -> 0
A24: 24 | C24: 4809 | D24: Administrative Technology–Districtwide (1450) | S24: =ROUND(SUM(E24:R24),0) -> 0
A25: 25 | C25: 4910 | D25: Attendance and Parent Liaison Services (3100) | S25: =ROUND(SUM(E25:R25),0) -> 0
A26: 26 | C26: 4920 | D26: Medical/Health Services (3200) | P26: 32851 | S26: =ROUND(SUM(E26:R26),0) -> 32851
A27: 27 | C27: 4930 | D27: Transportation Services (3300) | S27: =ROUND(SUM(E27:R27),0) -> 0
A28: 28 | C28: 4940 | D28: Food Services (3400) | S28: =ROUND(SUM(E28:R28),0) -> 0
A29: 29 | C29: 4950 | D29: Athletics (3510) | S29: =ROUND(SUM(E29:R29),0) -> 0
A30: 30 | C30: 4960 | D30: Other Student Body Activities (3520) | S30: =ROUND(SUM(E30:R30),0) -> 0
A31: 31 | C31: 4965 | D31: School Security (3600) | S31: =ROUND(SUM(E31:R31),0) -> 0
A32: 32 | C32: 4971 | D32: Custodial Services (4110) | S32: =ROUND(SUM(E32:R32),0) -> 0
A33: 33 | C33: 4972 | D33: Heating of Buildings (4120) | S33: =ROUND(SUM(E33:R33),0) -> 0
A34: 34 | C34: 4973 | D34: Utility Services (4130) | S34: =ROUND(SUM(E34:R34),0) -> 0
A35: 35 | C35: 4974 | D35: Maintenance of Grounds (4210) | S35: =ROUND(SUM(E35:R35),0) -> 0
A36: 36 | C36: 4975 | D36: Maintenance of Buildings (4220) | S36: =ROUND(SUM(E36:R36),0) -> 0
A37: 37 | C37: 4976 | D37: Building Security System (4225) | S37: =ROUND(SUM(E37:R37),0) -> 0
A38: 38 | C38: 4977 | D38: Maintenance of Equipment (4230) | S38: =ROUND(SUM(E38:R38),0) -> 0
... A45: 45 | C45: 4994 | D45: Insurance for Retired School Employees (5250) | S45: =ROUND(SUM(E45:R45),0) -> 0
A46: 46 | C46: 4995 | D46: Other Non-Employee Insurance (5260) | P46: 5000 | S46: =ROUND(SUM(E46:R46),0) -> 5000
A47: 47 | C47: 5012 | D47: Rental Lease of Equipment (5300) | S47: =ROUND(SUM(E47:R47),0) -> 0
A48: 48 | C48: 5014 | D48: Rental Lease of Buildings (5350) | S48: =ROUND(SUM(E48:R48),0) -> 0
A49: 49 | C49: 5022 | D49: Short Term Interest RAN's (5400) | S49: =ROUND(SUM(E49:R49),0) -> 0
A50: 50 | C50: 5024 | D50: Short Term Interest BAN'S (5450) | S50: =ROUND(SUM(E50:R50),0) -> 0
A51: 51 | C51: 5026 | D51: Other Fixed Charges (5500) | S51: =ROUND(SUM(E51:R51),0) -> 0
A52: 52 | C52: 5028 | D52: School Crossing Guards (5550) | S52: =ROUND(SUM(E52:R52),0) -> 0
A53: 53 | C53: 5030 | D53: Indirect Cost Transfers | S53: =ROUND(SUM(E53:R53),0) -> 0
A54: 54 | C54: 5042 | D54: Civic Activities And Community Services (6200) | S54: =ROUND(SUM(E54:R54),0) -> 0
A55: 55 | C55: 5044 | D55: Recreation Services (6300) | S55: =ROUND(SUM(E55:R55),0) -> 0
A56: 56 | C56: 5046 | D56: Health Services to Non-Public Schools (6800) | S56: =ROUND(SUM(E56:R56),0) -> 0
A57: 57 | C57: 5048 | D57: Transportation To Non-Public Schools (6900) | S57: =ROUND(SUM(E57:R57),0) -> 0
A58: 58 | C58: 5052 | D58: Purchase of Land & Buildings (7100, 7200) | S58: =ROUND(SUM(E58:R58),0) -> 0
... A67: 67 | C67: 5076 | D67: Tuition to Out-of-State Schools (9200) | S67: =ROUND(SUM(E67:R67),0) -> 0
A68: 68 | C68: 5077 | D68: Tuition to Non-Public Schools (9300) | P68: 367272 | S68: =ROUND(SUM(E68:R68),0) -> 367272
A69: 69 | C69: 5078 | D69: Tuition to Collaboratives (9400) | P69: 99024 | S69: =ROUND(SUM(E69:R69),0) -> 99024
A70: 70 | C70: 5080 | D70: TOTAL GRANT & SPECIAL FUND EXPENDITURES | E70: =ROUND(SUM(E16:E69),0) -> 0 | F70: =ROUND(SUM(F16:F69),0) -> 0 | G70: =ROUND(SUM(G16:G69),0) -> 0 | H70: =ROUND(SUM(H16:H69),0) -> 0 | I70: =ROUND(SUM(I16:I69),0) -> 0 | J70: =ROUND(SUM(J16:J69),0) -> 0 | K70: =ROUND(SUM(K16:K69),0) -> 0 | L70: =ROUND(SUM(L16:L69),0) -> 0 | ... N70: =ROUND(SUM(N16:N69),0) -> 0 | P70: 504147 | Q70: =ROUND(SUM(Q16:Q69),0) -> 0 | R70: =ROUND(SUM(R16:R69),0) -> 0 | S70: =ROUND(SUM(S16:S69),0) -> 504147

Sheet enrollment
A1: http://profiles.doe.mass.edu/statereport/enrollmentbygrade.aspx | H1: http://profiles.doe.mass.edu/statereport/selectedpopulations.aspx
B4: Total Headcount as of 10.1.20/21 | H4: Student with disabilities as of 10.1.20/21
A5: LEA | B5: LEA CODE | C5: DISTRICT | D5: 22-23 | E5: 21-22 | G5: LEA | H5: LEA CODE | I5: DISTRICT | J5: 22-23 | K5: 21-22
A6: 1 | B6: 001 | C6: ABINGTON | G6: 1 | H6: 001 | I6: ABINGTON | J6: 340 | K6: 351
A7: 2 | B7: 002 | C7: ACTON | G7: 2 | H7: 002 | I7: ACTON | J7: 0 | K7: 0
A8: 3 | B8: 003 | C8: ACUSHNET | G8: 3 | H8: 003 | I8: ACUSHNET | J8: 126 | K8: 142
A9: 4 | B9: 004 | C9: ADAMS | G9: 4 | H9: 004 | I9: ADAMS | J9: 0 | K9: 0
A10: 5 | B10: 005 | C10: AGAWAM | G10: 5 | H10: 005 | I10: AGAWAM | J10: 607 | K10: 599
A11: 6 | B11: 006 | C11: ALFORD | G11: 6 | H11: 006 | I11: ALFORD | J11: 0 | K11: 0
A12: 7 | B12: 007 | C12: AMESBURY | G12: 7 | H12: 007 | I12: AMESBURY | J12: 419 | K12: 468
A13: 8 | B13: 008 | C13: AMHERST | G13: 8 | H13: 008 | I13: AMHERST | J13: 228 | K13: 233
A14: 9 | B14: 009 | C14: ANDOVER | G14: 9 | H14: 009 | I14: ANDOVER | J14: 1150 | K14: 1232
A15: 10 | B15: 010 | C15: ARLINGTON | G15: 10 | H15: 010 | I15: ARLINGTON | J15: 915 | K15: 974
A16: 11 | B16: 011 | C16: ASHBURNHAM | G16: 11 | H16: 011 | I16: ASHBURNHAM | J16: 0 | K16: 0
A17: 12 | B17: 012 | C17: ASHBY | G17: 12 | H17: 012 | I17: ASHBY | J17: 0 | K17: 0
... A113: 108 | B113: 108 | C113: GOSHEN | G113: 108 | H113: 108 | I113: GOSHEN | J113: 0 | K113: 0
A114: 109 | B114: 109 | C114: GOSNOLD | G114: 109 | H114: 109 | I114: GOSNOLD | K114: 0
A115: 110 | B115: 110 | C115: GRAFTON | G115: 110 | H115: 110 | I115: GRAFTON | J115: 633 | K115: 649
A116: 111 | B116: 111 | C116: GRANBY | G116: 111 | H116: 111 | I116: GRANBY | J116: 137 | K116: 141
A117: 112 | B117: 112 | C117: GRANVILLE | G117: 112 | H117: 112 | I117: GRANVILLE | J117: 0 | K117: 0
A118: 113 | B118: 113 | C118: GREAT BARRINGTON | G118: 113 | H118: 113 | I118: GREAT BARRINGTON | J118: 0 | K118: 0
A119: 114 | B119: 114 | C119: GREENFIELD | G119: 114 | H119: 114 | I119: GREENFIELD | J119: 308 | K119: 324
A120: 115 | B120: 115 | C120: GROTON | G120: 115 | H120: 115 | I120: GROTON | J120: 0 | K120: 0
A121: 116 | B121: 116 | C121: GROVELAND | G121: 116 | H121: 116 | I121: GROVELAND | J121: 0 | K121: 0
A122: 117 | B122: 117 | C122: HADLEY | G122: 117 | H122: 117 | I122: HADLEY | J122: 69 | K122: 83
A123: 118 | B123: 118 | C123: HALIFAX | G123: 118 | H123: 118 | I123: HALIFAX | J123: 103 | K123: 102
A124: 119 | B124: 119 | C124: HAMILTON | G124: 119 | H124: 119 | I124: HAMILTON | J124: 0 | K124: 0
A125: 120 | B125: 120 | C125: HAMPDEN | G125: 120 | H125: 120 | I125: HAMPDEN | J125: 0 | K125: 0
A126: 121 | B126: 121 | C126: HANCOCK | G126: 121 | H126: 121 | I126: HANCOCK | J126: 15 | K126: 10
... A140: 135 | B140: 135 | C140: HOLLAND | G140: 135 | H140: 135 | I140: HOLLAND | J140: 27 | K140: 32
A141: 136 | B141: 136 | C141: HOLLISTON | G141: 136 | H141: 136 | I141: HOLLISTON | J141: 466 | K141: 477
A142: 137 | B142: 137 | C142: HOLYOKE | G142: 137 | H142: 137 | I142: HOLYOKE | J142: 1460 | K142: 1495
A143: 138 | B143: 138 | C143: HOPEDALE | G143: 138 | H143: 138 | I143: HOPEDALE | J143: 233 | K143: 239
A144: 139 | B144: 139 | C144: HOPKINTON | G144: 139 | H144: 139 | I144: HOPKINTON | J144: 480 | K144: 476
A145: 140 | B145: 140 | C145: HUBBARDSTON | G145: 140 | H145: 140 | I145: HUBBARDSTON | J145: 0 | K145: 0
A146: 141 | B146: 141 | C146: HUDSON | G146: 141 | H146: 141 | I146: HUDSON | J146: 432 | K146: 440
A147: 142 | B147: 142 | C147: HULL | G147: 142 | H147: 142 | I147: HULL | J147: 173 | K147: 188
A148: 143 | B148: 143 | C148: HUNTINGTON | G148: 143 | H148: 143 | I148: HUNTINGTON | J148: 0 | K148: 0
A149: 144 | B149: 144 | C149: IPSWICH | G149: 144 | H149: 144 | I149: IPSWICH | J149: 292 | K149: 310
A150: 145 | B150: 145 | C150: KINGSTON | G150: 145 | H150: 145 | I150: KINGSTON | J150: 191 | K150: 197
A151: 146 | B151: 146 | C151: LAKEVILLE | G151: 146 | H151: 146 | I151: LAKEVILLE | J151: 0 | K151: 0
A152: 147 | B152: 147 | C152: LANCASTER | G152: 147 | H152: 147 | I152: LANCASTER | J152: 0 | K152: 0
A153: 148 | B153: 148 | C153: LANESBOROUGH | G153: 148 | H153: 148 | I153: LANESBOROUGH | J153: 0 | K153: 0
A154: 149 | B154: 149 | C154: LAWRENCE | G154: 149 | H154: 149 | I154: LAWRENCE | J154: 2521 | K154: 2529
A155: 150 | B155: 150 | C155: LEE | G155: 150 | H155: 150 | I155: LEE | J155: 106 | K155: 106
A156: 151 | B156: 151 | C156: LEICESTER | G156: 151 | H156: 151 | I156: LEICESTER | J156: 253 | K156: 253
A157: 152 | B157: 152 | C157: LENOX | G157: 152 | H157: 152 | I157: LENOX | J157: 69 | K157: 78
A158: 153 | B158: 153 | C158: LEOMINSTER | G158: 153 | H158: 153 | I158: LEOMINSTER | J158: 1418 | K158: 1441
A159: 154 | B159: 154 | C159: LEVERETT | G159: 154 | H159: 154 | I159: LEVERETT | J159: 11 | K159: 15
A160: 155 | B160: 155 | C160: LEXINGTON | G160: 155 | H160: 155 | I160: LEXINGTON | J160: 979 | K160: 1051
A161: 156 | B161: 156 | C161: LEYDEN | G161: 156 | H161: 156 | I161: LEYDEN | J161: 0 | K161: 0
... A345: 340 | B345: 340 | C345: WILLIAMSBURG | G345: 340 | H345: 340 | I345: WILLIAMSBURG | J345: 23 | K345: 25
A346: 341 | B346: 341 | C346: WILLIAMSTOWN | G346: 341 | H346: 341 | I346: WILLIAMSTOWN | J346: 0 | K346: 0
A347: 342 | B347: 342 | C347: WILMINGTON | G347: 342 | H347: 342 | I347: WILMINGTON | J347: 489 | K347: 587
A348: 343 | B348: 343 | C348: WINCHENDON | G348: 343 | H348: 343 | I348: WINCHENDON | J348: 264 | K348: 270
A349: 344 | B349: 344 | C349: WINCHESTER | G349: 344 | H349: 344 | I349: WINCHESTER | J349: 744 | K349: 784
A350: 345 | B350: 345 | C350: WINDSOR | G350: 345 | H350: 345 | I350: WINDSOR | J350: 0 | K350: 0
A351: 346 | B351: 346 | C351: WINTHROP | G351: 346 | H351: 346 | I351: WINTHROP | J351: 285 | K351: 296
A352: 347 | B352: 347 | C352: WOBURN | G352: 347 | H352: 347 | I352: WOBURN | J352: 764 | K352: 791
A353: 348 | B353: 348 | C353: WORCESTER | G353: 348 | H353: 348 | I353: WORCESTER | J353: 5190 | K353: 5332
A354: 349 | B354: 349 | C354: WORTHINGTON | G354: 349 | H354: 349 | I354: WORTHINGTON | J354: 15 | K354: 17
A355: 350 | B355: 350 | C355: WRENTHAM | G355: 350 | H355: 350 | I355: WRENTHAM | J355: 163 | K355: 173
A356: 351 | B356: 351 | C356: YARMOUTH | G356: 351 | H356: 351 | I356: YARMOUTH | J356: 0 | K356: 0
A357: 352 | B357: 352 | C357: DEVENS | G357: 352 | H357: 352 | I357: DEVENS | J357: 0 | K357: 0
A358: 406 | B358: 406 | C358: NORTHAMPTON SMITH | G358: 406 | H358: 406 | I358: NORTHAMPTON SMITH | J358: 215 | K358: 202
A359: 600 | B359: 600 | C359: ACTON BOXBOROUGH | G359: 600 | H359: 600 | I359: ACTON BOXBOROUGH | J359: 794 | K359: 866
A360: 603 | B360: 603 | C360: ADAMS CHESHIRE | G360: 603 | H360: 603 | I360: ADAMS CHESHIRE | J360: 248 | K360: 268
A361: 605 | B361: 605 | C361: AMHERST PELHAM | G361: 605 | H361: 605 | I361: AMHERST PELHAM | J361: 288 | K361: 289
A362: 610 | B362: 610 | C362: ASHBURNHAM WESTMINSTER | G362: 610 | H362: 610 | I362: ASHBURNHAM WESTMINSTER | J362: 427 | K362: 448
A363: 615 | B363: 615 | C363: ATHOL ROYALSTON | G363: 615 | H363: 615 | I363: ATHOL ROYALSTON | J363: 348 | K363: 384
A364: 616 | B364: 616 | C364: AYER SHIRLEY | G364: 616 | H364: 616 | I364: AYER SHIRLEY | J364: 352 | K364: 357
A365: 618 | B365: 618 | C365: BERKSHIRE HILLS | G365: 618 | H365: 618 | I365: BERKSHIRE HILLS | J365: 215 | K365: 227
A366: 620 | B366: 620 | C366: BERLIN BOYLSTON | G366: 620 | H366: 620 | I366: BERLIN BOYLSTON | J366: 171 | K366: 177
A367: 622 | B367: 622 | C367: BLACKSTONE MILLVILLE | G367: 622 | H367: 622 | I367: BLACKSTONE MILLVILLE | J367: 284 | K367: 292
A368: 625 | B368: 625 | C368: BRIDGEWATER RAYNHAM | G368: 625 | H368: 625 | I368: BRIDGEWATER RAYNHAM | J368: 864 | K368: 886
A369: 632 | B369: 632 | C369: CHESTERFIELD GOSHEN | G369: 632 | H369: 632 | I369: CHESTERFIELD GOSHEN | J369: 24 | K369: 28
A370: 635 | B370: 635 | C370: CENTRAL BERKSHIRE | G370: 635 | H370: 635 | I370: CENTRAL BERKSHIRE | J370: 232 | K370: 225
A371: 640 | B371: 640 | C371: CONCORD CARLISLE | G371: 640 | H371: 640 | I371: CONCORD CARLISLE | J371: 241 | K371: 252
A372: 645 | B372: 645 | C372: DENNIS YARMOUTH | G372: 645 | H372: 645 | I372: DENNIS YARMOUTH | J372: 497 | K372: 572
A373: 650 | B373: 650 | C373: DIGHTON REHOBOTH | G373: 650 | H373: 650 | I373: DIGHTON REHOBOTH | J373: 402 | K373: 429
A374: 655 | B374: 655 | C374: DOVER SHERBORN | G374: 655 | H374: 655 | I374: DOVER SHERBORN | J374: 207 | K374: 213
A375: 658 | B375: 658 | C375: DUDLEY CHARLTON | G375: 658 | H375: 658 | I375: DUDLEY CHARLTON | J375: 557 | K375: 591
... A382: 674 | B382: 674 | C382: GILL MONTAGUE | G382: 674 | H382: 674 | I382: GILL MONTAGUE | J382: 209 | K382: 214
A383: 675 | B383: 675 | C383: HAMILTON WENHAM | G383: 675 | H383: 675 | I383: HAMILTON WENHAM | J383: 329 | K383: 355
A384: 680 | B384: 680 | C384: HAMPDEN WILBRAHAM | G384: 680 | H384: 680 | I384: HAMPDEN WILBRAHAM | J384: 444 | K384: 447
A385: 683 | B385: 683 | C385: HAMPSHIRE | G385: 683 | H385: 683 | I385: HAMPSHIRE | J385: 161 | K385: 179
A386: 685 | B386: 685 | C386: HAWLEMONT | G386: 685 | H386: 685 | I386: HAWLEMONT | J386: 33 | K386: 41
A387: 690 | B387: 690 | C387: KING PHILIP | G387: 690 | H387: 690 | I387: KING PHILIP | J387: 339 | K387: 321
A388: 695 | B388: 695 | C388: LINCOLN SUDBURY | G388: 695 | H388: 695 | I388: LINCOLN SUDBURY | J388: 342 | K388: 320
A389: 698 | B389: 698 | C389: MANCHESTER ESSEX | G389: 698 | H389: 698 | I389: MANCHESTER ESSEX | J389: 230 | K389: 238
A390: 700 | B390: 700 | C390: MARTHAS VINEYARD | G390: 700 | H390: 700 | I390: MARTHAS VINEYARD | J390: 159 | K390: 153
A391: 705 | B391: 705 | C391: MASCONOMET | G391: 705 | H391: 705 | I391: MASCONOMET | J391: 321 | K391: 323
A392: 710 | B392: 710 | C392: MENDON UPTON | G392: 710 | H392: 710 | I392: MENDON UPTON | J392: 349 | K392: 357
A393: 712 | B393: 712 | C393: MONOMOY | G393: 712 | H393: 712 | I393: MONOMOY | J393: 299 | K393: 316
A394: 715 | B394: 715 | C394: MOUNT GREYLOCK | G394: 715 | H394: 715 | I394: MOUNT GREYLOCK | J394: 156 | K394: 171
A395: 717 | B395: 717 | C395: MOHAWK TRAIL | G395: 717 | H395: 717 | I395: MOHAWK TRAIL | J395: 180 | K395: 194
A396: 720 | B396: 720 | C396: NARRAGANSETT | G396: 720 | H396: 720 | I396: NARRAGANSETT | J396: 252 | K396: 246
A397: 725 | B397: 725 | C397: NASHOBA | G397: 725 | H397: 725 | I397: NASHOBA | J397: 541 | K397: 561
A398: 728 | B398: 728 | C398: NEW SALEM WENDELL | G398: 728 | H398: 728 | I398: NEW SALEM WENDELL | J398: 21 | K398: 23
A399: 730 | B399: 730 | C399: NORTHBORO SOUTHBORO | G399: 730 | H399: 730 | I399: NORTHBORO SOUTHBORO | J399: 208 | K399: 201
...

Sheet excess cost
C1: Excess Cost Calculator 34 CFR §300.16
C2: Introduction Local educational agencies (districts) receiving a federal grant under the Individuals with Disabilities Education Act (IDEA) Part B sections 611 (Fund Code 240) and 619 (Fund Code 262) funds are required to follow certain requirements when accepting the federal IDEA funds; one requirement is the calculation and use of IDEA Part B section 611 and 619 funds for excess costs. Definition Excess costs are those costs for the education of elementary school or secondary school students with disabilities that are in excess of the aggregated average annual per -pupil expenditure in a district during the preceding school year. A district must spend at least a minimum average amount on the education of elementary school or secondary school children with disabilities, calculated separately, before (or concurrently with, see note below) IDEA Part B section 611 and 619 funds can be used to pay for the excess costs of providing special education and related services. Compliance Excess cost must be calculated by the beginning of each school year to determine the minimum amount an LEA must spend for the education of students with disabilities before they use IDEA Part B section 611 and 619 funds. The district must maintain accurate records and meet the excess cost requirements by: calculating average cost per student for elementary and secondary school students separately (see note below re: distinguishing elementary and secondary expenses), spending at least the minimum average amount per student with a disability before (or concurrently with, see note below) using IDEA Part B section 611 and 619 funds, and ensure that the excess costs are specific to special education needs and allowable under IDEA Part B section 611 and 619 grant requirements. If a district determines that they will not or have not met the excess cost requirements, they must notify the Massachusetts Department Elementary and Secondary Education (DESE) and will be subject to repayment of IDEA Part B section 611 and 619 federal funds. The district should maintain all supporting documentation for its calculation of excess cost for future follow up by the Audit and Compliance unit. Note: The United States Department of Education, Office of Special Education Programs (OSEP) has determined that the LEA does not need to expend the aggregated average per pupil expenditure prior to expending its IDEA Part B section 611 and 619 funds; as long as the LEA expends at least the required amount by the end of the school year, it can expend IDEA Part B section 611 and 619 funds concurrently with its general educational funds. See OSEP: Letter to Kennedy and OSEP: Letter to Plagata-Neubauer. Exceptions If no local or state funds are available for non-disabled children ages 3-5 and 18-21, then the excess cost requirement does not apply to students with disabilities in those age ranges. The district must however comply with the non-supplanting and other requirements for providing the education and services to those students with disabilities. Calculating Excess Cost DESE has created the Excess Cost Calculator (below) for district to use to calculate the minimum amount of funds to be spent in FY23 for elementary and secondary school students before (or concurrently with) using IDEA Part B section 611 and 619 funds. Federal Guidance: Excess Cost Requirements: 34 CFR 300.16; Use of Amounts: 34 CFR 300.202(a)(b); Excess Costs Calculation: 34 CFR Appendix A to Part 300; Office of Special Education Programs (OSEP): Letter to Kennedy and Letter to Plagata-Neubauer.
B16: Helpful Links
B17: Letter to Kennedy
B18: Letter to Plagata-Neubauer
B24: Helpful Links
B25: 34 CFR 300.16
B26: 34 CFR 300.202(a)(b)
B27: 34 CFR Appendix A to Part 300
C29: Distinguishing elementary and secondary students The calculator should be completed with requested expenditure and enrollment information for all students in grades K-12 (not pre-kindergarten), divided into elementary and secondary categories. Massachusetts student learning time regulations define an elementary school as a school providing instruction to grades 1 through 5, 6, 7, or 8, and, where so designated by a school committee prior to the commencement of a school year, may also include a middle school or other intermediate level school providing instruction to grades 5 through 8 or any combination thereof. A secondary school is defined as a school providing instruction to grades 6 through 12, or any combination of those grades, except where a school committee, prior to the commencement of the school year, has designated a middle or other intermediate level school providing instruction to grades 5 through 8, or any combination thereof, as an elementary school. Within these definitions (and including kindergarten as elementary), your district has some flexibility to distinguish elementary from secondary students, as long as the categories are reasonable and consistent across schools and from year to year. For example, your district may include all expenditures for students in grades K-6 in elementary and those for students in grades 7-12 in the elementary category, as longs as this is consistent for all students in those grades regardless of which school they attend. Please indicate below how your district has defined each group by grade. Allocating expenditures between elementary and secondary students • Districts should use actual expenditure information to separate elementary from secondary expenses (most districts -- it is not permissible to lump all school system expenditures and pro-rate based solely on elementary and secondary enrollment. • While all K-12 expenditures should be included in these calculations, a district's expenditures for purposes outside of K-12 should not be included (i.e., adult education or preschool). • When expenditures represent staff or services to both elementary and secondary students, work assignments should be used to allocate costs as accurately as possible. • Where separating or distinguishing an expenditure between elementary and secondary students cannot be achieved as described above, the district may determine a reasonable method of allocation, which should be memorialized and retained for audit purposes. Districts should contact DESE's Audit and Compliance office with questions about allocating expenditures (Audit.Compliance@doe.mass.edu).
B31: Helpful Links
B32: Appendix A to Part 300—Excess Costs Calculation
C34: Elementary students (Example: Grades K to 5) | E34: Grades_k__ to _5__ | G34: Secondary Students (Example: Grades 6 to 12) | L34: Grades _6__ to _12__
C36: Excess Cost Calculation
E39: Elementary | G39: Secondary | I39: EOYR Validation Check | L39: (please note, this validation is not a check of your districts Elementary / Secondary allocation methodology)
E41: Grades_k_ to _5_ | G41: Grades 6 - 12
B44: A. | C44: Total Expenditures from all sources | E44: 13973128 | G44: 10279504 | I44: =IF((E44+G44)='eoy24'!O1327-'eoy24'!O1326,"Ties to EOYR","Please review, does not tie to EOYR") -> Please review, does not tie to EOYR
B46: B. | C46: Total Capital Outlay and Debt Services | E46: 0 | G46: 0 | I46: =IF(SUM('eoy24'!O1311:O1317)='excess cost'!E46+'excess cost'!G46,"Ties to EOYR","Please review, does not tie to EOYR") -> Please review, does not tie to EOYR
B47: C. | C47: Total IDEA, Part B Expenditures | E47: 283891 | G47: 273563 | H47: * | I47: =IF(E47+G47='eoy24'!F632,"Ties to EOYR","Please review, does not tie to EOYR") -> Ties to EOYR
B48: D. | C48: Total Title I, Part A Expenditures | E48: 371286 | G48: 0 | H48: ** | I48: =IF((E48+G48)='eoy24'!E632,"Ties to EOYR","Please review, does not tie to EOYR") -> Ties to EOYR
B49: E. | C49: Total Title III, Parts A & B Expenditures | E49: 0 | G49: 0 | I49: Please review at the district level
B50: F. | C50: State/Local funds for students with disabilities | E50: 2334389 | G50: 2195170 | I50: =IF((E50+G50)=calcmisc!E569,"Ties to EOYR","Please review, does not tie to EOYR") -> Please review, does not tie to EOYR
B51: G. | C51: State/Local funds for Title I and Title III programs | E51: 0 | G51: 0 | I51: Please review at the district level
C53: Total Debt and Expenditures (Lines B-G) | E53: =SUM(E46:E51) -> 2989566 | G53: =SUM(G46:G51) -> 2468733
C55: Total Expenditures from all sources minus Total Debt and Expenditures | E55: =IFERROR(E44-E53,"") -> 10983562 | G55: =IFERROR(G44-G53,"") -> 7810771
B57: H. | C57: Total Enrollment Elementary or Secondary Students (October 2023 SIMS) | E57: 715 | G57: 812 | I57: Please refer to profiles on the DESE website to tie back your K-12 enrollment data
C59: Average Annual Expenditure per Student | E59: =IFERROR(E55/E57,"") -> 15361.625 | G59: =IFERROR(G55/G57,"") -> 9619.1761
B61: I. | C61: Estimated Students with an IEP in 2024-2025 school year | E61: 142 | G61: 99
B63: J. | C63: Minimum annual aggregate expenditure to be spent on the education of students with disabilities in FY25 before using IDEA Part B funds | E63: =IFERROR(E59*E61,"") -> 2181350.8 | G63: =IFERROR(G59*G61,"") -> 952298.43
E66: =COUNTBLANK(E46:E51)+COUNTBLANK(E44)+COUNTBLANK(E57)+COUNTBLANK(E61) -> 0 | G66: =COUNTBLANK(G46:G51)+COUNTBLANK(G44)+COUNTBLANK(G57)+COUNTBLANK(G61) -> 0
G67: =E66+G66 -> 0
K2870: If "Please Review" is shown in this column Please review data row
K2912: If "Please Review" is shown in this column Please review data row
K2951: If "Please Review" is shown in this column Please review data row
K2993: If "Please Review" is shown in this column Please review data row
K3021: If "Please Review" is shown in this column Please review data row

Sheet calcmisc
A1: This sheet shows various calculations and data used in net school spending and edits
A4: I. | B4: Day program share of instructional expenditures (used in nss)
I5: EDIT 13 formula
B6: line | C6: col | D6: description | E6: actual | F6: budgeted | J6: =IF(SUM(J7:J156)>0,1,0) -> 1
B7: 3599 | C7: e | D7: reg day instructional total | E7: ='eoy24'!E831 -> 9135106.8 | F7: ='eoy24'!E1100 -> 10922851 | I7: =IF(OR(schools!C2="000",schools!C2=""),"1",(SUMIF(data!$A$8:$AB$13001,schools!C2,data!$AB$8:$AB$13001))) -> 1 | J7: =IF(I7>0,0,1) -> 0
B8: 3599 | C8: f | D8: sped instructional total | E8: ='eoy24'!F831 -> 4530159.1 | F8: ='eoy24'!F1100 -> 4506361 | I8: =IF(OR(schools!C3="000",schools!C3=""),"1",(SUMIF(data!$A$8:$AB$13001,schools!C3,data!$AB$8:$AB$13001))) -> 0 | J8: =IF(I8>0,0,1) -> 1
B9: 3599 | C9: g | D9: vocational/technical instructional total | E9: ='eoy24'!G831 -> 0 | F9: ='eoy24'!G1100 -> 0 | I9: =IF(OR(schools!C4="000",schools!C4=""),"1",(SUMIF(data!$A$8:$AB$13001,schools!C4,data!$AB$8:$AB$13001))) -> 0 | J9: =IF(I9>0,0,1) -> 1
D10: subtotal, designated day programs | E10: =SUM(E7:E9) -> 13665266 | F10: =SUM(F7:F9) -> 15429212 | I10: =IF(OR(schools!C5="000",schools!C5=""),"1",(SUMIF(data!$A$8:$AB$13001,schools!C5,data!$AB$8:$AB$13001))) -> 0 | J10: =IF(I10>0,0,1) -> 1
I11: =IF(OR(schools!C6="000",schools!C6=""),"1",(SUMIF(data!$A$8:$AB$13001,schools!C6,data!$AB$8:$AB$13001))) -> 0 | J11: =IF(I11>0,0,1) -> 1
B12: 3599 | C12: I | D12: other programs instructional total | E12: ='eoy24'!H831 -> 0 | F12: ='eoy24'!H$1100 -> 0 | I12: =IF(OR(schools!C7="000",schools!C7=""),"1",(SUMIF(data!$A$8:$AB$13001,schools!C7,data!$AB$8:$AB$13001))) -> 0 | J12: =IF(I12>0,0,1) -> 1
I13: =IF(OR(schools!C8="000",schools!C8=""),"1",(SUMIF(data!$A$8:$AB$13001,schools!C8,data!$AB$8:$AB$13001))) -> 1 | J13: =IF(I13>0,0,1) -> 0
D14: total, designated programs | E14: =E10+E12 -> 13665266 | F14: =F10+F12 -> 15429212 | I14: =IF(OR(schools!C9="000",schools!C9=""),"1",(SUMIF(data!$A$8:$AB$13001,schools!C9,data!$AB$8:$AB$13001))) -> 1 | J14: =IF(I14>0,0,1) -> 0
E15: daypct | F15: daypctbud | I15: =IF(OR(schools!C10="000",schools!C10=""),"1",(SUMIF(data!$A$8:$AB$13001,schools!C10,data!$AB$8:$AB$13001))) -> 1 | J15: =IF(I15>0,0,1) -> 0
D16: total, day % of all designated programs | E16: =IF(E14>0,E10/E14,1) -> 1 | F16: =IF(F14>0,F10/F14,1) -> 1 | I16: =IF(OR(schools!C11="000",schools!C11=""),"1",(SUMIF(data!$A$8:$AB$13001,schools!C11,data!$AB$8:$AB$13001))) -> 1 | J16: =IF(I16>0,0,1) -> 0
I17: =IF(OR(schools!C12="000",schools!C12=""),"1",(SUMIF(data!$A$8:$AB$13001,schools!C12,data!$AB$8:$AB$13001))) -> 1 | J17: =IF(I17>0,0,1) -> 0
A18: II. | B18: Undistributed administrative school committee expenditures (used in nss) | I18: =IF(OR(schools!C13="000",schools!C13=""),"1",(SUMIF(data!$A$8:$AB$13001,schools!C13,data!$AB$8:$AB$13001))) -> 1 | J18: =IF(I18>0,0,1) -> 0
I19: =IF(OR(schools!C14="000",schools!C14=""),"1",(SUMIF(data!$A$8:$AB$13001,schools!C14,data!$AB$8:$AB$13001))) -> 1 | J19: =IF(I19>0,0,1) -> 0
B20: 1110 | C20: j | D20: School Committee | E20: ='eoy24'!I66 -> 2336 | I20: =IF(OR(schools!C15="000",schools!C15=""),"1",(SUMIF(data!$A$8:$AB$13001,schools!C15,data!$AB$8:$AB$13001))) -> 1 | J20: =IF(I20>0,0,1) -> 0
B21: 1210 | C21: j | D21: Superintendent | E21: ='eoy24'!I74 -> 380243 | I21: =IF(OR(schools!C16="000",schools!C16=""),"1",(SUMIF(data!$A$8:$AB$13001,schools!C16,data!$AB$8:$AB$13001))) -> 1 | J21: =IF(I21>0,0,1) -> 0
B22: 1220 | C22: j | D22: Assistant Superintendent | E22: ='eoy24'!I82 -> 0 | I22: =IF(OR(schools!C17="000",schools!C17=""),"1",(SUMIF(data!$A$8:$AB$13001,schools!C17,data!$AB$8:$AB$13001))) -> 1 | J22: =IF(I22>0,0,1) -> 0
B23: 1230 | C23: j | D23: Other District-Wide Admin | E23: ='eoy24'!I90 -> 46046 | I23: =IF(OR(schools!C18="000",schools!C18=""),"1",(SUMIF(data!$A$8:$AB$13001,schools!C18,data!$AB$8:$AB$13001))) -> 1 | J23: =IF(I23>0,0,1) -> 0
B24: 1410 | C24: j | D24: Business and Finance | E24: ='eoy24'!I98 -> 263354 | I24: =IF(OR(schools!C19="000",schools!C19=""),"1",(SUMIF(data!$A$8:$AB$13001,schools!C19,data!$AB$8:$AB$13001))) -> 1 | J24: =IF(I24>0,0,1) -> 0
B25: 1420 | C25: j | D25: Human Resources and Benefits | E25: ='eoy24'!I106 -> 28977 | I25: =IF(OR(schools!C20="000",schools!C20=""),"1",(SUMIF(data!$A$8:$AB$13001,schools!C20,data!$AB$8:$AB$13001))) -> 1 | J25: =IF(I25>0,0,1) -> 0
B26: 1430 | C26: j | D26: Legal Service for School Committee | E26: ='eoy24'!I114 -> 35992 | I26: =IF(OR(schools!C21="000",schools!C21=""),"1",(SUMIF(data!$A$8:$AB$13001,schools!C21,data!$AB$8:$AB$13001))) -> 1 | J26: =IF(I26>0,0,1) -> 0
B27: 1450 | C27: j | D27: Districtwide Info Mgmt & Tech | E27: ='eoy24'!I124 -> 174917 | I27: =IF(OR(schools!C22="000",schools!C22=""),"1",(SUMIF(data!$A$8:$AB$13001,schools!C22,data!$AB$8:$AB$13001))) -> 1 | J27: =IF(I27>0,0,1) -> 0
I28: =IF(OR(schools!C23="000",schools!C23=""),"1",(SUMIF(data!$A$8:$AB$13001,schools!C23,data!$AB$8:$AB$13001))) -> 1 | J28: =IF(I28>0,0,1) -> 0
D29: Total, sc admin | E29: =SUM(E20:E27) -> 931865 | F29: scadmin | I29: =IF(OR(schools!C24="000",schools!C24=""),"1",(SUMIF(data!$A$8:$AB$13001,schools!C24,data!$AB$8:$AB$13001))) -> 1 | J29: =IF(I29>0,0,1) -> 0
I30: =IF(OR(schools!C25="000",schools!C25=""),"1",(SUMIF(data!$A$8:$AB$13001,schools!C25,data!$AB$8:$AB$13001))) -> 1 | J30: =IF(I30>0,0,1) -> 0
I31: =IF(OR(schools!C26="000",schools!C26=""),"1",(SUMIF(data!$A$8:$AB$13001,schools!C26,data!$AB$8:$AB$13001))) -> 1 | J31: =IF(I31>0,0,1) -> 0
I32: =IF(OR(schools!C27="000",schools!C27=""),"1",(SUMIF(data!$A$8:$AB$13001,schools!C27,data!$AB$8:$AB$13001))) -> 1 | J32: =IF(I32>0,0,1) -> 0
A33: III. | B33: Current year facilities aid used in budgeted nss | I33: =IF(OR(schools!C28="000",schools!C28=""),"1",(SUMIF(data!$A$8:$AB$13001,schools!C28,data!$AB$8:$AB$13001))) -> 1 | J33: =IF(I33>0,0,1) -> 0
I34: =IF(OR(schools!C29="000",schools!C29=""),"1",(SUMIF(data!$A$8:$AB$13001,schools!C29,data!$AB$8:$AB$13001))) -> 1 | J34: =IF(I34>0,0,1) -> 0
D35: projected facilities aid | E35: 39204 | F35: projfacaid | I35: =IF(OR(schools!C30="000",schools!C30=""),"1",(SUMIF(data!$A$8:$AB$13001,schools!C30,data!$AB$8:$AB$13001))) -> 1 | J35: =IF(I35>0,0,1) -> 0
I36: =IF(OR(schools!C31="000",schools!C31=""),"1",(SUMIF(data!$A$8:$AB$13001,schools!C31,data!$AB$8:$AB$13001))) -> 1 | J36: =IF(I36>0,0,1) -> 0
A37: code436 | I37: =IF(OR(schools!C32="000",schools!C32=""),"1",(SUMIF(data!$A$8:$AB$13001,schools!C32,data!$AB$8:$AB$13001))) -> 1 | J37: =IF(I37>0,0,1) -> 0
A38: 1 | B38: ABINGTON | C38: 001 | D38: 1 | E38: yes | I38: =IF(OR(schools!C33="000",schools!C33=""),"1",(SUMIF(data!$A$8:$AB$13001,schools!C33,data!$AB$8:$AB$13001))) -> 1 | J38: =IF(I38>0,0,1) -> 0
A39: 2 | B39: ACTON | C39: 002 | D39: 1 | E39: yes | I39: =IF(OR(schools!C34="000",schools!C34=""),"1",(SUMIF(data!$A$8:$AB$13001,schools!C34,data!$AB$8:$AB$13001))) -> 1 | J39: =IF(I39>0,0,1) -> 0
A40: 3 | B40: ACUSHNET | C40: 003 | D40: 1 | E40: yes | I40: =IF(OR(schools!C35="000",schools!C35=""),"1",(SUMIF(data!$A$8:$AB$13001,schools!C35,data!$AB$8:$AB$13001))) -> 1 | J40: =IF(I40>0,0,1) -> 0
A41: 4 | B41: ADAMS | C41: 004 | D41: 0 | E41: yes | I41: =IF(OR(schools!C36="000",schools!C36=""),"1",(SUMIF(data!$A$8:$AB$13001,schools!C36,data!$AB$8:$AB$13001))) -> 1 | J41: =IF(I41>0,0,1) -> 0
A42: 5 | B42: AGAWAM | C42: 005 | D42: 1 | E42: no | I42: =IF(OR(schools!C37="000",schools!C37=""),"1",(SUMIF(data!$A$8:$AB$13001,schools!C37,data!$AB$8:$AB$13001))) -> 1 | J42: =IF(I42>0,0,1) -> 0
A43: 6 | B43: ALFORD | C43: 006 | D43: 0 | E43: yes | I43: =IF(OR(schools!C38="000",schools!C38=""),"1",(SUMIF(data!$A$8:$AB$13001,schools!C38,data!$AB$8:$AB$13001))) -> 1 | J43: =IF(I43>0,0,1) -> 0
A44: 7 | B44: AMESBURY | C44: 007 | D44: 1 | E44: yes | I44: =IF(OR(schools!C39="000",schools!C39=""),"1",(SUMIF(data!$A$8:$AB$13001,schools!C39,data!$AB$8:$AB$13001))) -> 1 | J44: =IF(I44>0,0,1) -> 0
A45: 8 | B45: AMHERST | C45: 008 | D45: 1 | E45: yes | I45: =IF(OR(schools!C40="000",schools!C40=""),"1",(SUMIF(data!$A$8:$AB$13001,schools!C40,data!$AB$8:$AB$13001))) -> 1 | J45: =IF(I45>0,0,1) -> 0
A46: 9 | B46: ANDOVER | C46: 009 | D46: 1 | E46: yes | I46: =IF(OR(schools!C41="000",schools!C41=""),"1",(SUMIF(data!$A$8:$AB$13001,schools!C41,data!$AB$8:$AB$13001))) -> 1 | J46: =IF(I46>0,0,1) -> 0
A47: 10 | B47: ARLINGTON | C47: 010 | D47: 1 | E47: yes | I47: =IF(OR(schools!C42="000",schools!C42=""),"1",(SUMIF(data!$A$8:$AB$13001,schools!C42,data!$AB$8:$AB$13001))) -> 1 | J47: =IF(I47>0,0,1) -> 0
A48: 11 | B48: ASHBURNHAM | C48: 011 | D48: 0 | E48: yes | I48: =IF(OR(schools!C43="000",schools!C43=""),"1",(SUMIF(data!$A$8:$AB$13001,schools!C43,data!$AB$8:$AB$13001))) -> 1 | J48: =IF(I48>0,0,1) -> 0
A49: 12 | B49: ASHBY | C49: 012 | D49: 0 | E49: yes | I49: =IF(OR(schools!C44="000",schools!C44=""),"1",(SUMIF(data!$A$8:$AB$13001,schools!C44,data!$AB$8:$AB$13001))) -> 1 | J49: =IF(I49>0,0,1) -> 0
... A156: 119 | B156: HAMILTON | C156: 119 | D156: 0 | E156: yes | I156: =IF(OR(schools!C151="000",schools!C151=""),"1",(SUMIF(data!$A$8:$AB$13001,schools!C151,data!$AB$8:$AB$13001))) -> 1 | J156: =IF(I156>0,0,1) -> 0
A157: 120 | B157: HAMPDEN | C157: 120 | D157: 0 | E157: yes
A158: 121 | B158: HANCOCK | C158: 121 | D158: 1 | E158: no
A159: 122 | B159: HANOVER | C159: 122 | D159: 1 | E159: yes
A160: 123 | B160: HANSON | C160: 123 | D160: 0 | E160: yes
A161: 124 | B161: HARDWICK | C161: 124 | D161: 0 | E161: yes
A162: 125 | B162: HARVARD | C162: 125 | D162: 1 | E162: yes
A163: 126 | B163: HARWICH | C163: 126 | D163: 0 | E163: yes
A164: 127 | B164: HATFIELD | C164: 127 | D164: 1 | E164: no
A165: 128 | B165: HAVERHILL | C165: 128 | D165: 1 | E165: yes
A166: 129 | B166: HAWLEY | C166: 129 | D166: 0 | E166: yes
A167: 130 | B167: HEATH | C167: 130 | D167: 0 | E167: yes
A168: 131 | B168: HINGHAM | C168: 131 | D168: 1 | E168: no
... A388: 351 | B388: YARMOUTH | C388: 351 | D388: 0 | E388: yes
A389: 352 | B389: DEVENS | C389: 352 | D389: 0 | E389: no
A390: 406 | B390: NORTHAMPTON SMITH | C390: 406 | D390: 1
A391: 600 | B391: ACTON BOXBOROUGH | C391: 600 | D391: 1
A392: 603 | B392: ADAMS CHESHIRE | C392: 603 | D392: 1
A393: 605 | B393: AMHERST PELHAM | C393: 605 | D393: 1
A394: 610 | B394: ASHBURNHAM WESTMINSTER | C394: 610 | D394: 1
A395: 615 | B395: ATHOL ROYALSTON | C395: 615 | D395: 1
A396: 616 | B396: AYER SHIRLEY | C396: 616 | D396: 1
A397: 618 | B397: BERKSHIRE HILLS | C397: 618 | D397: 1
A398: 620 | B398: BERLIN BOYLSTON | C398: 620 | D398: 1
A399: 622 | B399: BLACKSTONE MILLVILLE | C399: 622 | D399: 1
A400: 625 | B400: BRIDGEWATER RAYNHAM | C400: 625 | D400: 1
A401: 632 | B401: CHESTERFIELD GOSHEN | C401: 632 | D401: 1
A402: 635 | B402: CENTRAL BERKSHIRE | C402: 635 | D402: 1
A403: 640 | B403: CONCORD CARLISLE | C403: 640 | D403: 1
A404: 645 | B404: DENNIS YARMOUTH | C404: 645 | D404: 1
A405: 650 | B405: DIGHTON REHOBOTH | C405: 650 | D405: 1
A406: 655 | B406: DOVER SHERBORN | C406: 655 | D406: 1
A407: 658 | B407: DUDLEY CHARLTON | C407: 658 | D407: 1
A408: 660 | B408: NAUSET | C408: 660 | D408: 1
... A420: 695 | B420: LINCOLN SUDBURY | C420: 695 | D420: 1
A421: 698 | B421: MANCHESTER ESSEX | C421: 698 | D421: 1
A422: 700 | B422: MARTHAS VINEYARD | C422: 700 | D422: 1
A423: 705 | B423: MASCONOMET | C423: 705 | D423: 1
A424: 710 | B424: MENDON UPTON | C424: 710 | D424: 1
A425: 712 | B425: MONOMOY | C425: 712 | D425: 1
A426: 715 | B426: MOUNT GREYLOCK | C426: 715 | D426: 1
A427: 717 | B427: MOHAWK TRAIL | C427: 717 | D427: 1
A428: 720 | B428: NARRAGANSETT | C428: 720 | D428: 1
A429: 725 | B429: NASHOBA | C429: 725 | D429: 1
A430: 728 | B430: NEW SALEM WENDELL | C430: 728 | D430: 1
A431: 730 | B431: NORTHBORO SOUTHBORO | C431: 730 | D431: 1
A432: 735 | B432: NORTH MIDDLESEX | C432: 735 | D432: 1
A433: 740 | B433: OLD ROCHESTER | C433: 740 | D433: 1
A434: 745 | B434: PENTUCKET | C434: 745 | D434: 1
A435: 750 | B435: PIONEER | C435: 750 | D435: 1
A436: 753 | B436: QUABBIN | C436: 753 | D436: 1
A437: 755 | B437: RALPH C MAHAR | C437: 755 | D437: 1
A438: 760 | B438: SILVER LAKE | C438: 760 | D438: 1
...

Sheet schools
B1: 162 | C1: Lunenburg | D1: =COUNTA(C2:C249) -> 6 | F1: 2 | I1: =IF(SUM(I2:I151)>0,1,0) -> 0
A2: 1 | B2: =C2& " " &D2 -> 000 Districtwide | C2: 000 | D2: Districtwide | E2: K | F2: 12 | H2: 1 | I2: =IF(H2>0,0,1) -> 0
A3: 2 | B3: =C3& " " &D3 -> 010 Lunenburg Primary School | C3: 010 | D3: Lunenburg Primary School | E3: PK | F3: 02 | H3: 1 | I3: =IF(H3>0,0,1) -> 0
A4: 3 | B4: =C4& " " &D4 -> 025 Turkey Hill Elementary School | C4: 025 | D4: Turkey Hill Elementary School | E4: 03 | F4: 05 | H4: 1 | I4: =IF(H4>0,0,1) -> 0
A5: 4 | B5: =C5& " " &D5 -> 305 Lunenburg Middle School | C5: 305 | D5: Lunenburg Middle School | E5: 06 | F5: 08 | H5: 1 | I5: =IF(H5>0,0,1) -> 0
A6: 5 | B6: =C6& " " &D6 -> 505 Lunenburg High | C6: 505 | D6: Lunenburg High | E6: 09 | F6: 12 | H6: 1 | I6: =IF(H6>0,0,1) -> 0
A7: 6 | B7: =C7& " " &D7 -> 605 Advanced Community Experience Program | C7: 605 | D7: Advanced Community Experience Program | E7: SP | F7: SP | H7: 1 | I7: =IF(H7>0,0,1) -> 0
A8: 7 | B8: =C8& " " &D8 | H8: 1 | I8: =IF(H8>0,0,1) -> 0
A9: 8 | B9: =C9& " " &D9 | H9: 1 | I9: =IF(H9>0,0,1) -> 0
A10: 9 | B10: =C10& " " &D10 | H10: 1 | I10: =IF(H10>0,0,1) -> 0
A11: 10 | B11: =C11& " " &D11 | H11: 1 | I11: =IF(H11>0,0,1) -> 0
A12: 11 | B12: =C12& " " &D12 | H12: 1 | I12: =IF(H12>0,0,1) -> 0
A13: 12 | B13: =C13& " " &D13 | H13: 1 | I13: =IF(H13>0,0,1) -> 0
A14: 13 | B14: =C14& " " &D14 | H14: 1 | I14: =IF(H14>0,0,1) -> 0
A15: 14 | B15: =C15& " " &D15 | H15: 1 | I15: =IF(H15>0,0,1) -> 0
A16: 15 | B16: =C16& " " &D16 | H16: 1 | I16: =IF(H16>0,0,1) -> 0
A17: 16 | B17: =C17& " " &D17 | H17: 1 | I17: =IF(H17>0,0,1) -> 0
A18: 17 | B18: =C18& " " &D18 | H18: 1 | I18: =IF(H18>0,0,1) -> 0
A19: 18 | B19: =C19& " " &D19 | H19: 1 | I19: =IF(H19>0,0,1) -> 0
... A151: 150 | B151: =C151& " " &D151 | H151: 1 | I151: =IF(H151>0,0,1) -> 0
